Workbook

Sheet Summary Table
A2: Summary Tables by Project Component: 3% and 7% Discount Rates
A5: ('000s of $, 3% Discount Rate for Costs and Benefits) | B5: Fort Totten / 1st Place-Galloway Road Access Improvement Project | C5: Forest Glen Metro Access Project | D5: Pedestrian Safety Measures for the New Carrollton Metro Station | E5: Safer Walkways to Transit: Twinbrook Metro Station | F5: West Hyattsville Improvements | G5: Army Navy Drive Multimodal Access Improvement Project | H5: Bicycle Lockers at Virginia Railway Express (VRE) Stations
A6: Costs | B6: =FT!D217 -> 7295.0522 | C6: ='Forest Glen'!D330 -> 22615.218 | D6: =NC!D221 -> 1194.214 | E6: =TB!D218 -> 1209.2011 | F6: =WH!D214 -> 1169.0063 | G6: ='A-N Drive'!D281 -> 18294.7 | H6: =VRE!D159 -> 736.24994
A7: Capital | B7: =FT!D218 -> 3864.7028 | C7: ='Forest Glen'!D331 -> 16002.447 | D7: =NC!D222 -> 819.36085 | E7: =TB!D219 -> 472.79666 | F7: =WH!D215 -> 670.53916 | G7: ='A-N Drive'!D282 -> 6478.7163 | H7: =VRE!D160 -> 267.10111
A8: Operating | B8: =FT!D219 -> 0 | C8: ='Forest Glen'!D332 -> 1221.3842 | D8: =NC!D223 -> 0 | E8: =TB!D220 -> 0 | F8: =WH!D216 -> 0 | G8: ='A-N Drive'!D283 -> 0 | H8: =VRE!D161 -> 67.599326
A9: Construction Impacts | B9: =FT!D220 -> 82.140825 | C9: ='Forest Glen'!D333 -> 538.94921 | D9: =NC!D224 -> 142.87962 | E9: =TB!D221 -> 33.479022 | F9: =WH!D217 -> 0 | G9: ='A-N Drive'!D284 -> 525.60937 | H9: =VRE!D162 -> 0
A10: Accident | B10: =FT!D221 -> 3348.2086 | C10: ='Forest Glen'!D334 -> 4852.4383 | D10: =NC!D225 -> 231.97355 | E10: =TB!D222 -> 702.9254 | F10: =WH!D218 -> 498.4671 | G10: ='A-N Drive'!D285 -> 11290.375 | H10: =VRE!D163 -> 401.5495
A12: Benefits | B12: =FT!D223 -> 15388.858 | C12: ='Forest Glen'!D336 -> 23006.361 | D12: =NC!D227 -> 3226.2821 | E12: =TB!D224 -> 4126.0219 | F12: =WH!D220 -> 4714.0482 | G12: ='A-N Drive'!D287 -> 40261.888 | H12: =VRE!D165 -> 2225.4546
A13: Net Travel Time Savings | B13: =FT!D224 -> 161.89298 | C13: ='Forest Glen'!D337 -> 1959.4339 | D13: =NC!D228 -> 153.93621 | E13: =TB!D225 -> 427.07501 | F13: =WH!D221 -> 1277.4313 | G13: ='A-N Drive'!D288 -> -4318.1609 | H13: =VRE!D166 -> -155.16014
A14: Net Travel Cost Savings | B14: =FT!D225 -> 4581.1183 | C14: ='Forest Glen'!D338 -> 4270.6994 | D14: =NC!D229 -> 650.38925 | E14: =TB!D226 -> 1843.99 | F14: =WH!D222 -> 1077.8518 | G14: ='A-N Drive'!D289 -> 10720.088 | H14: =VRE!D167 -> 897.15468
A15: Increased Access | B15: =FT!D226 -> 120.61861 | C15: ='Forest Glen'!D339 -> 3350.8547 | D15: =NC!D230 -> 13.584587 | E15: =TB!D227 -> 74.282643 | F15: =WH!D223 -> 181.62853 | G15: ='A-N Drive'!D290 -> 6346.7689 | H15: =VRE!D168 -> 40.658042
A16: Congestion Reduction | B16: =FT!D227 -> 889.52886 | C16: ='Forest Glen'!D340 -> 3984.2588 | D16: =NC!D231 -> 1094.1331 | E16: =TB!D228 -> 387.85151 | F16: =WH!D224 -> 62.904988 | G16: ='A-N Drive'!D291 -> 2258.9408 | H16: =VRE!D169 -> 138.92631
A17: Environmental | B17: =FT!D228 -> 1106.6644 | C17: ='Forest Glen'!D341 -> 789.98018 | D17: =NC!D232 -> 157.77897 | E17: =TB!D229 -> 440.8717 | F17: =WH!D225 -> 261.17342 | G17: ='A-N Drive'!D292 -> 1928.6378 | H17: =VRE!D170 -> 538.64043
A18: Health Benefits | B18: =FT!D229 -> 0.3559486 | C18: ='Forest Glen'!D342 -> 11.354036 | D18: =NC!D233 -> 0.036350495 | E18: =TB!D230 -> 0.30218142 | F18: =WH!D226 -> 1.1028345 | G18: ='A-N Drive'!D293 -> 26.680614 | H18: =VRE!D171 -> 1.1788669
... A23: Benefit-Cost Ratio | B23: =FT!D234 -> 2.1094924 | C23: ='Forest Glen'!D347 -> 1.4490412 | D23: =NC!D238 -> 2.7015946 | E23: =TB!D235 -> 3.4121884 | F23: =WH!D231 -> 4.032526 | G23: ='A-N Drive'!D298 -> 2.2007405 | H23: =VRE!D176 -> 3.022689
A26: ('000s of $, 7% Discount Rate for Costs and Benefits) | B26: Fort Totten / 1st Place-Galloway Road Access Improvement Project | C26: Forest Glen Metro Access Project | D26: Pedestrian Safety Measures for the New Carrollton Metro Station | E26: Safer Walkways to Transit: Twinbrook Metro Station | F26: West Hyattsville Improvements | G26: Army Navy Drive Multimodal Access Improvement Project | H26: Bicycle Lockers at Virginia Railway Express (VRE) Stations
A27: Costs | B27: =FT!D238 -> 5542.9997 | C27: ='Forest Glen'!D351 -> 18309.409 | D27: =NC!D242 -> 1014.1041 | E27: =TB!D239 -> 913.95976 | F27: =WH!D235 -> 941.77282 | G27: ='A-N Drive'!D302 -> 13851.23 | H27: =VRE!D180 -> 527.11863
A28: Capital | B28: =FT!D239 -> 3503.8922 | C28: ='Forest Glen'!D352 -> 14176.776 | D28: =NC!D243 -> 732.59427 | E28: =TB!D240 -> 438.10811 | F28: =WH!D236 -> 622.65263 | G28: ='A-N Drive'!D303 -> 6043.432 | H28: =VRE!D181 -> 247.25124
A29: Operating | B29: =FT!D240 -> 0 | C29: ='Forest Glen'!D353 -> 746.78814 | D29: =NC!D244 -> 0 | E29: =TB!D241 -> 0 | F29: =WH!D237 -> 0 | G29: ='A-N Drive'!D304 -> 0 | H29: =VRE!D182 -> 43.475921
A30: Construction Impacts | B30: =FT!D241 -> 76.114247 | C30: ='Forest Glen'!D354 -> 470.08266 | D30: =NC!D245 -> 132.3967 | E30: =TB!D242 -> 31.022705 | F30: =WH!D238 -> 0 | G30: ='A-N Drive'!D305 -> 496.62901 | H30: =VRE!D183 -> 0
A31: Accident | B31: =FT!D242 -> 1962.9933 | C31: ='Forest Glen'!D355 -> 2915.7614 | D31: =NC!D246 -> 149.11316 | E31: =TB!D243 -> 444.82894 | F31: =WH!D239 -> 319.12019 | G31: ='A-N Drive'!D306 -> 7311.1689 | H31: =VRE!D184 -> 236.39147
A33: Benefits | B33: =FT!D244 -> 9895.7584 | C33: ='Forest Glen'!D357 -> 13896.053 | D33: =NC!D248 -> 2074.4979 | E33: =TB!D245 -> 2612.6979 | F33: =WH!D241 -> 3019.3757 | G33: ='A-N Drive'!D308 -> 25914.018 | H33: =VRE!D186 -> 1316.3935
A34: Net Travel Time Savings | B34: =FT!D245 -> 94.091346 | C34: ='Forest Glen'!D358 -> 1181.0279 | D34: =NC!D249 -> 97.377979 | E34: =TB!D246 -> 265.79193 | F34: =WH!D242 -> 815.08666 | G34: ='A-N Drive'!D309 -> -2768.6575 | H34: =VRE!D187 -> -92.810745
A35: Net Travel Cost Savings | B35: =FT!D246 -> 2951.1312 | C35: ='Forest Glen'!D359 -> 2568.5747 | D35: =NC!D250 -> 418.07179 | E35: =TB!D247 -> 1166.9234 | F35: =WH!D243 -> 690.04405 | G35: ='A-N Drive'!D310 -> 6912.6537 | H35: =VRE!D188 -> 528.15335
A36: Increased Access | B36: =FT!D247 -> 66.053282 | C36: ='Forest Glen'!D360 -> 2009.1681 | D36: =NC!D251 -> 8.2080087 | E36: =TB!D248 -> 45.517292 | F36: =WH!D244 -> 115.59695 | G36: ='A-N Drive'!D311 -> 4109.639 | H36: =VRE!D189 -> 24.362292
A37: Congestion Reduction | B37: =FT!D248 -> 569.60878 | C37: ='Forest Glen'!D361 -> 2434.1721 | D37: =NC!D252 -> 703.31141 | E37: =TB!D249 -> 245.44223 | F37: =WH!D245 -> 40.271969 | G37: ='A-N Drive'!D312 -> 1469.2883 | H37: =VRE!D190 -> 81.785666
A38: Environmental | B38: =FT!D249 -> 734.71518 | C38: ='Forest Glen'!D362 -> 483.25548 | D38: =NC!D253 -> 104.15346 | E38: =TB!D250 -> 286.60436 | F38: =WH!D246 -> 172.04245 | G38: ='A-N Drive'!D313 -> 1279.6247 | H38: =VRE!D191 -> 324.41033
A39: Health Benefits | B39: =FT!D250 -> 0.19035924 | C39: ='Forest Glen'!D363 -> 6.8188821 | D39: =NC!D254 -> 0.023366186 | E39: =TB!D251 -> 0.19122803 | F39: =WH!D247 -> 0.7060381 | G39: ='A-N Drive'!D314 -> 17.323391 | H39: =VRE!D192 -> 0.69399682
... A44: Benefit-Cost Ratio | B44: =FT!D255 -> 1.7852713 | C44: ='Forest Glen'!D368 -> 1.029498 | D44: =NC!D259 -> 2.0456458 | E44: =TB!D256 -> 2.8586575 | F44: =WH!D252 -> 3.2060553 | G44: ='A-N Drive'!D319 -> 1.8708821 | H44: =VRE!D197 -> 2.4973382
A48: Overall Project Summary Tables: 3% and 7% Discount Rates
A50: Current ($2011) Dollars
A51: Rate of Return | B51: =IRR(B99:Y99) -> 0.15532061
A52: Benefit/Cost Ratio | B52: =-SUM(B98:Y98)/SUM(B97:Y97) -> 2.2929134
A53: 3% Discount Rate
A54: Rate of Return | B54: =IRR(B102:Y102) -> 0.12167049
A55: Benefit/Cost Ratio | B55: =(SUM(FT!F231:AC231)+ SUM('Forest Glen'!F344:AC344)+ SUM(NC!F235:AC235)+ SUM(TB!F232:AC232)+ SUM(WH!F228:AC228)+ SUM('A-N Drive'!F295:AC295)+ SUM(VRE!F173:AC173))/- (SUM(FT!F222:AC222)+ SUM('Forest Glen'!F335:AC335)+ SUM(NC!F226:AC226)+ SUM(TB!F223:AC223)+ SUM(WH!F219:AC219)+ SUM('A-N Drive'!F286:AC286)+ SUM(VRE!F164:AC164)) -> 1.902495
A56: 7% Discount Rate
A57: Rate of Return | B57: =IRR(B105:Y105) -> 0.079738883
A58: Benefit/Cost Ratio | B58: =(SUM(FT!F252:AC252)+ SUM('Forest Glen'!F365:AC365)+ SUM(NC!F256:AC256)+ SUM(TB!F253:AC253)+ SUM(WH!F249:AC249)+ SUM('A-N Drive'!F316:AC316)+ SUM(VRE!F194:AC194))/- (SUM(FT!F243:AC243)+ SUM('Forest Glen'!F356:AC356)+ SUM(NC!F247:AC247)+ SUM(TB!F244:AC244)+ SUM(WH!F240:AC240)+ SUM('A-N Drive'!F307:AC307)+ SUM(VRE!F185:AC185)) -> 1.5198379
A60: User Trips | B60: 2020 (Year 9) | C60: 2035 (Year 24) | D60: Total (2012 to 2035)
A61: PEDESTRIAN | B61: =J112 -> 6082116.6 | C61: =Y112 -> 7019596.8 | D61: =SUM(B112:Y112) -> 1.4086712e+08
A62: BICYCLE | B62: =J113 -> 175495.3 | C62: =Y113 -> 273617.63 | D62: =SUM(B113:Y113) -> 4420421.8
A63: BIKESHARE | B63: =J114 -> 290619.82 | C63: =Y114 -> 337400.59 | D63: =SUM(B114:Y114) -> 6678709.2
A64: MOBILITY DEVICE | B64: =J115 -> 3957.2681 | C64: =Y115 -> 4001.422 | D64: =SUM(B115:Y115) -> 77273.217
A65: New Trips (all Modes) | B65: =J116 -> 205821.61 | C65: =Y116 -> 235954.94 | D65: =SUM(B116:Y116) -> 4678107.1
A66: TRAVEL IMPACTS
A67: Rail transit trips change | B67: =J118 -> 380472.89 | C67: =Y118 -> 438627.83 | D67: =SUM(B118:Y118) -> 8682894.7
A68: Bus transit trips change | B68: =J119 -> -80440.669 | C68: =Y119 -> -91036.436 | D68: =SUM(B119:Y119) -> -1846819
A69: Auto VT reduced | B69: =J120 -> -237523 | C69: =Y120 -> -275665 | D69: =SUM(B120:Y120) -> -5439803.6
A70: Auto VMT reduced | B70: =J121 -> -1507332.9 | C70: =Y121 -> -1853019 | D70: =SUM(B121:Y121) -> -35196095
A71: Auto fuel savings | B71: =J122 -> 228679.87 | C71: =Y122 -> 278900.59 | D71: =SUM(B122:Y122) -> 5415811.4
A72: SAFETY (Fatalities and Injuries)
A73: PEDESTRIAN | D73: =Z124 -> -79.443285
A74: BICYCLE | D74: =Z125 -> 30.797517
A75: AUTOMOBILE (not including property damage accidents) | D75: =Z126 -> -28.93397
A77: Calculation Tables
B80: 2012 | C80: 2013 | D80: 2014 | E80: 2015 | F80: 2016 | G80: 2017 | H80: 2018 | I80: 2019 | J80: 2020 | K80: 2021 | L80: 2022 | M80: 2023 | N80: 2024 | O80: 2025 | P80: 2026 | Q80: 2027 | R80: 2028 | S80: 2029 | T80: 2030 | U80: 2031 | V80: 2032 | W80: 2033 | X80: 2034 | Y80: 2035
B81: Year 1 | C81: Year 2 | D81: Year 3 | E81: Year 4 | F81: Year 5 | G81: Year 6 | H81: Year 7 | I81: Year 8 | J81: Year 9 | K81: Year 10 | L81: Year 11 | M81: Year 12 | N81: Year 13 | O81: Year 14 | P81: Year 15 | Q81: Year 16 | R81: Year 17 | S81: Year 18 | T81: Year 19 | U81: Year 20 | V81: Year 21 | W81: Year 22 | X81: Year 23 | Y81: Year 24
A82: Fort Totten / 1st Place-Galloway Road Access Improvement Project | B82: =FT!F201 -> 0 | C82: =FT!G201 -> -1878783.4 | D82: =FT!H201 -> -2556953.6 | E82: =FT!I201 -> -124304.9 | F82: =FT!J201 -> -129361.14 | G82: =FT!K201 -> -134975.99 | H82: =FT!L201 -> -141225.89 | I82: =FT!M201 -> -148197.69 | ... Y82: =FT!AC201 -> -491670.32
B83: =FT!F210 -> 0 | C83: =FT!G210 -> 437457.16 | D83: =FT!H210 -> 921387.58 | E83: =FT!I210 -> 929431.36 | F83: =FT!J210 -> 937740.34 | G83: =FT!K210 -> 946126.09 | H83: =FT!L210 -> 954652.5 | I83: =FT!M210 -> 963384.73 | ... Y83: =FT!AC210 -> 1121949.5
A84: Forest Glen Metro Access Project | B84: ='Forest Glen'!F314 -> -1110000 | C84: ='Forest Glen'!G314 -> -3630000 | D84: ='Forest Glen'!H314 -> -4783093.1 | E84: ='Forest Glen'!I314 -> -6980264.6 | F84: ='Forest Glen'!J314 -> -2040653.8 | G84: ='Forest Glen'!K314 -> -437239.89 | H84: ='Forest Glen'!L314 -> -441708.96 | I84: ='Forest Glen'!M314 -> -446260.7 | ... Y84: ='Forest Glen'!AC314 -> -19771714
B85: ='Forest Glen'!F323 -> 0 | C85: ='Forest Glen'!G323 -> 0 | D85: ='Forest Glen'!H323 -> 0 | E85: ='Forest Glen'!I323 -> 0 | F85: ='Forest Glen'!J323 -> 1276359.9 | G85: ='Forest Glen'!K323 -> 1646266.3 | H85: ='Forest Glen'!L323 -> 1680216.2 | I85: ='Forest Glen'!M323 -> 1715326 | ... Y85: ='Forest Glen'!AC323 -> 60125461
A86: Pedestrian Safety Measures for the New Carrollton Metro Station | B86: =NC!F205 -> 0 | C86: =NC!G205 -> -251580.98 | D86: =NC!H205 -> -757059.61 | E86: =NC!I205 -> -66853.182 | F86: =NC!J205 -> -15241.75 | G86: =NC!K205 -> -15380.317 | H86: =NC!L205 -> -15518.885 | I86: =NC!M205 -> -15657.452 | ... Y86: =NC!AC205 -> -15184.701
B87: =NC!F214 -> 0 | C87: =NC!G214 -> 0 | D87: =NC!H214 -> 209572.47 | E87: =NC!I214 -> 211126.38 | F87: =NC!J214 -> 212802.34 | G87: =NC!K214 -> 214394.02 | H87: =NC!L214 -> 215944.68 | I87: =NC!M214 -> 217495.81 | ... Y87: =NC!AC214 -> 211768.88
A88: Safer Walkways to Transit: Twinbrook Metro Station | B88: =TB!F202 -> 0 | C88: =TB!G202 -> -537107.87 | D88: =TB!H202 -> -40402.669 | E88: =TB!I202 -> -41407.514 | F88: =TB!J202 -> -42412.359 | G88: =TB!K202 -> -43417.204 | H88: =TB!L202 -> -44422.048 | I88: =TB!M202 -> -45426.893 | ... Y88: =TB!AC202 -> -51674.623
B89: =TB!F211 -> 0 | C89: =TB!G211 -> 0 | D89: =TB!H211 -> 241028.85 | E89: =TB!I211 -> 246031.24 | F89: =TB!J211 -> 251128.28 | G89: =TB!K211 -> 256114.21 | H89: =TB!L211 -> 261032.82 | I89: =TB!M211 -> 265926.12 | ... Y89: =TB!AC211 -> 305187.29
A90: West Hyattsville Improvements | B90: =WH!F198 -> -37500 | C90: =WH!G198 -> -680190.19 | D90: =WH!H198 -> -30104.287 | E90: =WH!I198 -> -30447.812 | F90: =WH!J198 -> -30791.337 | G90: =WH!K198 -> -31134.862 | H90: =WH!L198 -> -31478.387 | I90: =WH!M198 -> -31821.912 | ... Y90: =WH!AC198 -> -35367.956
B91: =WH!F207 -> 0 | C91: =WH!G207 -> 71113.085 | D91: =WH!H207 -> 287112.46 | E91: =WH!I207 -> 289772.2 | F91: =WH!J207 -> 292551.88 | G91: =WH!K207 -> 295245.09 | H91: =WH!L207 -> 297895.05 | I91: =WH!M207 -> 300543.21 | ... Y91: =WH!AC207 -> 335264.88
A92: Army Navy Drive Multimodal Access Improvement Project | B92: ='A-N Drive'!F265 -> -1420667.9 | C92: ='A-N Drive'!G265 -> -6519911.8 | D92: ='A-N Drive'!H265 -> -658427.89 | E92: ='A-N Drive'!I265 -> -663306.09 | F92: ='A-N Drive'!J265 -> -668240.08 | G92: ='A-N Drive'!K265 -> -673230.41 | H92: ='A-N Drive'!L265 -> -678277.64 | I92: ='A-N Drive'!M265 -> -683382.35 | ... Y92: ='A-N Drive'!AC265 -> -805187.87
B93: ='A-N Drive'!F274 -> 0 | C93: ='A-N Drive'!G274 -> 1160569.5 | D93: ='A-N Drive'!H274 -> 2480592.8 | E93: ='A-N Drive'!I274 -> 2479552.8 | F93: ='A-N Drive'!J274 -> 2478815 | G93: ='A-N Drive'!K274 -> 2478168.8 | H93: ='A-N Drive'!L274 -> 2477653.6 | I93: ='A-N Drive'!M274 -> 2477307.4 | ... Y93: ='A-N Drive'!AC274 -> 2809457.5
A94: Bicycle Lockers at Virginia Railway Express (VRE) Stations | B94: =VRE!F143 -> 0 | C94: =VRE!G143 -> -275620 | D94: =VRE!H143 -> -25454.183 | E94: =VRE!I143 -> -18771.601 | F94: =VRE!J143 -> -20094.968 | G94: =VRE!K143 -> -21444.802 | H94: =VRE!L143 -> -22821.633 | I94: =VRE!M143 -> -24226 | ... Y94: =VRE!AC143 -> -50925.931
B95: =VRE!F152 -> 0 | C95: =VRE!G152 -> 0 | D95: =VRE!H152 -> 76899.785 | E95: =VRE!I152 -> 83654.373 | F95: =VRE!J152 -> 90404.849 | G95: =VRE!K152 -> 97152.096 | H95: =VRE!L152 -> 103896.83 | I95: =VRE!M152 -> 110639.63 | ... Y95: =VRE!AC152 -> 249634.54
A97: Total Costs | B97: =B92+B94+B82+B84+B86+B88+B90 -> -2568167.9 | C97: =C92+C94+C82+C84+C86+C88+C90 -> -13773194 | D97: =D92+D94+D82+D84+D86+D88+D90 -> -8851495.3 | E97: =E92+E94+E82+E84+E86+E88+E90 -> -7925355.7 | F97: =F92+F94+F82+F84+F86+F88+F90 -> -2946795.4 | G97: =G92+G94+G82+G84+G86+G88+G90 -> -1356823.5 | H97: =H92+H94+H82+H84+H86+H88+H90 -> -1375453.4 | I97: =I92+I94+I82+I84+I86+I88+I90 -> -1394973 | ... Y97: =Y92+Y94+Y82+Y84+Y86+Y88+Y90 -> -21221725 | Z97: =SUM(B97:Y97) -> -85620362
A98: Total Benefits | B98: =B93+B95+B83+B85+B87+B89+B91 -> 0 | C98: =C93+C95+C83+C85+C87+C89+C91 -> 1669139.7 | D98: =D93+D95+D83+D85+D87+D89+D91 -> 4216593.9 | E98: =E93+E95+E83+E85+E87+E89+E91 -> 4239568.3 | F98: =F93+F95+F83+F85+F87+F89+F91 -> 5539802.6 | G98: =G93+G95+G83+G85+G87+G89+G91 -> 5933466.7 | H98: =H93+H95+H83+H85+H87+H89+H91 -> 5991291.7 | I98: =I93+I95+I83+I85+I87+I89+I91 -> 6050623 | ... Y98: =Y93+Y95+Y83+Y85+Y87+Y89+Y91 -> 65158724 | Z98: =SUM(B98:Y98) -> 1.9632008e+08
A99: Net | B99: =B97+B98 -> -2568167.9 | C99: =C97+C98 -> -12104055 | D99: =D97+D98 -> -4634901.4 | E99: =E97+E98 -> -3685787.4 | F99: =F97+F98 -> 2593007.2 | G99: =G97+G98 -> 4576643.2 | H99: =H97+H98 -> 4615838.3 | I99: =I97+I98 -> 4655650 | ... Z99: =Z97+Z98 -> 1.1069972e+08
A101: 3% Discount Rate | B101: =1/1.03 -> 0.97087379 | C101: =B101/1.03 -> 0.94259591 | D101: =C101/1.03 -> 0.91514166 | E101: =D101/1.03 -> 0.88848705 | F101: =E101/1.03 -> 0.86260878 | G101: =F101/1.03 -> 0.83748426 | H101: =G101/1.03 -> 0.81309151 | I101: =H101/1.03 -> 0.78940923 | J101: =I101/1.03 -> 0.76641673 | ... Y101: =X101/1.03 -> 0.49193374
B102: =B99*B101 -> -2493366.9 | C102: =C99*C101 -> -11409232 | D102: =D99*D101 -> -4241591.3 | E102: =E99*E101 -> -3274774.3 | F102: =F99*F101 -> 2236750.8 | G102: =G99*G101 -> 3832866.6 | H102: =H99*H101 -> 3753098.9 | I102: =I99*I101 -> 3675213.1 | ... Y102: =Y99*Y101 -> 21614092
A104: 7% Discount Rate | B104: =1/1.07 -> 0.93457944 | C104: =B104/1.07 -> 0.87343873 | D104: =C104/1.07 -> 0.81629788 | E104: =D104/1.07 -> 0.76289521 | F104: =E104/1.07 -> 0.71298618 | G104: =F104/1.07 -> 0.66634222 | H104: =G104/1.07 -> 0.62274974 | I104: =H104/1.07 -> 0.5820091 | J104: =I104/1.07 -> 0.54393374 | ... Y104: =X104/1.07 -> 0.19714662
B105: =B99*B104 -> -2400156.9 | C105: =C99*C104 -> -10572150 | D105: =D99*D104 -> -3783460.1 | E105: =E99*E104 -> -2811869.5 | F105: =F99*F104 -> 1848778.3 | G105: =G99*G104 -> 3049610.6 | H105: =H99*H104 -> 2874512.1 | I105: =I99*I104 -> 2709630.7 | ... Y105: =Y99*Y104 -> 8662030.8
B110: 2012 | C110: 2013 | D110: 2014 | E110: 2015 | F110: 2016 | G110: 2017 | H110: 2018 | I110: 2019 | J110: 2020 | K110: 2021 | L110: 2022 | M110: 2023 | N110: 2024 | O110: 2025 | P110: 2026 | Q110: 2027 | R110: 2028 | S110: 2029 | T110: 2030 | U110: 2031 | V110: 2032 | W110: 2033 | X110: 2034 | Y110: 2035
A111: User Trips | B111: Year 1 | C111: Year 2 | D111: Year 3 | E111: Year 4 | F111: Year 5 | G111: Year 6 | H111: Year 7 | I111: Year 8 | J111: Year 9 | K111: Year 10 | L111: Year 11 | M111: Year 12 | N111: Year 13 | O111: Year 14 | P111: Year 15 | Q111: Year 16 | R111: Year 17 | S111: Year 18 | T111: Year 19 | U111: Year 20 | V111: Year 21 | W111: Year 22 | X111: Year 23 | Y111: Year 24
A112: PEDESTRIAN | B112: =FT!F10+FT!F11+FT!F12+'Forest Glen'!F10+'Forest Glen'!F11+'Forest Glen'!F12+NC!F10+NC!F11+NC!F12+TB!F10+TB!F11+TB!F12+WH!F10+WH!F11+WH!F12+'A-N Drive'!F10+'A-N Drive'!F11+'A-N Drive'!F12 -> 0 | C112: =FT!G10+FT!G11+FT!G12+'Forest Glen'!G10+'Forest Glen'!G11+'Forest Glen'!G12+NC!G10+NC!G11+NC!G12+TB!G10+TB!G11+TB!G12+WH!G10+WH!G11+WH!G12+'A-N Drive'!G10+'A-N Drive'!G11+'A-N Drive'!G12 -> 494464.11 | D112: =FT!H10+FT!H11+FT!H12+'Forest Glen'!H10+'Forest Glen'!H11+'Forest Glen'!H12+NC!H10+NC!H11+NC!H12+TB!H10+TB!H11+TB!H12+WH!H10+WH!H11+WH!H12+'A-N Drive'!H10+'A-N Drive'!H11+'A-N Drive'!H12 -> 5724875.3 | E112: =FT!I10+FT!I11+FT!I12+'Forest Glen'!I10+'Forest Glen'!I11+'Forest Glen'!I12+NC!I10+NC!I11+NC!I12+TB!I10+TB!I11+TB!I12+WH!I10+WH!I11+WH!I12+'A-N Drive'!I10+'A-N Drive'!I11+'A-N Drive'!I12 -> 5728141.3 | F112: =FT!J10+FT!J11+FT!J12+'Forest Glen'!J10+'Forest Glen'!J11+'Forest Glen'!J12+NC!J10+NC!J11+NC!J12+TB!J10+TB!J11+TB!J12+WH!J10+WH!J11+WH!J12+'A-N Drive'!J10+'A-N Drive'!J11+'A-N Drive'!J12 -> 5950202.8 | G112: =FT!K10+FT!K11+FT!K12+'Forest Glen'!K10+'Forest Glen'!K11+'Forest Glen'!K12+NC!K10+NC!K11+NC!K12+TB!K10+TB!K11+TB!K12+WH!K10+WH!K11+WH!K12+'A-N Drive'!K10+'A-N Drive'!K11+'A-N Drive'!K12 -> 6037258.8 | H112: =FT!L10+FT!L11+FT!L12+'Forest Glen'!L10+'Forest Glen'!L11+'Forest Glen'!L12+NC!L10+NC!L11+NC!L12+TB!L10+TB!L11+TB!L12+WH!L10+WH!L11+WH!L12+'A-N Drive'!L10+'A-N Drive'!L11+'A-N Drive'!L12 -> 6051787 | I112: =FT!M10+FT!M11+FT!M12+'Forest Glen'!M10+'Forest Glen'!M11+'Forest Glen'!M12+NC!M10+NC!M11+NC!M12+TB!M10+TB!M11+TB!M12+WH!M10+WH!M11+WH!M12+'A-N Drive'!M10+'A-N Drive'!M11+'A-N Drive'!M12 -> 6066734.4 | ... Y112: =FT!AC10+FT!AC11+FT!AC12+'Forest Glen'!AC10+'Forest Glen'!AC11+'Forest Glen'!AC12+NC!AC10+NC!AC11+NC!AC12+TB!AC10+TB!AC11+TB!AC12+WH!AC10+WH!AC11+WH!AC12+'A-N Drive'!AC10+'A-N Drive'!AC11+'A-N Drive'!AC12 -> 7019596.8
A113: BICYCLE | B113: =FT!F15+FT!F16+FT!F17+'Forest Glen'!F15+'Forest Glen'!F16+'Forest Glen'!F17+NC!F15+NC!F16+NC!F17+TB!F15+TB!F16+TB!F17+WH!F15+WH!F16+WH!F17+'A-N Drive'!F15+'A-N Drive'!F16+'A-N Drive'!F17+VRE!F11+VRE!F12+VRE!F13 -> 0 | C113: =FT!G15+FT!G16+FT!G17+'Forest Glen'!G15+'Forest Glen'!G16+'Forest Glen'!G17+NC!G15+NC!G16+NC!G17+TB!G15+TB!G16+TB!G17+WH!G15+WH!G16+WH!G17+'A-N Drive'!G15+'A-N Drive'!G16+'A-N Drive'!G17+VRE!G11+VRE!G12+VRE!G13 -> 14124.286 | D113: =FT!H15+FT!H16+FT!H17+'Forest Glen'!H15+'Forest Glen'!H16+'Forest Glen'!H17+NC!H15+NC!H16+NC!H17+TB!H15+TB!H16+TB!H17+WH!H15+WH!H16+WH!H17+'A-N Drive'!H15+'A-N Drive'!H16+'A-N Drive'!H17+VRE!H11+VRE!H12+VRE!H13 -> 153484.87 | E113: =FT!I15+FT!I16+FT!I17+'Forest Glen'!I15+'Forest Glen'!I16+'Forest Glen'!I17+NC!I15+NC!I16+NC!I17+TB!I15+TB!I16+TB!I17+WH!I15+WH!I16+WH!I17+'A-N Drive'!I15+'A-N Drive'!I16+'A-N Drive'!I17+VRE!I11+VRE!I12+VRE!I13 -> 155716.86 | F113: =FT!J15+FT!J16+FT!J17+'Forest Glen'!J15+'Forest Glen'!J16+'Forest Glen'!J17+NC!J15+NC!J16+NC!J17+TB!J15+TB!J16+TB!J17+WH!J15+WH!J16+WH!J17+'A-N Drive'!J15+'A-N Drive'!J16+'A-N Drive'!J17+VRE!J11+VRE!J12+VRE!J13 -> 162321.56 | G113: =FT!K15+FT!K16+FT!K17+'Forest Glen'!K15+'Forest Glen'!K16+'Forest Glen'!K17+NC!K15+NC!K16+NC!K17+TB!K15+TB!K16+TB!K17+WH!K15+WH!K16+WH!K17+'A-N Drive'!K15+'A-N Drive'!K16+'A-N Drive'!K17+VRE!K11+VRE!K12+VRE!K13 -> 166428.21 | H113: =FT!L15+FT!L16+FT!L17+'Forest Glen'!L15+'Forest Glen'!L16+'Forest Glen'!L17+NC!L15+NC!L16+NC!L17+TB!L15+TB!L16+TB!L17+WH!L15+WH!L16+WH!L17+'A-N Drive'!L15+'A-N Drive'!L16+'A-N Drive'!L17+VRE!L11+VRE!L12+VRE!L13 -> 169269.62 | I113: =FT!M15+FT!M16+FT!M17+'Forest Glen'!M15+'Forest Glen'!M16+'Forest Glen'!M17+NC!M15+NC!M16+NC!M17+TB!M15+TB!M16+TB!M17+WH!M15+WH!M16+WH!M17+'A-N Drive'!M15+'A-N Drive'!M16+'A-N Drive'!M17+VRE!M11+VRE!M12+VRE!M13 -> 172284.63 | ... Y113: =FT!AC15+FT!AC16+FT!AC17+'Forest Glen'!AC15+'Forest Glen'!AC16+'Forest Glen'!AC17+NC!AC15+NC!AC16+NC!AC17+TB!AC15+TB!AC16+TB!AC17+WH!AC15+WH!AC16+WH!AC17+'A-N Drive'!AC15+'A-N Drive'!AC16+'A-N Drive'!AC17+VRE!AC11+VRE!AC12+VRE!AC13 -> 273617.63
A114: BIKESHARE | B114: =SUM('Forest Glen'!F20:F26)+SUM('A-N Drive'!F20:F26) -> 0 | C114: =SUM('Forest Glen'!G20:G26)+SUM('A-N Drive'!G20:G26) -> 182500 | D114: =SUM('Forest Glen'!H20:H26)+SUM('A-N Drive'!H20:H26) -> 184325 | E114: =SUM('Forest Glen'!I20:I26)+SUM('A-N Drive'!I20:I26) -> 186168.25 | F114: =SUM('Forest Glen'!J20:J26)+SUM('A-N Drive'!J20:J26) -> 255529.93 | G114: =SUM('Forest Glen'!K20:K26)+SUM('A-N Drive'!K20:K26) -> 282072.73 | H114: =SUM('Forest Glen'!L20:L26)+SUM('A-N Drive'!L20:L26) -> 284893.46 | I114: =SUM('Forest Glen'!M20:M26)+SUM('A-N Drive'!M20:M26) -> 287742.39 | ... Y114: =SUM('Forest Glen'!AC20:AC26)+SUM('A-N Drive'!AC20:AC26) -> 337400.59
A115: MOBILITY DEVICE | B115: ='Forest Glen'!F29+'Forest Glen'!F30+'Forest Glen'!F31 -> 0 | C115: ='Forest Glen'!G29+'Forest Glen'!G30+'Forest Glen'!G31 -> 0 | D115: ='Forest Glen'!H29+'Forest Glen'!H30+'Forest Glen'!H31 -> 0 | E115: ='Forest Glen'!I29+'Forest Glen'!I30+'Forest Glen'!I31 -> 0 | F115: ='Forest Glen'!J29+'Forest Glen'!J30+'Forest Glen'!J31 -> 2564.3258 | G115: ='Forest Glen'!K29+'Forest Glen'!K30+'Forest Glen'!K31 -> 3546.3601 | H115: ='Forest Glen'!L29+'Forest Glen'!L30+'Forest Glen'!L31 -> 3678.3556 | I115: ='Forest Glen'!M29+'Forest Glen'!M30+'Forest Glen'!M31 -> 3815.264 | ... Y115: ='Forest Glen'!AC29+'Forest Glen'!AC30+'Forest Glen'!AC31 -> 4001.422
A116: New Trips (all Modes) | B116: =FT!F12+FT!F17+'Forest Glen'!F12+'Forest Glen'!F17+'Forest Glen'!F24+'Forest Glen'!F26+'Forest Glen'!F31+NC!F12+NC!F17+TB!F12+TB!F17+WH!F12+WH!F17++'A-N Drive'!F12+'A-N Drive'!F17+'A-N Drive'!F24+'A-N Drive'!F26+VRE!F13 -> 0 | C116: =FT!G12+FT!G17+'Forest Glen'!G12+'Forest Glen'!G17+'Forest Glen'!G24+'Forest Glen'!G26+'Forest Glen'!G31+NC!G12+NC!G17+TB!G12+TB!G17+WH!G12+WH!G17++'A-N Drive'!G12+'A-N Drive'!G17+'A-N Drive'!G24+'A-N Drive'!G26+VRE!G13 -> 71039.657 | D116: =FT!H12+FT!H17+'Forest Glen'!H12+'Forest Glen'!H17+'Forest Glen'!H24+'Forest Glen'!H26+'Forest Glen'!H31+NC!H12+NC!H17+TB!H12+TB!H17+WH!H12+WH!H17++'A-N Drive'!H12+'A-N Drive'!H17+'A-N Drive'!H24+'A-N Drive'!H26+VRE!H13 -> 145342.18 | E116: =FT!I12+FT!I17+'Forest Glen'!I12+'Forest Glen'!I17+'Forest Glen'!I24+'Forest Glen'!I26+'Forest Glen'!I31+NC!I12+NC!I17+TB!I12+TB!I17+WH!I12+WH!I17++'A-N Drive'!I12+'A-N Drive'!I17+'A-N Drive'!I24+'A-N Drive'!I26+VRE!I13 -> 146386.61 | F116: =FT!J12+FT!J17+'Forest Glen'!J12+'Forest Glen'!J17+'Forest Glen'!J24+'Forest Glen'!J26+'Forest Glen'!J31+NC!J12+NC!J17+TB!J12+TB!J17+WH!J12+WH!J17++'A-N Drive'!J12+'A-N Drive'!J17+'A-N Drive'!J24+'A-N Drive'!J26+VRE!J13 -> 184854.41 | G116: =FT!K12+FT!K17+'Forest Glen'!K12+'Forest Glen'!K17+'Forest Glen'!K24+'Forest Glen'!K26+'Forest Glen'!K31+NC!K12+NC!K17+TB!K12+TB!K17+WH!K12+WH!K17++'A-N Drive'!K12+'A-N Drive'!K17+'A-N Drive'!K24+'A-N Drive'!K26+VRE!K13 -> 199772.07 | H116: =FT!L12+FT!L17+'Forest Glen'!L12+'Forest Glen'!L17+'Forest Glen'!L24+'Forest Glen'!L26+'Forest Glen'!L31+NC!L12+NC!L17+TB!L12+TB!L17+WH!L12+WH!L17++'A-N Drive'!L12+'A-N Drive'!L17+'A-N Drive'!L24+'A-N Drive'!L26+VRE!L13 -> 201752.53 | I116: =FT!M12+FT!M17+'Forest Glen'!M12+'Forest Glen'!M17+'Forest Glen'!M24+'Forest Glen'!M26+'Forest Glen'!M31+NC!M12+NC!M17+TB!M12+TB!M17+WH!M12+WH!M17++'A-N Drive'!M12+'A-N Drive'!M17+'A-N Drive'!M24+'A-N Drive'!M26+VRE!M13 -> 203768.5 | ... Y116: =FT!AC12+FT!AC17+'Forest Glen'!AC12+'Forest Glen'!AC17+'Forest Glen'!AC24+'Forest Glen'!AC26+'Forest Glen'!AC31+NC!AC12+NC!AC17+TB!AC12+TB!AC17+WH!AC12+WH!AC17++'A-N Drive'!AC12+'A-N Drive'!AC17+'A-N Drive'!AC24+'A-N Drive'!AC26+VRE!AC13 -> 235954.94
A117: TRAVEL IMPACTS
A118: Rail transit trips change | B118: =FT!F20+'Forest Glen'!F34+NC!F20+TB!F20+WH!F20+'A-N Drive'!F29+VRE!F17 -> 0 | C118: =FT!G20+'Forest Glen'!G34+NC!G20+TB!G20+WH!G20+'A-N Drive'!G29+VRE!G17 -> 114369.71 | D118: =FT!H20+'Forest Glen'!H34+NC!H20+TB!H20+WH!H20+'A-N Drive'!H29+VRE!H17 -> 285626.61 | E118: =FT!I20+'Forest Glen'!I34+NC!I20+TB!I20+WH!I20+'A-N Drive'!I29+VRE!I17 -> 288054.21 | F118: =FT!J20+'Forest Glen'!J34+NC!J20+TB!J20+WH!J20+'A-N Drive'!J29+VRE!J17 -> 345265.34 | G118: =FT!K20+'Forest Glen'!K34+NC!K20+TB!K20+WH!K20+'A-N Drive'!K29+VRE!K17 -> 368118.22 | H118: =FT!L20+'Forest Glen'!L34+NC!L20+TB!L20+WH!L20+'A-N Drive'!L29+VRE!L17 -> 372162.32 | I118: =FT!M20+'Forest Glen'!M34+NC!M20+TB!M20+WH!M20+'A-N Drive'!M29+VRE!M17 -> 376279.36 | ... Y118: =FT!AC20+'Forest Glen'!AC34+NC!AC20+TB!AC20+WH!AC20+'A-N Drive'!AC29+VRE!AC17 -> 438627.83
A119: Bus transit trips change | B119: =FT!F21+'Forest Glen'!F35+NC!F21+TB!F21+WH!F21+'A-N Drive'!F30+VRE!F18 -> 0 | C119: =FT!G21+'Forest Glen'!G35+NC!G21+TB!G21+WH!G21+'A-N Drive'!G30+VRE!G18 -> -28011.374 | D119: =FT!H21+'Forest Glen'!H35+NC!H21+TB!H21+WH!H21+'A-N Drive'!H30+VRE!H18 -> -70954.075 | E119: =FT!I21+'Forest Glen'!I35+NC!I21+TB!I21+WH!I21+'A-N Drive'!I30+VRE!I18 -> -71723.542 | F119: =FT!J21+'Forest Glen'!J35+NC!J21+TB!J21+WH!J21+'A-N Drive'!J30+VRE!J18 -> -75875.21 | G119: =FT!K21+'Forest Glen'!K35+NC!K21+TB!K21+WH!K21+'A-N Drive'!K30+VRE!K18 -> -77892.84 | H119: =FT!L21+'Forest Glen'!L35+NC!L21+TB!L21+WH!L21+'A-N Drive'!L30+VRE!L18 -> -78731.98 | I119: =FT!M21+'Forest Glen'!M35+NC!M21+TB!M21+WH!M21+'A-N Drive'!M30+VRE!M18 -> -79580.948 | ... Y119: =FT!AC21+'Forest Glen'!AC35+NC!AC21+TB!AC21+WH!AC21+'A-N Drive'!AC30+VRE!AC18 -> -91036.436
A120: Auto VT reduced | B120: =FT!F22+'Forest Glen'!F36+NC!F22+TB!F22+WH!F22+'A-N Drive'!F31+VRE!F19 -> 0 | C120: =FT!G22+'Forest Glen'!G36+NC!G22+TB!G22+WH!G22+'A-N Drive'!G31+VRE!G19 -> -79830.048 | D120: =FT!H22+'Forest Glen'!H36+NC!H22+TB!H22+WH!H22+'A-N Drive'!H31+VRE!H19 -> -177149.43 | E120: =FT!I22+'Forest Glen'!I36+NC!I22+TB!I22+WH!I22+'A-N Drive'!I31+VRE!I19 -> -178901.25 | F120: =FT!J22+'Forest Glen'!J36+NC!J22+TB!J22+WH!J22+'A-N Drive'!J31+VRE!J19 -> -214891.91 | G120: =FT!K22+'Forest Glen'!K36+NC!K22+TB!K22+WH!K22+'A-N Drive'!K31+VRE!K19 -> -229368.82 | H120: =FT!L22+'Forest Glen'!L36+NC!L22+TB!L22+WH!L22+'A-N Drive'!L31+VRE!L19 -> -232042.69 | I120: =FT!M22+'Forest Glen'!M36+NC!M22+TB!M22+WH!M22+'A-N Drive'!M31+VRE!M19 -> -234760.09 | ... Y120: =FT!AC22+'Forest Glen'!AC36+NC!AC22+TB!AC22+WH!AC22+'A-N Drive'!AC31+VRE!AC19 -> -275665
A121: Auto VMT reduced | B121: =FT!F23+'Forest Glen'!F37+NC!F23+TB!F23+WH!F23+'A-N Drive'!F32+VRE!F20 -> 0 | C121: =FT!G23+'Forest Glen'!G37+NC!G23+TB!G23+WH!G23+'A-N Drive'!G32+VRE!G20 -> -432937.81 | D121: =FT!H23+'Forest Glen'!H37+NC!H23+TB!H23+WH!H23+'A-N Drive'!H32+VRE!H20 -> -1126166.7 | E121: =FT!I23+'Forest Glen'!I37+NC!I23+TB!I23+WH!I23+'A-N Drive'!I32+VRE!I20 -> -1142836.6 | F121: =FT!J23+'Forest Glen'!J37+NC!J23+TB!J23+WH!J23+'A-N Drive'!J32+VRE!J20 -> -1350380.8 | G121: =FT!K23+'Forest Glen'!K37+NC!K23+TB!K23+WH!K23+'A-N Drive'!K32+VRE!K20 -> -1438378.8 | H121: =FT!L23+'Forest Glen'!L37+NC!L23+TB!L23+WH!L23+'A-N Drive'!L32+VRE!L20 -> -1460958.2 | I121: =FT!M23+'Forest Glen'!M37+NC!M23+TB!M23+WH!M23+'A-N Drive'!M32+VRE!M20 -> -1483937.8 | ... Y121: =FT!AC23+'Forest Glen'!AC37+NC!AC23+TB!AC23+WH!AC23+'A-N Drive'!AC32+VRE!AC20 -> -1853019
A122: Auto fuel savings | B122: =FT!F24+'Forest Glen'!F38+NC!F24+TB!F24+WH!F24+'A-N Drive'!F33+VRE!F21 -> 0 | C122: =FT!G24+'Forest Glen'!G38+NC!G24+TB!G24+WH!G24+'A-N Drive'!G33+VRE!G21 -> 76293.555 | D122: =FT!H24+'Forest Glen'!H38+NC!H24+TB!H24+WH!H24+'A-N Drive'!H33+VRE!H21 -> 193668.16 | E122: =FT!I24+'Forest Glen'!I38+NC!I24+TB!I24+WH!I24+'A-N Drive'!I33+VRE!I21 -> 192184.25 | F122: =FT!J24+'Forest Glen'!J38+NC!J24+TB!J24+WH!J24+'A-N Drive'!J33+VRE!J21 -> 221561.7 | G122: =FT!K24+'Forest Glen'!K38+NC!K24+TB!K24+WH!K24+'A-N Drive'!K33+VRE!K21 -> 230837.66 | H122: =FT!L24+'Forest Glen'!L38+NC!L24+TB!L24+WH!L24+'A-N Drive'!L33+VRE!L21 -> 229612.76 | I122: =FT!M24+'Forest Glen'!M38+NC!M24+TB!M24+WH!M24+'A-N Drive'!M33+VRE!M21 -> 228499.23 | ... Y122: =FT!AC24+'Forest Glen'!AC38+NC!AC24+TB!AC24+WH!AC24+'A-N Drive'!AC33+VRE!AC21 -> 278900.59
A123: SAFETY (Fatalities and Injuries)
A124: PEDESTRIAN | B124: =FT!F151+FT!F153+FT!F157+FT!F159+'Forest Glen'!F248+'Forest Glen'!F250+'Forest Glen'!F253+'Forest Glen'!F255+NC!F150+NC!F152+NC!F156+NC!F158+TB!F150+TB!F152+TB!F156+TB!F158+WH!F144+WH!F146+WH!F150+WH!F152+'A-N Drive'!F212+'A-N Drive'!F214+'A-N Drive'!F218+'A-N Drive'!F220 -> 0 | C124: =FT!G151+FT!G153+FT!G157+FT!G159+'Forest Glen'!G248+'Forest Glen'!G250+'Forest Glen'!G253+'Forest Glen'!G255+NC!G150+NC!G152+NC!G156+NC!G158+TB!G150+TB!G152+TB!G156+TB!G158+WH!G144+WH!G146+WH!G150+WH!G152+'A-N Drive'!G212+'A-N Drive'!G214+'A-N Drive'!G218+'A-N Drive'!G220 -> -0.40265983 | D124: =FT!H151+FT!H153+FT!H157+FT!H159+'Forest Glen'!H248+'Forest Glen'!H250+'Forest Glen'!H253+'Forest Glen'!H255+NC!H150+NC!H152+NC!H156+NC!H158+TB!H150+TB!H152+TB!H156+TB!H158+WH!H144+WH!H146+WH!H150+WH!H152+'A-N Drive'!H212+'A-N Drive'!H214+'A-N Drive'!H218+'A-N Drive'!H220 -> -2.6098075 | E124: =FT!I151+FT!I153+FT!I157+FT!I159+'Forest Glen'!I248+'Forest Glen'!I250+'Forest Glen'!I253+'Forest Glen'!I255+NC!I150+NC!I152+NC!I156+NC!I158+TB!I150+TB!I152+TB!I156+TB!I158+WH!I144+WH!I146+WH!I150+WH!I152+'A-N Drive'!I212+'A-N Drive'!I214+'A-N Drive'!I218+'A-N Drive'!I220 -> -2.6057792 | F124: =FT!J151+FT!J153+FT!J157+FT!J159+'Forest Glen'!J248+'Forest Glen'!J250+'Forest Glen'!J253+'Forest Glen'!J255+NC!J150+NC!J152+NC!J156+NC!J158+TB!J150+TB!J152+TB!J156+TB!J158+WH!J144+WH!J146+WH!J150+WH!J152+'A-N Drive'!J212+'A-N Drive'!J214+'A-N Drive'!J218+'A-N Drive'!J220 -> -3.2255086 | G124: =FT!K151+FT!K153+FT!K157+FT!K159+'Forest Glen'!K248+'Forest Glen'!K250+'Forest Glen'!K253+'Forest Glen'!K255+NC!K150+NC!K152+NC!K156+NC!K158+TB!K150+TB!K152+TB!K156+TB!K158+WH!K144+WH!K146+WH!K150+WH!K152+'A-N Drive'!K212+'A-N Drive'!K214+'A-N Drive'!K218+'A-N Drive'!K220 -> -3.4598995 | H124: =FT!L151+FT!L153+FT!L157+FT!L159+'Forest Glen'!L248+'Forest Glen'!L250+'Forest Glen'!L253+'Forest Glen'!L255+NC!L150+NC!L152+NC!L156+NC!L158+TB!L150+TB!L152+TB!L156+TB!L158+WH!L144+WH!L146+WH!L150+WH!L152+'A-N Drive'!L212+'A-N Drive'!L214+'A-N Drive'!L218+'A-N Drive'!L220 -> -3.4869974 | I124: =FT!M151+FT!M153+FT!M157+FT!M159+'Forest Glen'!M248+'Forest Glen'!M250+'Forest Glen'!M253+'Forest Glen'!M255+NC!M150+NC!M152+NC!M156+NC!M158+TB!M150+TB!M152+TB!M156+TB!M158+WH!M144+WH!M146+WH!M150+WH!M152+'A-N Drive'!M212+'A-N Drive'!M214+'A-N Drive'!M218+'A-N Drive'!M220 -> -3.5152484 | ... Y124: =FT!AC151+FT!AC153+FT!AC157+FT!AC159+'Forest Glen'!AC248+'Forest Glen'!AC250+'Forest Glen'!AC253+'Forest Glen'!AC255+NC!AC150+NC!AC152+NC!AC156+NC!AC158+TB!AC150+TB!AC152+TB!AC156+TB!AC158+WH!AC144+WH!AC146+WH!AC150+WH!AC152+'A-N Drive'!AC212+'A-N Drive'!AC214+'A-N Drive'!AC218+'A-N Drive'!AC220 -> -3.9728239 | Z124: =SUM(B124:Y124) -> -79.443285
A125: BICYCLE | B125: =FT!F164+FT!F166+FT!F170+FT!F172+'Forest Glen'!F259+'Forest Glen'!F261+NC!F163+NC!F165+NC!F169+NC!F171+TB!F163+TB!F165+TB!F169+TB!F171+WH!F157+WH!F159+WH!F163+WH!F165+'A-N Drive'!F225+'A-N Drive'!F227+'A-N Drive'!F231+'A-N Drive'!F233+VRE!F103+VRE!F105+VRE!F109+VRE!F111 -> 0 | C125: =FT!G164+FT!G166+FT!G170+FT!G172+'Forest Glen'!G259+'Forest Glen'!G261+NC!G163+NC!G165+NC!G169+NC!G171+TB!G163+TB!G165+TB!G169+TB!G171+WH!G157+WH!G159+WH!G163+WH!G165+'A-N Drive'!G225+'A-N Drive'!G227+'A-N Drive'!G231+'A-N Drive'!G233+VRE!G103+VRE!G105+VRE!G109+VRE!G111 -> 0.68755027 | D125: =FT!H164+FT!H166+FT!H170+FT!H172+'Forest Glen'!H259+'Forest Glen'!H261+NC!H163+NC!H165+NC!H169+NC!H171+TB!H163+TB!H165+TB!H169+TB!H171+WH!H157+WH!H159+WH!H163+WH!H165+'A-N Drive'!H225+'A-N Drive'!H227+'A-N Drive'!H231+'A-N Drive'!H233+VRE!H103+VRE!H105+VRE!H109+VRE!H111 -> 0.5192197 | E125: =FT!I164+FT!I166+FT!I170+FT!I172+'Forest Glen'!I259+'Forest Glen'!I261+NC!I163+NC!I165+NC!I169+NC!I171+TB!I163+TB!I165+TB!I169+TB!I171+WH!I157+WH!I159+WH!I163+WH!I165+'A-N Drive'!I225+'A-N Drive'!I227+'A-N Drive'!I231+'A-N Drive'!I233+VRE!I103+VRE!I105+VRE!I109+VRE!I111 -> 0.52925506 | F125: =FT!J164+FT!J166+FT!J170+FT!J172+'Forest Glen'!J259+'Forest Glen'!J261+NC!J163+NC!J165+NC!J169+NC!J171+TB!J163+TB!J165+TB!J169+TB!J171+WH!J157+WH!J159+WH!J163+WH!J165+'A-N Drive'!J225+'A-N Drive'!J227+'A-N Drive'!J231+'A-N Drive'!J233+VRE!J103+VRE!J105+VRE!J109+VRE!J111 -> 1.1150632 | G125: =FT!K164+FT!K166+FT!K170+FT!K172+'Forest Glen'!K259+'Forest Glen'!K261+NC!K163+NC!K165+NC!K169+NC!K171+TB!K163+TB!K165+TB!K169+TB!K171+WH!K157+WH!K159+WH!K163+WH!K165+'A-N Drive'!K225+'A-N Drive'!K227+'A-N Drive'!K231+'A-N Drive'!K233+VRE!K103+VRE!K105+VRE!K109+VRE!K111 -> 1.3355484 | H125: =FT!L164+FT!L166+FT!L170+FT!L172+'Forest Glen'!L259+'Forest Glen'!L261+NC!L163+NC!L165+NC!L169+NC!L171+TB!L163+TB!L165+TB!L169+TB!L171+WH!L157+WH!L159+WH!L163+WH!L165+'A-N Drive'!L225+'A-N Drive'!L227+'A-N Drive'!L231+'A-N Drive'!L233+VRE!L103+VRE!L105+VRE!L109+VRE!L111 -> 1.353592 | I125: =FT!M164+FT!M166+FT!M170+FT!M172+'Forest Glen'!M259+'Forest Glen'!M261+NC!M163+NC!M165+NC!M169+NC!M171+TB!M163+TB!M165+TB!M169+TB!M171+WH!M157+WH!M159+WH!M163+WH!M165+'A-N Drive'!M225+'A-N Drive'!M227+'A-N Drive'!M231+'A-N Drive'!M233+VRE!M103+VRE!M105+VRE!M109+VRE!M111 -> 1.3716932 | ... Y125: =FT!AC164+FT!AC166+FT!AC170+FT!AC172+'Forest Glen'!AC259+'Forest Glen'!AC261+NC!AC163+NC!AC165+NC!AC169+NC!AC171+TB!AC163+TB!AC165+TB!AC169+TB!AC171+WH!AC157+WH!AC159+WH!AC163+WH!AC165+'A-N Drive'!AC225+'A-N Drive'!AC227+'A-N Drive'!AC231+'A-N Drive'!AC233+VRE!AC103+VRE!AC105+VRE!AC109+VRE!AC111 -> 1.5830225 | Z125: =SUM(B125:Y125) -> 30.797517
A126: AUTOMOBILE (not including property damage accidents) | B126: =FT!F176+FT!F178+'Forest Glen'!F265+'Forest Glen'!F267+NC!F175+NC!F177+TB!F175+TB!F177+WH!F169+WH!F171+'A-N Drive'!F237+'A-N Drive'!F239+VRE!F115+VRE!F117 -> 0 | C126: =FT!G176+FT!G178+'Forest Glen'!G265+'Forest Glen'!G267+NC!G175+NC!G177+TB!G175+TB!G177+WH!G169+WH!G171+'A-N Drive'!G237+'A-N Drive'!G239+VRE!G115+VRE!G117 -> -0.35590908 | D126: =FT!H176+FT!H178+'Forest Glen'!H265+'Forest Glen'!H267+NC!H175+NC!H177+TB!H175+TB!H177+WH!H169+WH!H171+'A-N Drive'!H237+'A-N Drive'!H239+VRE!H115+VRE!H117 -> -0.92579799 | E126: =FT!I176+FT!I178+'Forest Glen'!I265+'Forest Glen'!I267+NC!I175+NC!I177+TB!I175+TB!I177+WH!I169+WH!I171+'A-N Drive'!I237+'A-N Drive'!I239+VRE!I115+VRE!I117 -> -0.93950199 | F126: =FT!J176+FT!J178+'Forest Glen'!J265+'Forest Glen'!J267+NC!J175+NC!J177+TB!J175+TB!J177+WH!J169+WH!J171+'A-N Drive'!J237+'A-N Drive'!J239+VRE!J115+VRE!J117 -> -1.1101197 | G126: =FT!K176+FT!K178+'Forest Glen'!K265+'Forest Glen'!K267+NC!K175+NC!K177+TB!K175+TB!K177+WH!K169+WH!K171+'A-N Drive'!K237+'A-N Drive'!K239+VRE!K115+VRE!K117 -> -1.182461 | H126: =FT!L176+FT!L178+'Forest Glen'!L265+'Forest Glen'!L267+NC!L175+NC!L177+TB!L175+TB!L177+WH!L169+WH!L171+'A-N Drive'!L237+'A-N Drive'!L239+VRE!L115+VRE!L117 -> -1.201023 | I126: =FT!M176+FT!M178+'Forest Glen'!M265+'Forest Glen'!M267+NC!M175+NC!M177+TB!M175+TB!M177+WH!M169+WH!M171+'A-N Drive'!M237+'A-N Drive'!M239+VRE!M115+VRE!M117 -> -1.2199141 | ... Y126: =FT!AC176+FT!AC178+'Forest Glen'!AC265+'Forest Glen'!AC267+NC!AC175+NC!AC177+TB!AC175+TB!AC177+WH!AC169+WH!AC171+'A-N Drive'!AC237+'A-N Drive'!AC239+VRE!AC115+VRE!AC117 -> -1.523328 | Z126: =SUM(B126:Y126) -> -28.93397

Sheet FT
F1: 2012 | G1: 2013 | H1: 2014 | I1: 2015 | J1: 2016 | K1: 2017 | L1: 2018 | M1: 2019 | N1: 2020 | O1: 2021 | P1: 2022 | Q1: 2023 | R1: 2024 | S1: 2025 | T1: 2026 | U1: 2027 | V1: 2028 | W1: 2029 | X1: 2030 | Y1: 2031 | Z1: 2032 | AA1: 2033 | AB1: 2034 | AC1: 2035
D2: Factor | E2: Total | F2: Year 1 | G2: Year 2 | H2: Year 3 | I2: Year 4 | J2: Year 5 | K2: Year 6 | L2: Year 7 | M2: Year 8 | N2: Year 9 | O2: Year 10 | P2: Year 11 | Q2: Year 12 | R2: Year 13 | S2: Year 14 | T2: Year 15 | U2: Year 16 | V2: Year 17 | W2: Year 18 | X2: Year 19 | Y2: Year 20 | Z2: Year 21 | AA2: Year 22 | AB2: Year 23 | AC2: Year 24
A5: Project Costs | C5: O & M
C6: Construction | G6: -1733836.5 | H6: -2437213.5
AD7: =SUM(F7:AC7) -> 0
A8: Users | AD8: =SUM(F8:AC8) -> 0
B9: PEDESTRIAN | AD9: =SUM(F9:AC9) -> 0
B10: Local | C10: Current User | F10: ='FT Users'!C5 -> 0 | G10: ='FT Users'!D5 -> 371484.73 | H10: ='FT Users'!E5 -> 750782.16 | I10: ='FT Users'!F5 -> 758594.86 | J10: ='FT Users'!G5 -> 766407.57 | K10: ='FT Users'!H5 -> 774220.28 | L10: ='FT Users'!I5 -> 782032.98 | M10: ='FT Users'!J5 -> 789845.69 | ... AC10: ='FT Users'!Z5 -> 834102.52 | AD10: =SUM(F10:AC10) -> 18047456
B11: Commute | C11: Trip shifted from auto to transit+ped | F11: ='FT Users'!C6 -> 0 | G11: ='FT Users'!D6 -> 22289.084 | H11: ='FT Users'!E6 -> 45046.93 | I11: ='FT Users'!F6 -> 45515.692 | J11: ='FT Users'!G6 -> 45984.454 | K11: ='FT Users'!H6 -> 46453.217 | L11: ='FT Users'!I6 -> 46921.979 | M11: ='FT Users'!J6 -> 47390.741 | ... AC11: ='FT Users'!Z6 -> 50046.151 | AD11: =SUM(F11:AC11) -> 1082847.3
C12: Trips not taken before (none to transit+ped) | F12: ='FT Users'!C7 -> 0 | G12: ='FT Users'!D7 -> 14859.389 | H12: ='FT Users'!E7 -> 30031.286 | I12: ='FT Users'!F7 -> 30343.795 | J12: ='FT Users'!G7 -> 30656.303 | K12: ='FT Users'!H7 -> 30968.811 | L12: ='FT Users'!I7 -> 31281.319 | M12: ='FT Users'!J7 -> 31593.827 | ... AC12: ='FT Users'!Z7 -> 33364.101 | AD12: =SUM(F12:AC12) -> 721898.22
AD13: =SUM(F13:AC13) -> 0
B14: BICYCLE | AD14: =SUM(F14:AC14) -> 0
B15: Local | C15: Current User | F15: ='FT Users'!C11 -> 0 | G15: ='FT Users'!D11 -> 2319.072 | H15: ='FT Users'!E11 -> 5272.6421 | I15: ='FT Users'!F11 -> 5993.9395 | J15: ='FT Users'!G11 -> 6813.9105 | K15: ='FT Users'!H11 -> 7746.0534 | L15: ='FT Users'!I11 -> 8805.7135 | M15: ='FT Users'!J11 -> 10010.335 | ... AC15: ='FT Users'!Z11 -> 77874.21 | AD15: =SUM(F15:AC15) -> 610906.5
B16: Commute | C16: Trip shifted from auto to transit+bike | F16: ='FT Users'!C12 -> 0 | G16: ='FT Users'!D12 -> 115.9536 | H16: ='FT Users'!E12 -> 263.6321 | I16: ='FT Users'!F12 -> 299.69698 | J16: ='FT Users'!G12 -> 340.69552 | K16: ='FT Users'!H12 -> 387.30267 | L16: ='FT Users'!I12 -> 440.28568 | M16: ='FT Users'!J12 -> 500.51676 | ... AC16: ='FT Users'!Z12 -> 3893.7105 | AD16: =SUM(F16:AC16) -> 30545.325
C17: Trips not taken before (none to transit+bike) | F17: ='FT Users'!C13 -> 0 | G17: ='FT Users'!D13 -> 92.76288 | H17: ='FT Users'!E13 -> 210.90568 | I17: ='FT Users'!F13 -> 239.75758 | J17: ='FT Users'!G13 -> 272.55642 | K17: ='FT Users'!H13 -> 309.84214 | L17: ='FT Users'!I13 -> 352.22854 | M17: ='FT Users'!J13 -> 400.41341 | ... AC17: ='FT Users'!Z13 -> 3114.9684 | AD17: =SUM(F17:AC17) -> 24436.26 | AG17: Comp. Grpah
AD18: =SUM(F18:AC18) -> 0 | AG18: =AD45+AD57+AD64 -> 6805472.2
C19: TRAVEL IMPACTS | AD19: =SUM(F19:AC19) -> 0 | AG19: =+#REF!+#REF!+#REF!+AD167+AD165 -> #REF!
C20: Rail transit trips change | F20: ='FT Users'!C24 -> 0 | G20: ='FT Users'!D24 -> 37357.189 | H20: ='FT Users'!E24 -> 75552.754 | I20: ='FT Users'!F24 -> 76398.941 | J20: ='FT Users'!G24 -> 77254.009 | K20: ='FT Users'!H24 -> 78119.172 | L20: ='FT Users'!I24 -> 78995.812 | M20: ='FT Users'!J24 -> 79885.499 | ... AC20: ='FT Users'!Z24 -> 90418.931 | AD20: =SUM(F20:AC20) -> 1859727.1
C21: Bus transit trips change | F21: ='FT Users'!C25 -> 0 | G21: ='FT Users'!D25 -> 0 | H21: ='FT Users'!E25 -> -37747.311 | I21: ='FT Users'!F25 -> -38170.079 | J21: ='FT Users'!G25 -> -38597.284 | K21: ='FT Users'!H25 -> -39029.533 | L21: ='FT Users'!I25 -> -39467.515 | M21: ='FT Users'!J25 -> -39912.016 | ... AC21: ='FT Users'!Z25 -> -45174.68 | AD21: =SUM(F21:AC21) -> -910483.89
C22: Auto VT reduced | F22: ='FT Users'!C26 -> 0 | G22: ='FT Users'!D26 -> -22405.037 | H22: ='FT Users'!E26 -> -45310.562 | I22: ='FT Users'!F26 -> -45815.389 | J22: ='FT Users'!G26 -> -46325.15 | K22: ='FT Users'!H26 -> -46840.519 | L22: ='FT Users'!I26 -> -47362.265 | M22: ='FT Users'!J26 -> -47891.258 | ... AC22: ='FT Users'!Z26 -> -53939.862 | AD22: =SUM(F22:AC22) -> -1113392.7
C23: Auto VMT reduced | F23: ='FT Users'!C27 -> 0 | G23: ='FT Users'!D27 -> -145632.74 | H23: ='FT Users'!E27 -> -294518.65 | I23: ='FT Users'!F27 -> -297800.03 | J23: ='FT Users'!G27 -> -301113.47 | K23: ='FT Users'!H27 -> -304463.37 | L23: ='FT Users'!I27 -> -307854.72 | M23: ='FT Users'!J27 -> -311293.18 | ... AC23: ='FT Users'!Z27 -> -350609.1 | AD23: =SUM(F23:AC23) -> -7237052.3
C24: Auto fuel savings | F24: ='FT Users'!C28 -> 0 | G24: ='FT Users'!D28 -> 25663.823 | H24: ='FT Users'!E28 -> 50731.237 | I24: ='FT Users'!F28 -> 50165.869 | J24: ='FT Users'!G28 -> 49630.172 | K24: ='FT Users'!H28 -> 49122.973 | L24: ='FT Users'!I28 -> 48643.293 | M24: ='FT Users'!J28 -> 48190.339 | ... AC24: ='FT Users'!Z28 -> 52779.724 | AD24: =SUM(F24:AC24) -> 1119222.1
AD25: =SUM(F25:AC25) -> 0
A26: Non-Users | AD26: =SUM(F26:AC26) -> 0
B27: ROAD | AD27: =SUM(F27:AC27) -> 0
B28: Construction Impact | C28: Current User | F28: ='FT Users'!C18 -> 0 | G28: ='FT Users'!D18 -> 3140924.4 | H28: ='FT Users'!E18 -> 0 | I28: ='FT Users'!F18 -> 0 | J28: ='FT Users'!G18 -> 0 | K28: ='FT Users'!H18 -> 0 | L28: ='FT Users'!I18 -> 0 | M28: ='FT Users'!J18 -> 0 | ... AC28: ='FT Users'!Z18 -> 0 | AD28: =SUM(F28:AC28) -> 3140924.4
B29: Long-Term Impact | C29: Reduced Users | F29: ='FT Users'!C19 -> 0 | G29: ='FT Users'!D19 -> -11202.519 | H29: ='FT Users'!E19 -> -22655.281 | I29: ='FT Users'!F19 -> -22907.694 | J29: ='FT Users'!G19 -> -23162.575 | K29: ='FT Users'!H19 -> -23420.26 | L29: ='FT Users'!I19 -> -23681.132 | M29: ='FT Users'!J19 -> -23945.629 | ... AC29: ='FT Users'!Z19 -> -26969.931 | AD29: =SUM(F29:AC29) -> -556696.33
C30: Current User | F30: ='FT Users'!C20 -> 0 | G30: ='FT Users'!D20 -> 0 | H30: ='FT Users'!E20 -> 3151297.5 | I30: ='FT Users'!F20 -> 3184073.5 | J30: ='FT Users'!G20 -> 3216847.1 | K30: ='FT Users'!H20 -> 3249617.8 | L30: ='FT Users'!I20 -> 3282385.4 | M30: ='FT Users'!J20 -> 3315149.3 | ... AC30: ='FT Users'!Z20 -> 3499222 | AD30: =SUM(F30:AC30) -> 74180172
AD31: =SUM(F31:AC31) -> 0
AD32: =SUM(F32:AC32) -> 0
A33: STATE OF GOOD REPAIR | AD33: =SUM(F33:AC33) -> 0
C34: New Construction for this project | AD34: =SUM(F34:AC34) -> 0
AD35: =SUM(F35:AC35) -> 0
AD36: =SUM(F36:AC36) -> 0
AD37: =SUM(F37:AC37) -> 0
A38: ECONOMIC COMPETITIVENESS | AD38: =SUM(F38:AC38) -> 0
AD39: =SUM(F39:AC39) -> 0
B40: PEDESTRIAN | AD40: =SUM(F40:AC40) -> 0
B41: Local | C41: Current User | AD41: =SUM(F41:AC41) -> 0
C42: TRAVEL TIME COST/SAVINGS | AD42: =SUM(F42:AC42) -> 0
C43: Travel time savings (hour) | D43: =50/3600 -> 0.013888889 | AD43: =SUM(F43:AC43) -> 0
C44: Value of time, ped, $/hour | D44: 26.21 | AD44: =SUM(F44:AC44) -> 0
C45: Total time cost/savings | F45: 0 | G45: =$D$44*$D$43*G10 -> 135230.76 | H45: =$D$44*$D$43*H10 -> 273305.56 | I45: =$D$44*$D$43*I10 -> 276149.6 | J45: =$D$44*$D$43*J10 -> 278993.64 | K45: =$D$44*$D$43*K10 -> 281837.69 | L45: =$D$44*$D$43*L10 -> 284681.73 | M45: =$D$44*$D$43*M10 -> 287525.77 | N45: =$D$44*$D$43*N10 -> 290369.81 | ... AC45: =$D$44*$D$43*AC10 -> 303636.49 | AD45: =SUM(F45:AC45) -> 6569775.1
AD46: =SUM(F46:AC46) -> 0
B47: Commute | C47: Mode shift (auto to transit+ped) | F47: =F11 -> 0 | G47: =G11 -> 22289.084 | H47: =H11 -> 45046.93 | I47: =I11 -> 45515.692 | J47: =J11 -> 45984.454 | K47: =K11 -> 46453.217 | L47: =L11 -> 46921.979 | M47: =M11 -> 47390.741 | ... AC47: =AC11 -> 50046.151 | AD47: =SUM(F47:AC47) -> 1082847.3
C48: TRAVEL TIME COST/SAVINGS | AD48: =SUM(F48:AC48) -> 0
C49: travel time, auto | F49: ='Mode Operating Assumptions'!D29 -> 0.3910028 | G49: ='Mode Operating Assumptions'!E29 -> 0.39205715 | H49: ='Mode Operating Assumptions'!F29 -> 0.39311875 | I49: ='Mode Operating Assumptions'!G29 -> 0.39418767 | J49: ='Mode Operating Assumptions'!H29 -> 0.395264 | K49: ='Mode Operating Assumptions'!I29 -> 0.39634781 | L49: ='Mode Operating Assumptions'!J29 -> 0.39743917 | M49: ='Mode Operating Assumptions'!K29 -> 0.39853817 | ... AC49: ='Mode Operating Assumptions'!AA29 -> 0.41723012 | AD49: =SUM(F49:AC49) -> 9.6905878
C50: travel time, transit | D50: ='Mode Operating Assumptions'!C152 -> 0.38127572 | AD50: =SUM(F50:AC50) -> 0
C51: travel time, ped | D51: ='Mode Operating Assumptions'!C52 -> 0.234375 | AD51: =SUM(F51:AC51) -> 0
C52: Value of time, auto, $/hour | D52: 13.91 | AD52: =SUM(F52:AC52) -> 0
C53: Value of time, transit, $/hour | D53: 13.91 | AD53: =SUM(F53:AC53) -> 0
C54: Value of time, ped, $/hour | D54: =D44 -> 26.21 | AD54: =SUM(F54:AC54) -> 0
C55: Time cost/savings, auto to transit+ped, hours/day | F55: =+(F49*$D$52)-($D$50*$D$53)-($D$51*$D$54) -> -6.0076651 | G55: =+(G49*$D$52)-($D$50*$D$53)-($D$51*$D$54) -> -5.9929991 | H55: =+(H49*$D$52)-($D$50*$D$53)-($D$51*$D$54) -> -5.9782322 | I55: =+(I49*$D$52)-($D$50*$D$53)-($D$51*$D$54) -> -5.9633635 | J55: =+(J49*$D$52)-($D$50*$D$53)-($D$51*$D$54) -> -5.9483918 | K55: =+(K49*$D$52)-($D$50*$D$53)-($D$51*$D$54) -> -5.933316 | L55: =+(L49*$D$52)-($D$50*$D$53)-($D$51*$D$54) -> -5.9181351 | M55: =+(M49*$D$52)-($D$50*$D$53)-($D$51*$D$54) -> -5.902848 | ... AC55: =+(AC49*$D$52)-($D$50*$D$53)-($D$51*$D$54) -> -5.642843 | AD55: =SUM(F55:AC55) -> -139.92026
F56: =F55*F47 -> 0 | G56: =G55*G47 -> -133578.46 | H56: =H55*H47 -> -269301.01 | I56: =I55*I47 -> -271426.61 | J56: =J55*J47 -> -273533.55 | K56: =K55*K47 -> -275621.61 | L56: =L55*L47 -> -277690.61 | M56: =M55*M47 -> -279740.34 | ... AC56: =AC55*AC47 -> -282402.57 | AD56: =SUM(F56:AC56) -> -6297221.3
C57: Total time cost/savings | F57: =F56 -> 0 | G57: =G56 -> -133578.46 | H57: =H56 -> -269301.01 | I57: =I56 -> -271426.61 | J57: =J56 -> -273533.55 | K57: =K56 -> -275621.61 | L57: =L56 -> -277690.61 | M57: =M56 -> -279740.34 | ... AC57: =AC56 -> -282402.57 | AD57: =SUM(F57:AC57) -> -6297221.3
AD58: =SUM(F58:AC58) -> 0
C59: USER COST/SAVINGS | AD59: =SUM(F59:AC59) -> 0
C60: Auto costs/savings, $/trip | D60: ='Mode Operating Assumptions'!C33 -> 8.1905 | AD60: =SUM(F60:AC60) -> 0
C61: Transit costs, $/trip | D61: ='Mode Operating Assumptions'!C155 -> 2.1074073 | AD61: =SUM(F61:AC61) -> 0
C62: Ped costs/savings, $/trip | D62: 0.05 | AD62: =SUM(F62:AC62) -> 0
C63: User cost/savings, auto to transit+ped, $/trip | D63: =+D60-D61-D62 -> 6.0330927 | F63: =$D63*F47 -> 0 | G63: =$D63*G47 -> 134472.11 | H63: =$D63*H47 -> 271772.3 | I63: =$D63*I47 -> 274600.39 | J63: =$D63*J47 -> 277428.48 | K63: =$D63*K47 -> 280256.56 | L63: =$D63*L47 -> 283084.65 | M63: =$D63*M47 -> 285912.74 | ... AC63: =$D63*AC47 -> 301933.07 | AD63: =SUM(F63:AC63) -> 6532918.4
C64: Total user cost/savings | F64: =F63 -> 0 | G64: =G63 -> 134472.11 | H64: =H63 -> 271772.3 | I64: =I63 -> 274600.39 | J64: =J63 -> 277428.48 | K64: =K63 -> 280256.56 | L64: =L63 -> 283084.65 | M64: =M63 -> 285912.74 | ... AC64: =AC63 -> 301933.07 | AD64: =SUM(F64:AC64) -> 6532918.4
AD65: =SUM(F65:AC65) -> 0
B66: BICYCLE | AD66: =SUM(F66:AC66) -> 0
B67: Local | C67: Current User | AD67: =SUM(F67:AC67) -> 0
C68: TRAVEL TIME COST/SAVINGS | AD68: =SUM(F68:AC68) -> 0
C69: Travel time savings (hours) | D69: =20/3600 -> 0.0055555556 | AD69: =SUM(F69:AC69) -> 0
C70: Value of time, bike, $/hour | D70: ='Price Assumptions'!$B$3 -> 13.91 | AD70: =SUM(F70:AC70) -> 0
C71: Total time cost/savings | F71: =($D$69)*$D$70*F15 -> 0 | G71: =($D$69)*$D$70*G15 -> 179.21273 | H71: =($D$69)*$D$70*H15 -> 407.45806 | I71: =($D$69)*$D$70*I15 -> 463.19833 | J71: =($D$69)*$D$70*J15 -> 526.56386 | K71: =($D$69)*$D$70*K15 -> 598.59779 | L71: =($D$69)*$D$70*L15 -> 680.48597 | M71: =($D$69)*$D$70*M15 -> 773.57645 | ... AC71: =($D$69)*$D$70*AC15 -> 6017.9459 | AD71: =SUM(F71:AC71) -> 47209.497
AD72: =SUM(F72:AC72) -> 0
AD73: =SUM(F73:AC73) -> 0
B74: Commute | C74: Mode shift (auto to transit+bike) | F74: =F16 -> 0 | G74: =G16 -> 115.9536 | H74: =H16 -> 263.6321 | I74: =I16 -> 299.69698 | J74: =J16 -> 340.69552 | K74: =K16 -> 387.30267 | L74: =L16 -> 440.28568 | M74: =M16 -> 500.51676 | ... AC74: =AC16 -> 3893.7105 | AD74: =SUM(F74:AC74) -> 30545.325
C75: TRAVEL TIME COST/SAVINGS | AD75: =SUM(F75:AC75) -> 0
C76: travel time, auto | F76: =F49 -> 0.3910028 | G76: =G49 -> 0.39205715 | H76: =H49 -> 0.39311875 | I76: =I49 -> 0.39418767 | J76: =J49 -> 0.395264 | K76: =K49 -> 0.39634781 | L76: =L49 -> 0.39743917 | M76: =M49 -> 0.39853817 | ... AC76: =AC49 -> 0.41723012 | AD76: =SUM(F76:AC76) -> 9.6905878
C77: travel time, transit | D77: =D50 -> 0.38127572 | AD77: =SUM(F77:AC77) -> 0
C78: travel time, bike | D78: ='Mode Operating Assumptions'!C102 -> 0.179 | AD78: =SUM(F78:AC78) -> 0
C79: Value of time, auto, $/hour | D79: =D52 -> 13.91 | AD79: =SUM(F79:AC79) -> 0
C80: Value of time, transit, $/hour | D80: =D53 -> 13.91 | AD80: =SUM(F80:AC80) -> 0
C81: Value of time, bike, $/hour | D81: ='Mode Operating Assumptions'!C103 -> 13.91 | AD81: =SUM(F81:AC81) -> 0
C82: Time cost/savings, auto to transit+bike, hours/day | F82: =+(F76*$D$79)-($D$77*$D$80)-($D$78*$D$81) -> -2.3545863 | G82: =+(G76*$D$79)-($D$77*$D$80)-($D$78*$D$81) -> -2.3399203 | H82: =+(H76*$D$79)-($D$77*$D$80)-($D$78*$D$81) -> -2.3251535 | I82: =+(I76*$D$79)-($D$77*$D$80)-($D$78*$D$81) -> -2.3102847 | J82: =+(J76*$D$79)-($D$77*$D$80)-($D$78*$D$81) -> -2.295313 | K82: =+(K76*$D$79)-($D$77*$D$80)-($D$78*$D$81) -> -2.2802372 | L82: =+(L76*$D$79)-($D$77*$D$80)-($D$78*$D$81) -> -2.2650564 | M82: =+(M76*$D$79)-($D$77*$D$80)-($D$78*$D$81) -> -2.2497693 | ... AC82: =+(AC76*$D$79)-($D$77*$D$80)-($D$78*$D$81) -> -1.9897642 | AD82: =SUM(F82:AC82) -> -52.246369
F83: =F82*F74 -> 0 | G83: =G82*G74 -> -271.32219 | H83: =H82*H74 -> -612.98511 | I83: =I82*I74 -> -692.38535 | J83: =J82*J74 -> -782.00287 | K83: =K82*K74 -> -883.14198 | L83: =L82*L74 -> -997.27187 | M83: =M82*M74 -> -1126.0472 | ... AC83: =AC82*AC74 -> -7747.5659 | AD83: =SUM(F83:AC83) -> -63800.96
C84: Total time cost/savings | F84: =F83 -> 0 | G84: =G83 -> -271.32219 | H84: =H83 -> -612.98511 | I84: =I83 -> -692.38535 | J84: =J83 -> -782.00287 | K84: =K83 -> -883.14198 | L84: =L83 -> -997.27187 | M84: =M83 -> -1126.0472 | ... AC84: =AC83 -> -7747.5659 | AD84: =SUM(F84:AC84) -> -63800.96
AD85: =SUM(F85:AC85) -> 0
C86: USER COST/SAVINGS | AD86: =SUM(F86:AC86) -> 0
C87: Auto costs, $/day | D87: =D60 -> 8.1905 | AD87: =SUM(F87:AC87) -> 0
C88: Transit costs, $/day | D88: =D61 -> 2.1074073 | AD88: =SUM(F88:AC88) -> 0
C89: Bicycle costs, $/day | D89: 0.1 | AD89: =SUM(F89:AC89) -> 0
C90: User cost/savings, auto to transit+bike, $/day | D90: =+D87-D88-D89 -> 5.9830927 | F90: =$D90*F74 -> 0 | G90: =$D90*G74 -> 693.76114 | H90: =$D90*H74 -> 1577.3353 | I90: =$D90*I74 -> 1793.1148 | J90: =$D90*J74 -> 2038.4129 | K90: =$D90*K74 -> 2317.2678 | L90: =$D90*L74 -> 2634.27 | M90: =$D90*M74 -> 2994.6382 | ... AC90: =$D90*AC74 -> 23296.431 | AD90: =SUM(F90:AC90) -> 182755.51
C91: Total user cost/savings | F91: =F90 -> 0 | G91: =G90 -> 693.76114 | H91: =H90 -> 1577.3353 | I91: =I90 -> 1793.1148 | J91: =J90 -> 2038.4129 | K91: =K90 -> 2317.2678 | L91: =L90 -> 2634.27 | M91: =M90 -> 2994.6382 | ... AC91: =AC90 -> 23296.431 | AD91: =SUM(F91:AC91) -> 182755.51
AD92: =SUM(F92:AC92) -> 0
AD93: =SUM(F93:AC93) -> 0
C94: INCREASED ACCESS BENEFITS | AD94: =SUM(F94:AC94) -> 0
C95: Consumer Surplus | D95: 0.5 | AD95: =SUM(F95:AC95) -> 0
AD96: =SUM(F96:AC96) -> 0
B97: PEDESTRIAN | C97: Trips not taken before (none to transit+ped) | F97: =F12 -> 0 | G97: =G12 -> 14859.389 | H97: =H12 -> 30031.286 | I97: =I12 -> 30343.795 | J97: =J12 -> 30656.303 | K97: =K12 -> 30968.811 | L97: =L12 -> 31281.319 | M97: =M12 -> 31593.827 | ... AC97: =AC12 -> 33364.101 | AD97: =SUM(F97:AC97) -> 721898.22
C98: Time cost/savings, no trip taken to transit+ped, hours/day | F98: =$D$95*F55 -> -3.0038325 | G98: =$D$95*G55 -> -2.9964995 | H98: =$D$95*H55 -> -2.9891161 | I98: =$D$95*I55 -> -2.9816817 | J98: =$D$95*J55 -> -2.9741959 | K98: =$D$95*K55 -> -2.966658 | L98: =$D$95*L55 -> -2.9590676 | M98: =$D$95*M55 -> -2.951424 | ... AC98: =$D$95*AC55 -> -2.8214215 | AD98: =SUM(F98:AC98) -> -69.960129
C99: Total | F99: =F98*F97 -> 0 | G99: =G98*G97 -> -44526.152 | H99: =H98*H97 -> -89767.002 | I99: =I98*I97 -> -90475.538 | J99: =J98*J97 -> -91177.849 | K99: =K98*K97 -> -91873.871 | L99: =L98*L97 -> -92563.537 | M99: =M98*M97 -> -93246.781 | ... AC99: =AC98*AC97 -> -94134.191 | AD99: =SUM(F99:AC99) -> -2099073.8
C100: User cost/savings, no trip taken to transit+ped, $/trip | D100: =$D$95*(D63) -> 3.0165464 | F100: =$D100*F97 -> 0 | G100: =$D100*G97 -> 44824.036 | H100: =$D100*H97 -> 90590.768 | I100: =$D100*I97 -> 91533.463 | J100: =$D100*J97 -> 92476.159 | K100: =$D100*K97 -> 93418.854 | L100: =$D100*L97 -> 94361.55 | M100: =$D100*M97 -> 95304.245 | ... AC100: =$D100*AC97 -> 100644.36 | AD100: =SUM(F100:AC100) -> 2177639.5
AD101: =SUM(F101:AC101) -> 0
B102: BICYCLE | AD102: =SUM(F102:AC102) -> 0
...

Sheet FT Users
A2: USERS and NON-USERS | C2: 2012 | D2: 2013 | E2: 2014 | F2: 2015 | G2: 2016 | H2: 2017 | I2: 2018 | J2: 2019 | K2: 2020 | L2: 2021 | M2: 2022 | N2: 2023 | O2: 2024 | P2: 2025 | Q2: 2026 | R2: 2027 | S2: 2028 | T2: 2029 | U2: 2030 | V2: 2031 | W2: 2032 | X2: 2033 | Y2: 2034 | Z2: 2035
C3: Year 1 | D3: Year 2 | E3: Year 3 | F3: Year 4 | G3: Year 5 | H3: Year 6 | I3: Year 7 | J3: Year 8 | K3: Year 9 | L3: Year 10 | M3: Year 11 | N3: Year 12 | O3: Year 13 | P3: Year 14 | Q3: Year 15 | R3: Year 16 | S3: Year 17 | T3: Year 18 | U3: Year 19 | V3: Year 20 | W3: Year 21 | X3: Year 22 | Y3: Year 23 | Z3: Year 24
A4: PEDESTRIAN
A5: Current User | B5: Current User | C5: 0 | D5: =D66*0.5 -> 371484.73 | E5: =E66 -> 750782.16 | F5: =F66 -> 758594.86 | G5: =G66 -> 766407.57 | H5: =H66 -> 774220.28 | I5: =I66 -> 782032.98 | J5: =J66 -> 789845.69 | K5: =K66 -> 797658.39 | L5: =L66 -> 800088 | ... Z5: =Z66 -> 834102.52
A6: New User | B6: Mode shift (auto to transit+ped) | C6: =C68 -> 0 | D6: =D68*0.5 -> 22289.084 | E6: =E68 -> 45046.93 | F6: =F68 -> 45515.692 | G6: =G68 -> 45984.454 | H6: =H68 -> 46453.217 | I6: =I68 -> 46921.979 | J6: =J68 -> 47390.741 | K6: =K68 -> 47859.504 | L6: =L68 -> 48005.28 | ... Z6: =Z68 -> 50046.151
B7: Trips not taken before (none to transit+ped) | C7: =C69 -> 0 | D7: =D69*0.5 -> 14859.389 | E7: =E69 -> 30031.286 | F7: =F69 -> 30343.795 | G7: =G69 -> 30656.303 | H7: =H69 -> 30968.811 | I7: =I69 -> 31281.319 | J7: =J69 -> 31593.827 | K7: =K69 -> 31906.336 | L7: =L69 -> 32003.52 | ... Z7: =Z69 -> 33364.101
A10: BICYCLE
A11: Current User | B11: Current User | C11: 0 | D11: =D75*0.5 -> 2319.072 | E11: =E75 -> 5272.6421 | F11: =F75 -> 5993.9395 | G11: =G75 -> 6813.9105 | H11: =H75 -> 7746.0534 | I11: =I75 -> 8805.7135 | J11: =J75 -> 10010.335 | K11: =K75 -> 11379.749 | L11: =L75 -> 12936.499 | ... Z11: =Z75 -> 77874.21
A12: New User | B12: Trip shifted from auto to transit+bike | C12: =C77 -> 0 | D12: =D77*0.5 -> 115.9536 | E12: =E77 -> 263.6321 | F12: =F77 -> 299.69698 | G12: =G77 -> 340.69552 | H12: =H77 -> 387.30267 | I12: =I77 -> 440.28568 | J12: =J77 -> 500.51676 | K12: =K77 -> 568.98745 | L12: =L77 -> 646.82493 | ... Z12: =Z77 -> 3893.7105
B13: Trips not taken before (none to transit+bike) | C13: =C78 -> 0 | D13: =D78*0.5 -> 92.76288 | E13: =E78 -> 210.90568 | F13: =F78 -> 239.75758 | G13: =G78 -> 272.55642 | H13: =H78 -> 309.84214 | I13: =I78 -> 352.22854 | J13: =J78 -> 400.41341 | K13: =K78 -> 455.18996 | L13: =L78 -> 517.45995 | ... Z13: =Z78 -> 3114.9684
A16: ROAD
B17: Vehicle - Metro Access | C17: 0 | E17: =SUM(E55:E58)*$B$66 -> 3173952.8 | F17: =SUM(F55:F58)*$B$66 -> 3206981.2 | G17: =SUM(G55:G58)*$B$66 -> 3240009.7 | H17: =SUM(H55:H58)*$B$66 -> 3273038.1 | I17: =SUM(I55:I58)*$B$66 -> 3306066.5 | J17: =SUM(J55:J58)*$B$66 -> 3339095 | K17: =SUM(K55:K58)*$B$66 -> 3372123.4 | L17: =SUM(L55:L58)*$B$66 -> 3382394.6 | ... Z17: =SUM(Z55:Z58)*$B$66 -> 3526192
A18: Construction Impact | B18: Current User | D18: =SUM(D55:D58)*$B$66 -> 3140924.4
B19: New User (50% of VT reduced) | C19: =0.5*C26 -> 0 | D19: =0.5*D26 -> -11202.519 | E19: =0.5*E26 -> -22655.281 | F19: =0.5*F26 -> -22907.694 | G19: =0.5*G26 -> -23162.575 | H19: =0.5*H26 -> -23420.26 | I19: =0.5*I26 -> -23681.132 | J19: =0.5*J26 -> -23945.629 | ... Z19: =0.5*Z26 -> -26969.931
A20: Long-Term Impact | B20: Current User | D20: 0 | E20: =(E17)+E19 -> 3151297.5 | F20: =(F17)+F19 -> 3184073.5 | G20: =(G17)+G19 -> 3216847.1 | H20: =(H17)+H19 -> 3249617.8 | I20: =(I17)+I19 -> 3282385.4 | J20: =(J17)+J19 -> 3315149.3 | K20: =(K17)+K19 -> 3347909.1 | L20: =(L17)+L19 -> 3358068.6 | ... Z20: =(Z17)+Z19 -> 3499222
B23: TRAVEL IMPACTS
B24: Rail transit trips change | C24: =C6+C7+C12+C13 -> 0 | D24: =D6+D7+D12+D13 -> 37357.189 | E24: =E6+E7+E12+E13 -> 75552.754 | F24: =F6+F7+F12+F13 -> 76398.941 | G24: =G6+G7+G12+G13 -> 77254.009 | H24: =H6+H7+H12+H13 -> 78119.172 | I24: =I6+I7+I12+I13 -> 78995.812 | J24: =J6+J7+J12+J13 -> 79885.499 | ... Z24: =Z6+Z7+Z12+Z13 -> 90418.931
B25: Bus transit trips change | E25: =-E24*$A$57 -> -37747.311 | F25: =-F24*$A$57 -> -38170.079 | G25: =-G24*$A$57 -> -38597.284 | H25: =-H24*$A$57 -> -39029.533 | I25: =-I24*$A$57 -> -39467.515 | J25: =-J24*$A$57 -> -39912.016 | K25: =-K24*$A$57 -> -40363.927 | L25: =-L24*$A$57 -> -40555.314 | ... Z25: =-Z24*$A$57 -> -45174.68
B26: Auto VT reduced | C26: =-(C6+C12) -> 0 | D26: =-(D6+D12) -> -22405.037 | E26: =-(E6+E12) -> -45310.562 | F26: =-(F6+F12) -> -45815.389 | G26: =-(G6+G12) -> -46325.15 | H26: =-(H6+H12) -> -46840.519 | I26: =-(I6+I12) -> -47362.265 | J26: =-(J6+J12) -> -47891.258 | ... Z26: =-(Z6+Z12) -> -53939.862
B27: Auto VMT reduced | C27: =-('Mode Operating Assumptions'!$C$27*(C6+C12)) -> 0 | D27: =-('Mode Operating Assumptions'!$C$27*(D6+D12)) -> -145632.74 | E27: =-('Mode Operating Assumptions'!$C$27*(E6+E12)) -> -294518.65 | F27: =-('Mode Operating Assumptions'!$C$27*(F6+F12)) -> -297800.03 | G27: =-('Mode Operating Assumptions'!$C$27*(G6+G12)) -> -301113.47 | H27: =-('Mode Operating Assumptions'!$C$27*(H6+H12)) -> -304463.37 | I27: =-('Mode Operating Assumptions'!$C$27*(I6+I12)) -> -307854.72 | J27: =-('Mode Operating Assumptions'!$C$27*(J6+J12)) -> -311293.18 | ... Z27: =-('Mode Operating Assumptions'!$C$27*(Z6+Z12)) -> -350609.1
B28: Auto fuel savings | C28: =-(C27*'Mode Operating Assumptions'!$C$8/'Mode Operating Assumptions'!C11) -> 0 | D28: =-(D27*'Mode Operating Assumptions'!$C$8/'Mode Operating Assumptions'!D11) -> 25663.823 | E28: =-(E27*'Mode Operating Assumptions'!$C$8/'Mode Operating Assumptions'!E11) -> 50731.237 | F28: =-(F27*'Mode Operating Assumptions'!$C$8/'Mode Operating Assumptions'!F11) -> 50165.869 | G28: =-(G27*'Mode Operating Assumptions'!$C$8/'Mode Operating Assumptions'!G11) -> 49630.172 | H28: =-(H27*'Mode Operating Assumptions'!$C$8/'Mode Operating Assumptions'!H11) -> 49122.973 | I28: =-(I27*'Mode Operating Assumptions'!$C$8/'Mode Operating Assumptions'!I11) -> 48643.293 | J28: =-(J27*'Mode Operating Assumptions'!$C$8/'Mode Operating Assumptions'!J11) -> 48190.339 | ... Z28: =-(Z27*'Mode Operating Assumptions'!$C$8/'Mode Operating Assumptions'!Z11) -> 52779.724
A36: Mezzanine | B36: Daily Ent | F36: Daily Ext
B37: 2005 | C37: 2010 | D37: 2020 | E37: 2030 | F37: 2005 | G37: 2010 | H37: 2020 | I37: 2030
A38: Fort Totten | B38: 6231.8571 | C38: 6483.6279 | D38: 7211.7942 | E38: 7414.1734 | F38: 6507.0952 | G38: 6653.8829 | H38: 7352.1938 | I38: 7593.4229
D39: =(D38-C38)/10 -> 72.816629 | E39: =(E38-D38)/10 -> 20.237923 | H39: =(H38-G38)/10 -> 69.831088 | I39: =(I38-H38)/10 -> 24.122911
D40: =D39/C38 -> 0.011230846 | E40: =E39/D38 -> 0.0028062258 | H40: =H39/G38 -> 0.010494788 | I40: =I39/H38 -> 0.0032810494
C42: 2012 | D42: 2013 | E42: 2014 | F42: 2015 | G42: 2016 | H42: 2017 | I42: 2018 | J42: 2019 | K42: 2020 | L42: 2021 | M42: 2022 | N42: 2023 | O42: 2024 | P42: 2025 | Q42: 2026 | R42: 2027 | S42: 2028 | T42: 2029 | U42: 2030 | V42: 2031 | W42: 2032 | X42: 2033 | Y42: 2034 | Z42: 2035
C43: Year 1 | D43: Year 2 | E43: Year 3 | F43: Year 4 | G43: Year 5 | H43: Year 6 | I43: Year 7 | J43: Year 8 | K43: Year 9 | L43: Year 10 | M43: Year 11 | N43: Year 12 | O43: Year 13 | P43: Year 14 | Q43: Year 15 | R43: Year 16 | S43: Year 17 | T43: Year 18 | U43: Year 19 | V43: Year 20 | W43: Year 21 | X43: Year 22 | Y43: Year 23 | Z43: Year 24
B44: Daily users (Entry + Exit) | C44: =$C$38*(1+($D$40*(C42-2010)))+$G$38*(1+($H$40*(C42-2010))) -> 13422.806 | D44: =$C$38*(1+($D$40*(D42-2010)))+$G$38*(1+($H$40*(D42-2010))) -> 13565.454 | E44: =$C$38*(1+($D$40*(E42-2010)))+$G$38*(1+($H$40*(E42-2010))) -> 13708.102 | F44: =$C$38*(1+($D$40*(F42-2010)))+$G$38*(1+($H$40*(F42-2010))) -> 13850.749 | G44: =$C$38*(1+($D$40*(G42-2010)))+$G$38*(1+($H$40*(G42-2010))) -> 13993.397 | H44: =$C$38*(1+($D$40*(H42-2010)))+$G$38*(1+($H$40*(H42-2010))) -> 14136.045 | I44: =$C$38*(1+($D$40*(I42-2010)))+$G$38*(1+($H$40*(I42-2010))) -> 14278.692 | J44: =$C$38*(1+($D$40*(J42-2010)))+$G$38*(1+($H$40*(J42-2010))) -> 14421.34 | K44: =H38+D38 -> 14563.988 | L44: =$D$38*(1+($E$40*(L42-2020)))+$H$38*(1+($I$40*(L42-2020))) -> 14608.349 | M44: =$D$38*(1+($E$40*(M42-2020)))+$H$38*(1+($I$40*(M42-2020))) -> 14652.71 | N44: =$D$38*(1+($E$40*(N42-2020)))+$H$38*(1+($I$40*(N42-2020))) -> 14697.07 | O44: =$D$38*(1+($E$40*(O42-2020)))+$H$38*(1+($I$40*(O42-2020))) -> 14741.431 | P44: =$D$38*(1+($E$40*(P42-2020)))+$H$38*(1+($I$40*(P42-2020))) -> 14785.792 | Q44: =$D$38*(1+($E$40*(Q42-2020)))+$H$38*(1+($I$40*(Q42-2020))) -> 14830.153 | R44: =$D$38*(1+($E$40*(R42-2020)))+$H$38*(1+($I$40*(R42-2020))) -> 14874.514 | S44: =$D$38*(1+($E$40*(S42-2020)))+$H$38*(1+($I$40*(S42-2020))) -> 14918.875 | ... Z44: =$D$38*(1+($E$40*(Z42-2020)))+$H$38*(1+($I$40*(Z42-2020))) -> 15229.4
U45: =I38+E38 -> 15007.596
A47: Station Name | B47: Total | C47: ALEXANDRIA DASH | D47: AMTRAK, MARC OR VRE | E47: ARLINGTON TRANSIT (ART) | F47: Dropped off | G47: BICYCLE | H47: DC CIRCULATOR | I47: DRIVE A CAR | J47: FAIRFAX CITY CUE | K47: FAIRFAX CONNECTOR | L47: METROBUS | M47: MONTGOMERY RIDE ON | N47: OTHER BUS | O47: PRINCE GEORGE'S THE BUS | P47: RIDE WITH SOMEONE WHO PARKED | Q47: TAXI | R47: WALK
A48: FORT TOTTEN | B48: 6712.9455 | F48: 864.07885 | I48: 884.33072 | L48: 3317.1395 | N48: 36.75071 | P48: 44.79456 | Q48: 33.92263 | R48: 1531.9285
D49: =D48/$B48 -> 0 | E49: =E48/$B48 -> 0 | F49: =F48/$B48 -> 0.12871829 | G49: =G48/$B48 -> 0 | H49: =H48/$B48 -> 0 | I49: =I48/$B48 -> 0.13173513 | J49: =J48/$B48 -> 0 | K49: =K48/$B48 -> 0 | ... R49: =R48/$B48 -> 0.22820512
B50: Metrorail Mode of Access Study 2007 (All Day Access Absolute)
C51: 2012 | D51: 2013 | E51: 2014 | F51: 2015 | G51: 2016 | H51: 2017 | I51: 2018 | J51: 2019 | K51: 2020 | L51: 2021 | M51: 2022 | N51: 2023 | O51: 2024 | P51: 2025 | Q51: 2026 | R51: 2027 | S51: 2028 | T51: 2029 | U51: 2030 | V51: 2031 | W51: 2032 | X51: 2033 | Y51: 2034 | Z51: 2035
C52: Year 1 | D52: Year 2 | E52: Year 3 | F52: Year 4 | G52: Year 5 | H52: Year 6 | I52: Year 7 | J52: Year 8 | K52: Year 9 | L52: Year 10 | M52: Year 11 | N52: Year 12 | O52: Year 13 | P52: Year 14 | Q52: Year 15 | R52: Year 16 | S52: Year 17 | T52: Year 18 | U52: Year 19 | V52: Year 20 | W52: Year 21 | X52: Year 22 | Y52: Year 23 | Z52: Year 24
A53: =R49 -> 0.22820512 | B53: Walk | C53: =C$59*$A53 -> 3063.1531 | D53: =D$59*$A53 -> 3095.7061 | E53: =E$59*$A53 -> 3128.259 | F53: =F$59*$A53 -> 3160.8119 | G53: =G$59*$A53 -> 3193.3649 | H53: =H$59*$A53 -> 3225.9178 | I53: =I$59*$A53 -> 3258.4708 | J53: =J$59*$A53 -> 3291.0237 | ... Z53: =Z$59*$A53 -> 3475.4272
A54: =G49 -> 0 | B54: Bicycle | C54: =C$59*$A54 -> 0 | D54: =D$59*$A54 -> 0 | E54: =E$59*$A54 -> 0 | F54: =F$59*$A54 -> 0 | G54: =G$59*$A54 -> 0 | H54: =H$59*$A54 -> 0 | I54: =I$59*$A54 -> 0 | J54: =J$59*$A54 -> 0 | ... Z54: =Z$59*$A54 -> 0
A55: =I49 -> 0.13173513 | B55: Car - Park | C55: =C$59*$A55 -> 1768.2551 | D55: =D$59*$A55 -> 1787.0468 | E55: =E$59*$A55 -> 1805.8385 | F55: =F$59*$A55 -> 1824.6302 | G55: =G$59*$A55 -> 1843.4219 | H55: =H$59*$A55 -> 1862.2136 | I55: =I$59*$A55 -> 1881.0054 | J55: =J$59*$A55 -> 1899.7971 | ... Z55: =Z$59*$A55 -> 2006.247
A56: =F49 -> 0.12871829 | B56: Car - Drop-off | C56: =C$59*$A56 -> 1727.7606 | D56: =D$59*$A56 -> 1746.122 | E56: =E$59*$A56 -> 1764.4834 | F56: =F$59*$A56 -> 1782.8447 | G56: =G$59*$A56 -> 1801.2061 | H56: =H$59*$A56 -> 1819.5675 | I56: =I$59*$A56 -> 1837.9289 | J56: =J$59*$A56 -> 1856.2902 | ... Z56: =Z$59*$A56 -> 1960.3023
A57: =H49+L49+N49+O49 -> 0.49961529 | B57: Bus | C57: =C$59*$A57 -> 6706.2392 | D57: =D$59*$A57 -> 6777.5082 | E57: =E$59*$A57 -> 6848.7771 | F57: =F$59*$A57 -> 6920.0461 | G57: =G$59*$A57 -> 6991.3151 | H57: =H$59*$A57 -> 7062.5841 | I57: =I$59*$A57 -> 7133.8531 | J57: =J$59*$A57 -> 7205.122 | ... Z57: =Z$59*$A57 -> 7608.8413
A58: =P49+Q49+D49 -> 0.011726177 | B58: Other (Taxi, Motorcycle, etc.) | C58: =C$59*$A58 -> 157.39821 | D58: =D$59*$A58 -> 159.07092 | E58: =E$59*$A58 -> 160.74363 | F58: =F$59*$A58 -> 162.41634 | G58: =G$59*$A58 -> 164.08906 | H58: =H$59*$A58 -> 165.76177 | I58: =I$59*$A58 -> 167.43448 | J58: =J$59*$A58 -> 169.10719 | ... Z58: =Z$59*$A58 -> 178.58265
A59: =SUM(A53:A58) -> 1 | C59: =C$44*$A59 -> 13422.806 | D59: =D$44*$A59 -> 13565.454 | E59: =E$44*$A59 -> 13708.102 | F59: =F$44*$A59 -> 13850.749 | G59: =G$44*$A59 -> 13993.397 | H59: =H$44*$A59 -> 14136.045 | I59: =I$44*$A59 -> 14278.692 | J59: =J$44*$A59 -> 14421.34 | ... Z59: =Z$44*$A59 -> 15229.4
A61: Pedestrian Volumes
B62: Percent using improvements
B63: 0.8 | C63: =B63*C44 -> 10738.245
A64: PEDESTRIAN
A65: Current User | B65: Effective weekdays per year
B66: 300 | C66: =$B$63*C53*$B$66 -> 735156.75 | D66: =$B$63*D53*$B$66 -> 742969.45 | E66: =$B$63*E53*$B$66 -> 750782.16 | F66: =$B$63*F53*$B$66 -> 758594.86 | G66: =$B$63*G53*$B$66 -> 766407.57 | H66: =$B$63*H53*$B$66 -> 774220.28 | I66: =$B$63*I53*$B$66 -> 782032.98 | J66: =$B$63*J53*$B$66 -> 789845.69 | ... Z66: =$B$63*Z53*$B$66 -> 834102.52
A67: New User (mode shift)
A68: 0.06 | B68: Mode shift (auto to transit+ped) | D68: =D66*$A$68 -> 44578.167 | E68: =E66*$A$68 -> 45046.93 | F68: =F66*$A$68 -> 45515.692 | G68: =G66*$A$68 -> 45984.454 | H68: =H66*$A$68 -> 46453.217 | I68: =I66*$A$68 -> 46921.979 | J68: =J66*$A$68 -> 47390.741 | K68: =K66*$A$68 -> 47859.504 | ... Z68: =Z66*$A$68 -> 50046.151
A69: 0.04 | B69: Trips not taken before (none to transit+ped) | D69: =D66*$A$69 -> 29718.778 | E69: =E66*$A$69 -> 30031.286 | F69: =F66*$A$69 -> 30343.795 | G69: =G66*$A$69 -> 30656.303 | H69: =H66*$A$69 -> 30968.811 | I69: =I66*$A$69 -> 31281.319 | J69: =J66*$A$69 -> 31593.827 | K69: =K66*$A$69 -> 31906.336 | ... Z69: =Z66*$A$69 -> 33364.101
A71: BICYCLE | C71: 0.1368
C72: 17 | D72: =C72*(1+$C$71) -> 19.3256 | E72: =D72*(1+$C$71) -> 21.969342 | F72: =E72*(1+$C$71) -> 24.974748 | G72: =F72*(1+$C$71) -> 28.391294 | H72: =G72*(1+$C$71) -> 32.275223 | I72: =H72*(1+$C$71) -> 36.690473 | J72: =I72*(1+$C$71) -> 41.70973 | K72: =J72*(1+$C$71) -> 47.415621 | ... Z72: =Y72*(1+$C$71) -> 324.47588
A74: Current User | B74: Effective weekdays per year
B75: 300 | C75: =$B75*$B63*C72 -> 4080 | D75: =$B75*$B63*D72 -> 4638.144 | E75: =$B75*$B63*E72 -> 5272.6421 | F75: =$B75*$B63*F72 -> 5993.9395 | G75: =$B75*$B63*G72 -> 6813.9105 | H75: =$B75*$B63*H72 -> 7746.0534 | I75: =$B75*$B63*I72 -> 8805.7135 | J75: =$B75*$B63*J72 -> 10010.335 | ... Z75: =$B75*$B63*Z72 -> 77874.21
A77: 0.05 | B77: Trip shifted from auto to transit+bike | D77: =D75*$A$77 -> 231.9072 | E77: =E75*$A$77 -> 263.6321 | F77: =F75*$A$77 -> 299.69698 | G77: =G75*$A$77 -> 340.69552 | H77: =H75*$A$77 -> 387.30267 | I77: =I75*$A$77 -> 440.28568 | J77: =J75*$A$77 -> 500.51676 | K77: =K75*$A$77 -> 568.98745 | ... Z77: =Z75*$A$77 -> 3893.7105
A78: 0.04 | B78: Trips not taken before (none to transit+bike) | D78: =D75*$A$78 -> 185.52576 | E78: =E75*$A$78 -> 210.90568 | F78: =F75*$A$78 -> 239.75758 | G78: =G75*$A$78 -> 272.55642 | H78: =H75*$A$78 -> 309.84214 | I78: =I75*$A$78 -> 352.22854 | J78: =J75*$A$78 -> 400.41341 | K78: =K75*$A$78 -> 455.18996 | ... Z78: =Z75*$A$78 -> 3114.9684
A90: 2010 CLRP DAILY TRAFFIC VOLUMES
A91: (v2.2 travel demand model, 2191 TAZ) | G91: 2011 to 2030 | I91: 2030 to 2040
G92: Change | H92: Annualized | J92: Annualized
H93: 0.00622 | J93: 0.0216
A94: Ager Rd. | B94: south of EastWest Hwy. | C94: 4028-4199 | D94: 10333 | E94: 11625 | F94: 14395 | G94: =E94-D94 -> 1292 | H94: =D94*((1+H93)^19) -> 11624.985 | I94: =F94-E94 -> 2770 | J94: =E94*((1+J93)^10) -> 14394.673
H95: 0.00871 | J95: 0.03266
B96: north of Queens Chapel Rd. | C96: 4027-4042 | D96: 5431 | E96: 6404 | F96: 8831 | G96: =E96-D96 -> 973 | H96: =D96*((1+H95)^19) -> 6403.8331 | I96: =F96-E96 -> 2427 | J96: =E96*((1+J95)^10) -> 8831.3048
A99: SOURCES:
A100: 2011: N:\model_app\CGV2_2_Conformity2011\2011_Conf\I6HWY.NET
A101: 2030: N:\model_app\CGV2_2_Conformity2011_VDOT\2030_Conf\I6HWY.NET
A102: 2040: N:\model_app\CGV2_2_Conformity2011_VDOT\2040_Conf\I6HWY.NET

Sheet Forest Glen
F1: 2012 | G1: 2013 | H1: 2014 | I1: 2015 | J1: 2016 | K1: 2017 | L1: 2018 | M1: 2019 | N1: 2020 | O1: 2021 | P1: 2022 | Q1: 2023 | R1: 2024 | S1: 2025 | T1: 2026 | U1: 2027 | V1: 2028 | W1: 2029 | X1: 2030 | Y1: 2031 | Z1: 2032 | AA1: 2033 | AB1: 2034 | AC1: 2035
D2: Factor | E2: Total | F2: Year 1 | G2: Year 2 | H2: Year 3 | I2: Year 4 | J2: Year 5 | K2: Year 6 | L2: Year 7 | M2: Year 8 | N2: Year 9 | O2: Year 10 | P2: Year 11 | Q2: Year 12 | R2: Year 13 | S2: Year 14 | T2: Year 15 | U2: Year 16 | V2: Year 17 | W2: Year 18 | X2: Year 19 | Y2: Year 20 | Z2: Year 21 | AA2: Year 22 | AB2: Year 23 | AC2: Year 24
A5: Project Costs | C5: O & M | J5: -92400 | K5: -92400 | L5: -92400 | M5: -92400 | N5: -92400 | O5: -92400 | P5: -92400 | Q5: -92400 | R5: -92400 | S5: -92400 | T5: -92400 | U5: -92400 | V5: -92400 | W5: -92400 | X5: -92400 | Y5: -92400 | Z5: -92400 | AA5: -92400 | AB5: -92400 | AC5: -92400 | AD5: =SUM(F5:AC5) -> -1848000
C6: Construction | F6: -1110000 | G6: -3630000 | H6: -4543333.3 | I6: -6620625 | J6: -1696041.7 | AD6: =SUM(F6:AC6) -> -17600000
AD7: =SUM(F7:AC7) -> 0
A8: Users | AD8: =SUM(F8:AC8) -> 0
B9: PEDESTRIAN | AD9: =SUM(F9:AC9) -> 0
B10: Local | C10: Current User | F10: ='FG Users'!C6 -> 0 | G10: ='FG Users'!D6 -> 0 | H10: ='FG Users'!E6 -> 0 | I10: ='FG Users'!F6 -> 0 | J10: ='FG Users'!G6 -> 198905 | K10: ='FG Users'!H6 -> 275077.66 | L10: ='FG Users'!I6 -> 285316.05 | M10: ='FG Users'!J6 -> 295935.51 | ... AC10: ='FG Users'!Z6 -> 310375.09 | AD10: =SUM(F10:AC10) -> 5993789.5
B11: Commute | C11: Trip shifted from auto to transit+ped | I11: ='FG Users'!F7 -> 0 | J11: ='FG Users'!G7 -> 9945.25 | K11: ='FG Users'!H7 -> 13753.883 | L11: ='FG Users'!I7 -> 14265.803 | M11: ='FG Users'!J7 -> 14796.776 | N11: ='FG Users'!K7 -> 15347.512 | O11: ='FG Users'!L7 -> 15358.869 | P11: ='FG Users'!M7 -> 15370.234 | ... AC11: ='FG Users'!Z7 -> 15518.754 | AD11: =SUM(F11:AC11) -> 299689.47
C12: Trips not taken before (none to transit+ped) | I12: ='FG Users'!F8 -> 0 | J12: ='FG Users'!G8 -> 9945.25 | K12: ='FG Users'!H8 -> 13753.883 | L12: ='FG Users'!I8 -> 14265.803 | M12: ='FG Users'!J8 -> 14796.776 | N12: ='FG Users'!K8 -> 15347.512 | O12: ='FG Users'!L8 -> 15358.869 | P12: ='FG Users'!M8 -> 15370.234 | ... AC12: ='FG Users'!Z8 -> 15518.754 | AD12: =SUM(F12:AC12) -> 299689.47
AD13: =SUM(F13:AC13) -> 0
B14: BICYCLE | AD14: =SUM(F14:AC14) -> 0
B15: Local | C15: Current User | F15: ='FG Users'!C12 -> 0 | G15: ='FG Users'!D12 -> 0 | H15: ='FG Users'!E12 -> 0 | I15: ='FG Users'!F12 -> 0 | J15: ='FG Users'!G12 -> 3871.0496 | K15: ='FG Users'!H12 -> 5353.5067 | L15: ='FG Users'!I12 -> 5552.7643 | M15: ='FG Users'!J12 -> 5759.4382 | ... AC15: ='FG Users'!Z12 -> 6040.4583 | AD15: =SUM(F15:AC15) -> 116649.94
B16: Commute | C16: Trip shifted from auto to transit+bike | I16: ='FG Users'!F13 -> 0 | J16: ='FG Users'!G13 -> 193.55248 | K16: ='FG Users'!H13 -> 267.67534 | L16: ='FG Users'!I13 -> 277.63821 | M16: ='FG Users'!J13 -> 287.97191 | N16: ='FG Users'!K13 -> 298.69022 | O16: ='FG Users'!L13 -> 298.91125 | P16: ='FG Users'!M13 -> 299.13245 | ... AC16: ='FG Users'!Z13 -> 302.02291 | AD16: =SUM(F16:AC16) -> 5832.497
C17: Trips not taken before (none to transit+bike) | I17: ='FG Users'!F14 -> 0 | J17: ='FG Users'!G14 -> 193.55248 | K17: ='FG Users'!H14 -> 267.67534 | L17: ='FG Users'!I14 -> 277.63821 | M17: ='FG Users'!J14 -> 287.97191 | N17: ='FG Users'!K14 -> 298.69022 | O17: ='FG Users'!L14 -> 298.91125 | P17: ='FG Users'!M14 -> 299.13245 | ... AC17: ='FG Users'!Z14 -> 302.02291 | AD17: =SUM(F17:AC17) -> 5832.497 | AG17: Comp. Grpah
AD18: =SUM(F18:AC18) -> 0 | AG18: =AD59+AD71+AD78 -> 5264435.7
B19: BIKESHARE | AD19: =SUM(F19:AC19) -> 0 | AG19: =AD98+AD105 -> 22406.46
B20: Local | C20: Trips shifted from auto | I20: ='FG Users'!F17 -> 0 | J20: ='FG Users'!G17 -> 6750 | K20: ='FG Users'!H17 -> 9216.25 | L20: ='FG Users'!I17 -> 9308.4125 | M20: ='FG Users'!J17 -> 9401.4966 | N20: ='FG Users'!K17 -> 9495.5116 | O20: ='FG Users'!L17 -> 9590.4667 | P20: ='FG Users'!M17 -> 9686.3714 | ... AC20: ='FG Users'!Z17 -> 11023.994 | AD20: =SUM(F20:AC20) -> 198548.41 | AG20: =AD132+AD145 -> 4126011.4
C21: Trips shifted from bus | I21: ='FG Users'!F18 -> 0 | J21: ='FG Users'!G18 -> 3375 | K21: ='FG Users'!H18 -> 4608.125 | L21: ='FG Users'!I18 -> 4654.2063 | M21: ='FG Users'!J18 -> 4700.7483 | N21: ='FG Users'!K18 -> 4747.7558 | O21: ='FG Users'!L18 -> 4795.2334 | P21: ='FG Users'!M18 -> 4843.1857 | ... AC21: ='FG Users'!Z18 -> 5511.9971 | AD21: =SUM(F21:AC21) -> 99274.206 | AG21: =AD98+AD104 -> 22406.46
C22: Trips shifted from personal bike | I22: ='FG Users'!F19 -> 0 | J22: ='FG Users'!G19 -> 3375 | K22: ='FG Users'!H19 -> 4608.125 | L22: ='FG Users'!I19 -> 4654.2063 | M22: ='FG Users'!J19 -> 4700.7483 | N22: ='FG Users'!K19 -> 4747.7558 | O22: ='FG Users'!L19 -> 4795.2334 | P22: ='FG Users'!M19 -> 4843.1857 | ... AC22: ='FG Users'!Z19 -> 5511.9971 | AD22: =SUM(F22:AC22) -> 99274.206 | AG22: =AD206 -> 5145595.1
C23: Trips shifted from walking | I23: ='FG Users'!F20 -> 0 | J23: ='FG Users'!G20 -> 10125 | K23: ='FG Users'!H20 -> 13824.375 | L23: ='FG Users'!I20 -> 13962.619 | M23: ='FG Users'!J20 -> 14102.245 | N23: ='FG Users'!K20 -> 14243.267 | O23: ='FG Users'!L20 -> 14385.7 | P23: ='FG Users'!M20 -> 14529.557 | ... AC23: ='FG Users'!Z20 -> 16535.991 | AD23: =SUM(F23:AC23) -> 297822.62 | AG23: =AD219 -> 5432460.6
C24: Trips not taken before | I24: ='FG Users'!F21 -> 0 | J24: ='FG Users'!G21 -> 10125 | K24: ='FG Users'!H21 -> 13824.375 | L24: ='FG Users'!I21 -> 13962.619 | M24: ='FG Users'!J21 -> 14102.245 | N24: ='FG Users'!K21 -> 14243.267 | O24: ='FG Users'!L21 -> 14385.7 | P24: ='FG Users'!M21 -> 14529.557 | ... AC24: ='FG Users'!Z21 -> 16535.991 | AD24: =SUM(F24:AC24) -> 297822.62 | AG24: =AD222 -> 859487.68
B25: Commute | C25: Trips shifted from auto to transit+bikeshare | I25: ='FG Users'!F22 -> 0 | J25: ='FG Users'!G22 -> 16875 | K25: ='FG Users'!H22 -> 23040.625 | L25: ='FG Users'!I22 -> 23271.031 | M25: ='FG Users'!J22 -> 23503.742 | N25: ='FG Users'!K22 -> 23738.779 | O25: ='FG Users'!L22 -> 23976.167 | P25: ='FG Users'!M22 -> 24215.928 | ... AC25: ='FG Users'!Z22 -> 27559.985 | AD25: =SUM(F25:AC25) -> 496371.03 | AG25: =AD237 -> 335127.55
C26: Trips not taken before (none to transit+bikeshare) | I26: ='FG Users'!F23 -> 0 | J26: ='FG Users'!G23 -> 16875 | K26: ='FG Users'!H23 -> 23040.625 | L26: ='FG Users'!I23 -> 23271.031 | M26: ='FG Users'!J23 -> 23503.742 | N26: ='FG Users'!K23 -> 23738.779 | O26: ='FG Users'!L23 -> 23976.167 | P26: ='FG Users'!M23 -> 24215.928 | ... AC26: ='FG Users'!Z23 -> 27559.985 | AD26: =SUM(F26:AC26) -> 496371.03 | AG26: =AD242 -> 17412.929
AD27: =SUM(F27:AC27) -> 0 | AG27: =AD272 -> 5754564.5
B28: MOBILITY DEVICE | AD28: =SUM(F28:AC28) -> 0 | AG28: =SUM(AG18:AG27) -> 26979908
B29: Local | C29: Current User | F29: ='FG Users'!C26 -> 0 | G29: ='FG Users'!D26 -> 0 | H29: ='FG Users'!E26 -> 0 | I29: ='FG Users'!F26 -> 0 | J29: ='FG Users'!G26 -> 1831.6613 | K29: ='FG Users'!H26 -> 2533.1143 | L29: ='FG Users'!I26 -> 2627.3968 | M29: ='FG Users'!J26 -> 2725.1886 | ... AC29: ='FG Users'!Z26 -> 2858.1586 | AD29: =SUM(F29:AC29) -> 55195.155
B30: Commute | C30: Mode shift (auto to transit+mob device) | I30: ='FG Users'!F27 -> 0 | J30: ='FG Users'!G27 -> 457.91533 | K30: ='FG Users'!H27 -> 633.27858 | L30: ='FG Users'!I27 -> 656.84921 | M30: ='FG Users'!J27 -> 681.29714 | N30: ='FG Users'!K27 -> 706.65502 | O30: ='FG Users'!L27 -> 707.17794 | P30: ='FG Users'!M27 -> 707.70125 | ... AC30: ='FG Users'!Z27 -> 714.53965 | AD30: =SUM(F30:AC30) -> 13798.789
C31: Trips not taken before (none to transit+mob device) | I31: ='FG Users'!F28 -> 0 | J31: ='FG Users'!G28 -> 274.7492 | K31: ='FG Users'!H28 -> 379.96715 | L31: ='FG Users'!I28 -> 394.10953 | M31: ='FG Users'!J28 -> 408.77828 | N31: ='FG Users'!K28 -> 423.99301 | O31: ='FG Users'!L28 -> 424.30677 | P31: ='FG Users'!M28 -> 424.62075 | ... AC31: ='FG Users'!Z28 -> 428.72379 | AD31: =SUM(F31:AC31) -> 8279.2732 | AG31: Bikeshare
AD32: =SUM(F32:AC32) -> 0 | AG32: -500000
B33: TRAVEL IMPACTS | AD33: =SUM(F33:AC33) -> 0 | AG33: =+AD132+AD145+AD193+AD262+AD260 -> 1058458.6
C34: Rail transit trips change | F34: ='FG Users'!C40 -> 0 | G34: ='FG Users'!D40 -> 0 | H34: ='FG Users'!E40 -> 0 | I34: ='FG Users'!F40 -> 0 | J34: ='FG Users'!G40 -> 54760.27 | K34: ='FG Users'!H40 -> 75137.612 | L34: ='FG Users'!I40 -> 76679.903 | M34: ='FG Users'!J40 -> 78267.054 | ... AC34: ='FG Users'!Z40 -> 87904.789 | AD34: =SUM(F34:AC34) -> 1625864.1
C35: Bus transit trips change | F35: ='FG Users'!C41 -> 0 | G35: ='FG Users'!D41 -> 0 | H35: ='FG Users'!E41 -> 0 | I35: ='FG Users'!F41 -> 0 | J35: ='FG Users'!G41 -> -3375 | K35: ='FG Users'!H41 -> -4608.125 | L35: ='FG Users'!I41 -> -4654.2063 | M35: ='FG Users'!J41 -> -4700.7483 | ... AC35: ='FG Users'!Z41 -> -5511.9971 | AD35: =SUM(F35:AC35) -> -99274.206
C36: Auto VT reduced | F36: ='FG Users'!C42 -> 0 | G36: ='FG Users'!D42 -> 0 | H36: ='FG Users'!E42 -> 0 | I36: ='FG Users'!F42 -> 0 | J36: ='FG Users'!G42 -> -34221.718 | K36: ='FG Users'!H42 -> -46911.712 | L36: ='FG Users'!I42 -> -47779.734 | M36: ='FG Users'!J42 -> -48671.283 | ... AC36: ='FG Users'!Z42 -> -55119.296 | AD36: =SUM(F36:AC36) -> -1014240.2
C37: Auto VMT reduced | F37: ='FG Users'!C43 -> 0 | G37: ='FG Users'!D43 -> 0 | H37: ='FG Users'!E43 -> 0 | I37: ='FG Users'!F43 -> 0 | J37: ='FG Users'!G43 -> -190648.67 | K37: ='FG Users'!H43 -> -261517.59 | L37: ='FG Users'!I43 -> -266725.65 | M37: ='FG Users'!J43 -> -272082.29 | ... AC37: ='FG Users'!Z43 -> -306352.41 | AD37: =SUM(F37:AC37) -> -5657398.3
C38: Auto fuel savings | F38: ='FG Users'!C44 -> 0 | G38: ='FG Users'!D44 -> 0 | H38: ='FG Users'!E44 -> 0 | I38: ='FG Users'!F44 -> 0 | J38: ='FG Users'!G44 -> 30759.789 | K38: ='FG Users'!H44 -> 41321.689 | L38: ='FG Users'!I44 -> 41290.976 | M38: ='FG Users'!J44 -> 41284.029 | ... AC38: ='FG Users'!Z44 -> 46093.216 | AD38: =SUM(F38:AC38) -> 859487.68
AD39: =SUM(F39:AC39) -> 0
A40: Non-Users | AD40: =SUM(F40:AC40) -> 0
B41: ROAD | AD41: =SUM(F41:AC41) -> 0
B42: Construction Impact | C42: Current User | F42: ='FG Users'!C34 -> 0 | G42: ='FG Users'!D34 -> 0 | H42: ='FG Users'!E34 -> 14843250 | I42: ='FG Users'!F34 -> 22264875 | J42: ='FG Users'!G34 -> 0 | K42: ='FG Users'!H34 -> 0 | L42: ='FG Users'!I34 -> 0 | M42: ='FG Users'!J34 -> 0 | ... AC42: ='FG Users'!Z34 -> 0 | AD42: =SUM(F42:AC42) -> 37108125
B43: Long-Term Impact | C43: Reduced Users | F43: ='FG Users'!C35 -> 0 | G43: ='FG Users'!D35 -> 0 | H43: ='FG Users'!E35 -> 0 | I43: ='FG Users'!F35 -> 0 | J43: ='FG Users'!G35 -> -17110.859 | K43: ='FG Users'!H35 -> -23455.856 | L43: ='FG Users'!I35 -> -23889.867 | M43: ='FG Users'!J35 -> -24335.641 | ... AC43: ='FG Users'!Z35 -> -27559.648 | AD43: =SUM(F43:AC43) -> -507120.1
C44: Current User | F44: ='FG Users'!C36 -> 0 | G44: ='FG Users'!D36 -> 0 | H44: ='FG Users'!E36 -> 0 | I44: ='FG Users'!F36 -> 0 | J44: ='FG Users'!G36 -> 30081702 | K44: ='FG Users'!H36 -> 30075357 | L44: ='FG Users'!I36 -> 30074923 | M44: ='FG Users'!J36 -> 30074477 | ... AC44: ='FG Users'!Z36 -> 30071253 | AD44: =SUM(F44:AC44) -> 6.0146913e+08
AD45: =SUM(F45:AC45) -> 0
AD46: =SUM(F46:AC46) -> 0
A47: STATE OF GOOD REPAIR | AD47: =SUM(F47:AC47) -> 0
C48: New Construction for this project | AD48: =SUM(F48:AC48) -> 0
AD49: =SUM(F49:AC49) -> 0
AD50: =SUM(F50:AC50) -> 0
AD51: =SUM(F51:AC51) -> 0
A52: ECONOMIC COMPETITIVENESS | AD52: =SUM(F52:AC52) -> 0
AD53: =SUM(F53:AC53) -> 0
B54: PEDESTRIAN | AD54: =SUM(F54:AC54) -> 0
B55: Local | C55: Current User | AD55: =SUM(F55:AC55) -> 0
C56: TRAVEL TIME COST/SAVINGS | AD56: =SUM(F56:AC56) -> 0
C57: Travel time savings (hour) | D57: =(71+48)/3600 -> 0.033055556 | AD57: =SUM(F57:AC57) -> 0
C58: Value of time, ped, $/hour | D58: 26.21 | AD58: =SUM(F58:AC58) -> 0
C59: Total time cost/savings | F59: 0 | G59: 0 | H59: 0 | I59: 0 | J59: =$D$58*$D$57*J10 -> 172328.53 | K59: =$D$58*$D$57*K10 -> 238323.46 | L59: =$D$58*$D$57*L10 -> 247193.86 | M59: =$D$58*$D$57*M10 -> 256394.42 | N59: =$D$58*$D$57*N10 -> 265937.42 | O59: =$D$58*$D$57*O10 -> 266134.21 | P59: =$D$58*$D$57*P10 -> 266331.15 | Q59: =$D$58*$D$57*Q10 -> 266528.24 | ... AC59: =$D$58*$D$57*AC10 -> 268904.66 | AD59: =SUM(F59:AC59) -> 5192936
AD60: =SUM(F60:AC60) -> 0
B61: Commute | C61: Mode shift (auto to transit+ped) | F61: =F11 -> 0 | G61: =G11 -> 0 | H61: =H11 -> 0 | I61: =I11 -> 0 | J61: =J11 -> 9945.25 | K61: =K11 -> 13753.883 | L61: =L11 -> 14265.803 | M61: =M11 -> 14796.776 | ... AC61: =AC11 -> 15518.754 | AD61: =SUM(F61:AC61) -> 299689.47
C62: TRAVEL TIME COST/SAVINGS | AD62: =SUM(F62:AC62) -> 0
C63: travel time, auto | F63: ='Mode Operating Assumptions'!D29 -> 0.3910028 | G63: ='Mode Operating Assumptions'!E29 -> 0.39205715 | H63: ='Mode Operating Assumptions'!F29 -> 0.39311875 | I63: ='Mode Operating Assumptions'!G29 -> 0.39418767 | J63: ='Mode Operating Assumptions'!H29 -> 0.395264 | K63: ='Mode Operating Assumptions'!I29 -> 0.39634781 | L63: ='Mode Operating Assumptions'!J29 -> 0.39743917 | M63: ='Mode Operating Assumptions'!K29 -> 0.39853817 | ... AC63: ='Mode Operating Assumptions'!AA29 -> 0.41723012 | AD63: =SUM(F63:AC63) -> 9.6905878
C64: travel time, transit | D64: ='Mode Operating Assumptions'!C152 -> 0.38127572 | AD64: =SUM(F64:AC64) -> 0
C65: travel time, ped | D65: ='Mode Operating Assumptions'!C52 -> 0.234375 | AD65: =SUM(F65:AC65) -> 0
C66: Value of time, auto, $/hour | D66: 13.91 | AD66: =SUM(F66:AC66) -> 0
C67: Value of time, transit, $/hour | D67: 13.91 | AD67: =SUM(F67:AC67) -> 0
C68: Value of time, ped, $/hour | D68: =D58 -> 26.21 | AD68: =SUM(F68:AC68) -> 0
C69: Time cost/savings, auto to transit+ped, hours/day | F69: =+(F63*$D$66)-($D$64*$D$67)-($D$65*$D$68) -> -6.0076651 | G69: =+(G63*$D$66)-($D$64*$D$67)-($D$65*$D$68) -> -5.9929991 | H69: =+(H63*$D$66)-($D$64*$D$67)-($D$65*$D$68) -> -5.9782322 | I69: =+(I63*$D$66)-($D$64*$D$67)-($D$65*$D$68) -> -5.9633635 | J69: =+(J63*$D$66)-($D$64*$D$67)-($D$65*$D$68) -> -5.9483918 | K69: =+(K63*$D$66)-($D$64*$D$67)-($D$65*$D$68) -> -5.933316 | L69: =+(L63*$D$66)-($D$64*$D$67)-($D$65*$D$68) -> -5.9181351 | M69: =+(M63*$D$66)-($D$64*$D$67)-($D$65*$D$68) -> -5.902848 | ... AC69: =+(AC63*$D$66)-($D$64*$D$67)-($D$65*$D$68) -> -5.642843 | AD69: =SUM(F69:AC69) -> -139.92026
F70: =F69*F61 -> 0 | G70: =G69*G61 -> 0 | H70: =H69*H61 -> 0 | I70: =I69*I61 -> 0 | J70: =J69*J61 -> -59158.243 | K70: =K69*K61 -> -81606.134 | L70: =L69*L61 -> -84426.947 | M70: =M69*M61 -> -87343.118 | ... AC70: =AC69*AC61 -> -87569.894 | AD70: =SUM(F70:AC70) -> -1736554.6
C71: Total time cost/savings | F71: =F70 -> 0 | G71: =G70 -> 0 | H71: =H70 -> 0 | I71: =I70 -> 0 | J71: =J70 -> -59158.243 | K71: =K70 -> -81606.134 | L71: =L70 -> -84426.947 | M71: =M70 -> -87343.118 | ... AC71: =AC70 -> -87569.894 | AD71: =SUM(F71:AC71) -> -1736554.6
AD72: =SUM(F72:AC72) -> 0
C73: USER COST/SAVINGS | AD73: =SUM(F73:AC73) -> 0
C74: Auto costs/savings, $/trip | D74: ='Mode Operating Assumptions'!C33 -> 8.1905 | AD74: =SUM(F74:AC74) -> 0
C75: Transit costs, $/trip | D75: ='Mode Operating Assumptions'!C155 -> 2.1074073 | AD75: =SUM(F75:AC75) -> 0
C76: Ped costs/savings, $/trip | D76: 0.05 | AD76: =SUM(F76:AC76) -> 0
C77: User cost/savings, auto to transit+ped, $/trip | D77: =+D74-D75-D76 -> 6.0330927 | F77: =$D77*F61 -> 0 | G77: =$D77*G61 -> 0 | H77: =$D77*H61 -> 0 | I77: =$D77*I61 -> 0 | J77: =$D77*J61 -> 60000.616 | K77: =$D77*K61 -> 82978.451 | L77: =$D77*L61 -> 86066.909 | M77: =$D77*M61 -> 89270.32 | ... AC77: =$D77*AC61 -> 93626.084 | AD77: =SUM(F77:AC77) -> 1808054.4
C78: Total user cost/savings | F78: =F77 -> 0 | G78: =G77 -> 0 | H78: =H77 -> 0 | I78: =I77 -> 0 | J78: =J77 -> 60000.616 | K78: =K77 -> 82978.451 | L78: =L77 -> 86066.909 | M78: =M77 -> 89270.32 | ... AC78: =AC77 -> 93626.084 | AD78: =SUM(F78:AC78) -> 1808054.4
AD79: =SUM(F79:AC79) -> 0
B80: BICYCLE | AD80: =SUM(F80:AC80) -> 0
B81: Local | C81: Current User | AD81: =SUM(F81:AC81) -> 0
C82: TRAVEL TIME COST/SAVINGS | AD82: =SUM(F82:AC82) -> 0
C83: Travel time savings (seconds) | D83: 0 | AD83: =SUM(F83:AC83) -> 0
C84: Value of time, bike, $/hour | D84: ='Price Assumptions'!$B$3 -> 13.91 | AD84: =SUM(F84:AC84) -> 0
C85: Total time cost/savings | F85: =$D$83*$D$84*F15 -> 0 | G85: =$D$83*$D$84*G15 -> 0 | H85: =$D$83*$D$84*H15 -> 0 | I85: =$D$83*$D$84*I15 -> 0 | J85: =$D$83*$D$84*J15 -> 0 | K85: =$D$83*$D$84*K15 -> 0 | L85: =$D$83*$D$84*L15 -> 0 | M85: =$D$83*$D$84*M15 -> 0 | ... AC85: =$D$83*$D$84*AC15 -> 0 | AD85: =SUM(F85:AC85) -> 0
AD86: =SUM(F86:AC86) -> 0
AD87: =SUM(F87:AC87) -> 0
B88: Commute | C88: Mode shift (auto to transit+bike) | F88: =F16 -> 0 | G88: =G16 -> 0 | H88: =H16 -> 0 | I88: =I16 -> 0 | J88: =J16 -> 193.55248 | K88: =K16 -> 267.67534 | L88: =L16 -> 277.63821 | M88: =M16 -> 287.97191 | ... AC88: =AC16 -> 302.02291 | AD88: =SUM(F88:AC88) -> 5832.497
C89: TRAVEL TIME COST/SAVINGS | AD89: =SUM(F89:AC89) -> 0
C90: travel time, auto | D90: varies | F90: =F63 -> 0.3910028 | G90: =G63 -> 0.39205715 | H90: =H63 -> 0.39311875 | I90: =I63 -> 0.39418767 | J90: =J63 -> 0.395264 | K90: =K63 -> 0.39634781 | L90: =L63 -> 0.39743917 | M90: =M63 -> 0.39853817 | ... AC90: =AC63 -> 0.41723012 | AD90: =SUM(F90:AC90) -> 9.6905878
C91: travel time, transit | D91: =D64 -> 0.38127572 | AD91: =SUM(F91:AC91) -> 0
C92: travel time, bike | D92: ='Mode Operating Assumptions'!C102 -> 0.179 | AD92: =SUM(F92:AC92) -> 0
C93: Value of time, auto, $/hour | D93: =D66 -> 13.91 | AD93: =SUM(F93:AC93) -> 0
C94: Value of time, transit, $/hour | D94: =D67 -> 13.91 | AD94: =SUM(F94:AC94) -> 0
C95: Value of time, bike, $/hour | D95: ='Mode Operating Assumptions'!C103 -> 13.91 | AD95: =SUM(F95:AC95) -> 0
C96: Time cost/savings, auto to transit+bike, hours/day | F96: =+(F90*$D$93)-($D$91*$D$94)-($D$92*$D$95) -> -2.3545863 | G96: =+(G90*$D$93)-($D$91*$D$94)-($D$92*$D$95) -> -2.3399203 | H96: =+(H90*$D$93)-($D$91*$D$94)-($D$92*$D$95) -> -2.3251535 | I96: =+(I90*$D$93)-($D$91*$D$94)-($D$92*$D$95) -> -2.3102847 | J96: =+(J90*$D$93)-($D$91*$D$94)-($D$92*$D$95) -> -2.295313 | K96: =+(K90*$D$93)-($D$91*$D$94)-($D$92*$D$95) -> -2.2802372 | L96: =+(L90*$D$93)-($D$91*$D$94)-($D$92*$D$95) -> -2.2650564 | M96: =+(M90*$D$93)-($D$91*$D$94)-($D$92*$D$95) -> -2.2497693 | ... AC96: =+(AC90*$D$93)-($D$91*$D$94)-($D$92*$D$95) -> -1.9897642 | AD96: =SUM(F96:AC96) -> -52.246369
F97: =F96*F88 -> 0 | G97: =G96*G88 -> 0 | H97: =H96*H88 -> 0 | I97: =I96*I88 -> 0 | J97: =J96*J88 -> -444.26352 | K97: =K96*K88 -> -610.36328 | L97: =L96*L88 -> -628.8662 | M97: =M96*M88 -> -647.87034 | ... AC97: =AC96*AC88 -> -600.95439 | AD97: =SUM(F97:AC97) -> -12489.91
C98: Total time cost/savings | F98: =F97 -> 0 | G98: =G97 -> 0 | H98: =H97 -> 0 | I98: =I97 -> 0 | J98: =J97 -> -444.26352 | K98: =K97 -> -610.36328 | L98: =L97 -> -628.8662 | M98: =M97 -> -647.87034 | ... AC98: =AC97 -> -600.95439 | AD98: =SUM(F98:AC98) -> -12489.91
AD99: =SUM(F99:AC99) -> 0
C100: USER COST/SAVINGS | AD100: =SUM(F100:AC100) -> 0
C101: Auto costs, $/day | D101: =D74 -> 8.1905 | AD101: =SUM(F101:AC101) -> 0
C102: Transit costs, $/day | D102: =D75 -> 2.1074073 | AD102: =SUM(F102:AC102) -> 0
...

Sheet FG Users
A3: USERS and NON-USERS | C3: 2012 | D3: 2013 | E3: 2014 | F3: 2015 | G3: 2016 | H3: 2017 | I3: 2018 | J3: 2019 | K3: 2020 | L3: 2021 | M3: 2022 | N3: 2023 | O3: 2024 | P3: 2025 | Q3: 2026 | R3: 2027 | S3: 2028 | T3: 2029 | U3: 2030 | V3: 2031 | W3: 2032 | X3: 2033 | Y3: 2034 | Z3: 2035
C4: Year 1 | D4: Year 2 | E4: Year 3 | F4: Year 4 | G4: Year 5 | H4: Year 6 | I4: Year 7 | J4: Year 8 | K4: Year 9 | L4: Year 10 | M4: Year 11 | N4: Year 12 | O4: Year 13 | P4: Year 14 | Q4: Year 15 | R4: Year 16 | S4: Year 17 | T4: Year 18 | U4: Year 19 | V4: Year 20 | W4: Year 21 | X4: Year 22 | Y4: Year 23 | Z4: Year 24
A5: PEDESTRIAN
A6: Current User | B6: Current User | G6: =G93*0.75 -> 198905 | H6: =H93 -> 275077.66 | I6: =I93 -> 285316.05 | J6: =J93 -> 295935.51 | K6: =K93 -> 306950.23 | L6: =L93 -> 307177.38 | M6: =M93 -> 307404.69 | N6: =N93 -> 307632.17 | O6: =O93 -> 307859.81 | ... Z6: =Z93 -> 310375.09
A7: New User | B7: Mode shift (auto to transit+ped) | C7: =C96 -> 0 | D7: =D96 -> 0 | E7: =E96 -> 0 | F7: =F95 -> 0 | G7: =G95 -> 9945.25 | H7: =H95 -> 13753.883 | I7: =I95 -> 14265.803 | J7: =J95 -> 14796.776 | K7: =K95 -> 15347.512 | L7: =L95 -> 15358.869 | M7: =M95 -> 15370.234 | ... Z7: =Z95 -> 15518.754
B8: Trips not taken before (none to transit+ped) | C8: =C97 -> 0 | D8: =D97 -> 0 | E8: =E97 -> 0 | F8: =F96 -> 0 | G8: =G96 -> 9945.25 | H8: =H96 -> 13753.883 | I8: =I96 -> 14265.803 | J8: =J96 -> 14796.776 | K8: =K96 -> 15347.512 | L8: =L96 -> 15358.869 | M8: =M96 -> 15370.234 | ... Z8: =Z96 -> 15518.754
A11: BICYCLE
A12: Current User | B12: Current User | G12: =G100*0.75 -> 3871.0496 | H12: =H100 -> 5353.5067 | I12: =I100 -> 5552.7643 | J12: =J100 -> 5759.4382 | K12: =K100 -> 5973.8044 | L12: =L100 -> 5978.2251 | M12: =M100 -> 5982.6489 | N12: =N100 -> 5987.0761 | O12: =O100 -> 5991.5065 | ... Z12: =Z100 -> 6040.4583
A13: New User | B13: Trip shifted from auto to transit+bike | C13: =C101 -> 0 | D13: =D101 -> 0 | E13: =E101 -> 0 | F13: =F101 -> 0 | G13: =G101 -> 193.55248 | H13: =H101 -> 267.67534 | I13: =I101 -> 277.63821 | J13: =J101 -> 287.97191 | ... Z13: =Z101 -> 302.02291
B14: Trips not taken before (none to transit+bike) | C14: =C102 -> 0 | D14: =D102 -> 0 | E14: =E102 -> 0 | F14: =F102 -> 0 | G14: =G102 -> 193.55248 | H14: =H102 -> 267.67534 | I14: =I102 -> 277.63821 | J14: =J102 -> 287.97191 | ... Z14: =Z102 -> 302.02291
A16: BIKESHARE
A17: New User | B17: Trips shifted from auto | F17: =F108 -> 0 | G17: =G108 -> 6750 | H17: =H108 -> 9216.25 | I17: =I108 -> 9308.4125 | J17: =J108 -> 9401.4966 | K17: =K108 -> 9495.5116 | L17: =L108 -> 9590.4667 | M17: =M108 -> 9686.3714 | ... Z17: =Z108 -> 11023.994
B18: Trips shifted from bus | F18: =F109 -> 0 | G18: =G109 -> 3375 | H18: =H109 -> 4608.125 | I18: =I109 -> 4654.2063 | J18: =J109 -> 4700.7483 | K18: =K109 -> 4747.7558 | L18: =L109 -> 4795.2334 | M18: =M109 -> 4843.1857 | ... Z18: =Z109 -> 5511.9971
B19: Trips shifted from personal bike | F19: =F110 -> 0 | G19: =G110 -> 3375 | H19: =H110 -> 4608.125 | I19: =I110 -> 4654.2063 | J19: =J110 -> 4700.7483 | K19: =K110 -> 4747.7558 | L19: =L110 -> 4795.2334 | M19: =M110 -> 4843.1857 | ... Z19: =Z110 -> 5511.9971
B20: Trips shifted from walking | F20: =F111 -> 0 | G20: =G111 -> 10125 | H20: =H111 -> 13824.375 | I20: =I111 -> 13962.619 | J20: =J111 -> 14102.245 | K20: =K111 -> 14243.267 | L20: =L111 -> 14385.7 | M20: =M111 -> 14529.557 | ... Z20: =Z111 -> 16535.991
B21: Trips not taken before | F21: =F112 -> 0 | G21: =G112 -> 10125 | H21: =H112 -> 13824.375 | I21: =I112 -> 13962.619 | J21: =J112 -> 14102.245 | K21: =K112 -> 14243.267 | L21: =L112 -> 14385.7 | M21: =M112 -> 14529.557 | ... Z21: =Z112 -> 16535.991
B22: Trips shifted from auto to transit+bikeshare | F22: =F113 -> 0 | G22: =G113 -> 16875 | H22: =H113 -> 23040.625 | I22: =I113 -> 23271.031 | J22: =J113 -> 23503.742 | K22: =K113 -> 23738.779 | L22: =L113 -> 23976.167 | M22: =M113 -> 24215.928 | ... Z22: =Z113 -> 27559.985
B23: Trips not taken before (none to transit+bikeshare) | F23: =F114 -> 0 | G23: =G114 -> 16875 | H23: =H114 -> 23040.625 | I23: =I114 -> 23271.031 | J23: =J114 -> 23503.742 | K23: =K114 -> 23738.779 | L23: =L114 -> 23976.167 | M23: =M114 -> 24215.928 | ... Z23: =Z114 -> 27559.985
A25: MOBILITY DEVICE
A26: Current User | B26: Current User | G26: =G117*0.75 -> 1831.6613 | H26: =H117 -> 2533.1143 | I26: =I117 -> 2627.3968 | J26: =J117 -> 2725.1886 | K26: =K117 -> 2826.6201 | L26: =L117 -> 2828.7118 | M26: =M117 -> 2830.805 | N26: =N117 -> 2832.8998 | O26: =O117 -> 2834.9962 | ... Z26: =Z117 -> 2858.1586
A27: New User | B27: Mode shift (auto to transit+mob device) | F27: =F118 -> 0 | G27: =G118 -> 457.91533 | H27: =H118 -> 633.27858 | I27: =I118 -> 656.84921 | J27: =J118 -> 681.29714 | K27: =K118 -> 706.65502 | L27: =L118 -> 707.17794 | M27: =M118 -> 707.70125 | ... Z27: =Z118 -> 714.53965
B28: Trips not taken before (none to transit+mob device) | F28: =F119 -> 0 | G28: =G119 -> 274.7492 | H28: =H119 -> 379.96715 | I28: =I119 -> 394.10953 | J28: =J119 -> 408.77828 | K28: =K119 -> 423.99301 | L28: =L119 -> 424.30677 | M28: =M119 -> 424.62075 | ... Z28: =Z119 -> 428.72379
A30: ROAD
B31: AADT Georgia Avenue | C31: =(82025+61600)/2 -> 71812.5 | D31: =(82025+61600)/2 -> 71812.5 | E31: =(82025+61600)/2 -> 71812.5 | F31: =(82025+61600)/2 -> 71812.5 | G31: =(82025+61600)/2 -> 71812.5 | H31: =(82025+61600)/2 -> 71812.5 | I31: =(82025+61600)/2 -> 71812.5 | J31: =(82025+61600)/2 -> 71812.5 | ... Z31: =(82025+61600)/2 -> 71812.5
B32: AADT Forest Glen Road | C32: =(7550+13750)/2 -> 10650 | D32: =(7550+13750)/2 -> 10650 | E32: =(7550+13750)/2 -> 10650 | F32: =(7550+13750)/2 -> 10650 | G32: =(7550+13750)/2 -> 10650 | H32: =(7550+13750)/2 -> 10650 | I32: =(7550+13750)/2 -> 10650 | J32: =(7550+13750)/2 -> 10650 | ... Z32: =(7550+13750)/2 -> 10650
A33: Annual
A34: Construction Impact | B34: Current User | E34: =(E31+E32)*180 -> 14843250 | F34: =(F31+F32)*270 -> 22264875
B35: New User (50% of VT reduced) | C35: =0.5*C42 -> 0 | D35: =0.5*D42 -> 0 | E35: =0.5*E42 -> 0 | F35: 0 | G35: =0.5*G42 -> -17110.859 | H35: =0.5*H42 -> -23455.856 | I35: =0.5*I42 -> -23889.867 | J35: =0.5*J42 -> -24335.641 | K35: =0.5*K42 -> -24793.574 | L35: =0.5*L42 -> -24965.796 | M35: =0.5*M42 -> -25139.684 | N35: =0.5*N42 -> -25315.255 | ... Z35: =0.5*Z42 -> -27559.648
A36: Long-Term Impact | B36: Current User | G36: =((G31+G32)*365)+G35 -> 30081702 | H36: =((H31+H32)*365)+H35 -> 30075357 | I36: =((I31+I32)*365)+I35 -> 30074923 | J36: =((J31+J32)*365)+J35 -> 30074477 | K36: =((K31+K32)*365)+K35 -> 30074019 | L36: =((L31+L32)*365)+L35 -> 30073847 | M36: =((M31+M32)*365)+M35 -> 30073673 | N36: =((N31+N32)*365)+N35 -> 30073497 | ... Z36: =((Z31+Z32)*365)+Z35 -> 30071253
B39: TRAVEL IMPACTS
B40: Rail transit trips change | C40: =C7+C8+C13+C14+C22+C23+C27+C28 -> 0 | D40: =D7+D8+D13+D14+D22+D23+D27+D28 -> 0 | E40: =E7+E8+E13+E14+E22+E23+E27+E28 -> 0 | F40: =F7+F8+F13+F14+F22+F23+F27+F28 -> 0 | G40: =G7+G8+G13+G14+G22+G23+G27+G28 -> 54760.27 | H40: =H7+H8+H13+H14+H22+H23+H27+H28 -> 75137.612 | I40: =I7+I8+I13+I14+I22+I23+I27+I28 -> 76679.903 | J40: =J7+J8+J13+J14+J22+J23+J27+J28 -> 78267.054 | ... Z40: =Z7+Z8+Z13+Z14+Z22+Z23+Z27+Z28 -> 87904.789
B41: Bus transit trips change | C41: =-C18 -> 0 | D41: =-D18 -> 0 | E41: =-E18 -> 0 | F41: =-F18 -> 0 | G41: =-G18 -> -3375 | H41: =-H18 -> -4608.125 | I41: =-I18 -> -4654.2063 | J41: =-J18 -> -4700.7483 | ... Z41: =-Z18 -> -5511.9971
B42: Auto VT reduced | C42: =-(('FG Users'!C7+'FG Users'!C13+'FG Users'!C27+'FG Users'!C22)+('FG Users'!C17)) -> 0 | D42: =-(('FG Users'!D7+'FG Users'!D13+'FG Users'!D27+'FG Users'!D22)+('FG Users'!D17)) -> 0 | E42: =-(('FG Users'!E7+'FG Users'!E13+'FG Users'!E27+'FG Users'!E22)+('FG Users'!E17)) -> 0 | F42: =-(('FG Users'!F7+'FG Users'!F13+'FG Users'!F27+'FG Users'!F22)+('FG Users'!F17)) -> 0 | G42: =-(('FG Users'!G7+'FG Users'!G13+'FG Users'!G27+'FG Users'!G22)+('FG Users'!G17)) -> -34221.718 | H42: =-(('FG Users'!H7+'FG Users'!H13+'FG Users'!H27+'FG Users'!H22)+('FG Users'!H17)) -> -46911.712 | I42: =-(('FG Users'!I7+'FG Users'!I13+'FG Users'!I27+'FG Users'!I22)+('FG Users'!I17)) -> -47779.734 | J42: =-(('FG Users'!J7+'FG Users'!J13+'FG Users'!J27+'FG Users'!J22)+('FG Users'!J17)) -> -48671.283 | ... Z42: =-(('FG Users'!Z7+'FG Users'!Z13+'FG Users'!Z27+'FG Users'!Z22)+('FG Users'!Z17)) -> -55119.296
B43: Auto VMT reduced | C43: =-('Mode Operating Assumptions'!$C$27*('FG Users'!C7+'FG Users'!C13+'FG Users'!C27+'FG Users'!C22)+'Mode Operating Assumptions'!$C$18*('FG Users'!C17)) -> 0 | D43: =-('Mode Operating Assumptions'!$C$27*('FG Users'!D7+'FG Users'!D13+'FG Users'!D27+'FG Users'!D22)+'Mode Operating Assumptions'!$C$18*('FG Users'!D17)) -> 0 | E43: =-('Mode Operating Assumptions'!$C$27*('FG Users'!E7+'FG Users'!E13+'FG Users'!E27+'FG Users'!E22)+'Mode Operating Assumptions'!$C$18*('FG Users'!E17)) -> 0 | F43: =-('Mode Operating Assumptions'!$C$27*('FG Users'!F7+'FG Users'!F13+'FG Users'!F27+'FG Users'!F22)+'Mode Operating Assumptions'!$C$18*('FG Users'!F17)) -> 0 | G43: =-('Mode Operating Assumptions'!$C$27*('FG Users'!G7+'FG Users'!G13+'FG Users'!G27+'FG Users'!G22)+'Mode Operating Assumptions'!$C$18*('FG Users'!G17)) -> -190648.67 | H43: =-('Mode Operating Assumptions'!$C$27*('FG Users'!H7+'FG Users'!H13+'FG Users'!H27+'FG Users'!H22)+'Mode Operating Assumptions'!$C$18*('FG Users'!H17)) -> -261517.59 | I43: =-('Mode Operating Assumptions'!$C$27*('FG Users'!I7+'FG Users'!I13+'FG Users'!I27+'FG Users'!I22)+'Mode Operating Assumptions'!$C$18*('FG Users'!I17)) -> -266725.65 | J43: =-('Mode Operating Assumptions'!$C$27*('FG Users'!J7+'FG Users'!J13+'FG Users'!J27+'FG Users'!J22)+'Mode Operating Assumptions'!$C$18*('FG Users'!J17)) -> -272082.29 | ... Z43: =-('Mode Operating Assumptions'!$C$27*('FG Users'!Z7+'FG Users'!Z13+'FG Users'!Z27+'FG Users'!Z22)+'Mode Operating Assumptions'!$C$18*('FG Users'!Z17)) -> -306352.41
B44: Auto fuel savings | C44: =-(C43*'Mode Operating Assumptions'!$C$8/'Mode Operating Assumptions'!C11) -> 0 | D44: =-(D43*'Mode Operating Assumptions'!$C$8/'Mode Operating Assumptions'!D11) -> 0 | E44: =-(E43*'Mode Operating Assumptions'!$C$8/'Mode Operating Assumptions'!E11) -> 0 | F44: =-(F43*'Mode Operating Assumptions'!$C$8/'Mode Operating Assumptions'!G11) -> 0 | G44: =-(G43*'Mode Operating Assumptions'!$C$8/'Mode Operating Assumptions'!H11) -> 30759.789 | H44: =-(H43*'Mode Operating Assumptions'!$C$8/'Mode Operating Assumptions'!I11) -> 41321.689 | I44: =-(I43*'Mode Operating Assumptions'!$C$8/'Mode Operating Assumptions'!J11) -> 41290.976 | J44: =-(J43*'Mode Operating Assumptions'!$C$8/'Mode Operating Assumptions'!K11) -> 41284.029 | K44: =-(K43*'Mode Operating Assumptions'!$C$8/'Mode Operating Assumptions'!L11) -> 42097.824 | L44: =-(L43*'Mode Operating Assumptions'!$C$8/'Mode Operating Assumptions'!M11) -> 42347.108 | M44: =-(M43*'Mode Operating Assumptions'!$C$8/'Mode Operating Assumptions'!N11) -> 42598.733 | ... Z44: =-(Z43*'Mode Operating Assumptions'!$C$8/'Mode Operating Assumptions'!AA11) -> 46093.216
B49: Annual MetroRail Ridership, August of 2010 to July 2011
B51: Forest Glen | C51: 667689
A53: WMATA STATION ACCESS & CAPACITY STUDY | D53: Appendix B-E: Summary of Ridership Forecasts
B55: Mezzanine | C55: Peak 0.5 Hr Ent | G55: Peak 0.5 Hr Ext | K55: Peak 1 Hr Ent | O55: Peak 1 Hr Ext | S55: Daily Ent | W55: Daily Ext
A56: Forest Glen | C56: 2005 | D56: 2010 | E56: 2020 | F56: 2030 | G56: 2005 | H56: 2010 | I56: 2020 | J56: 2030 | K56: 2005 | L56: 2010 | M56: 2020 | N56: 2030 | O56: 2005 | P56: 2010 | Q56: 2020 | R56: 2030 | S56: 2005 | T56: 2010 | U56: 2020 | V56: 2030 | W56: 2005 | X56: 2010 | Y56: 2020 | Z56: 2030
A57: Flow Summary_Mezzanine Level | C57: 371 | D57: 423 | E57: 583 | F57: 580 | G57: 288 | H57: 327 | I57: 447 | J57: 444 | K57: 641 | L57: 731 | M57: 1029 | N57: 1025 | O57: 501 | P57: 570 | Q57: 799 | R57: 803 | S57: 2064.4762 | T57: 2377.6283 | U57: 3418.5307 | V57: 3442.2378 | W57: 1895.0952 | X57: 2181.316 | Y57: 3151.0632 | Z57: 3176.3866
A58: Flow Summary_System Level AM | C58: 311.14286 | D58: 359.32256 | E58: 513.39435 | F58: 511.5077 | G58: 17.285714 | H58: 19.068937 | I58: 25.620418 | J58: 27.094034 | K58: 578.28571 | L58: 667.66525 | M58: 955.73214 | N58: 952.58693 | O58: 33.619048 | P58: 36.902685 | Q58: 49.435442 | R58: 52.363407 | S58: 2064.4762 | T58: 2377.6283 | U58: 3418.5307 | V58: 3442.2378 | W58: 1895.0952 | X58: 2181.316 | Y58: 3151.0632 | Z58: 3176.3866
A59: Flow Summary_System Level PM | C59: 37.380952 | D59: 42.11829 | E59: 58.962438 | F59: 61.478759 | G59: 234.04762 | H59: 269.43774 | I59: 387.49746 | J59: 385.779 | K59: 67.904762 | L59: 76.657512 | M59: 106.73536 | N59: 110.91227 | O59: 450.19048 | P59: 518.93766 | Q59: 747.40258 | R59: 745.83304 | S59: 2064.4762 | T59: 2377.6283 | U59: 3418.5307 | V59: 3442.2378 | W59: 1895.0952 | X59: 2181.316 | Y59: 3151.0632 | Z59: 3176.3866
B60: Mezzanine | D60: Peak 0.5 Hr Ent | H60: Peak 0.5 Hr Ext | L60: Peak 1 Hr Ent | P60: Peak 1 Hr Ext | T60: Daily Ent | X60: Daily Ext
A61: Forest Glen | D61: 2005 to 2010 | E61: 2010 to 2020 | F61: 2020 to 2030 | H61: 2005 to 2010 | I61: 2010 to 2020 | J61: 2020 to 2030 | L61: 2005 to 2010 | M61: 2010 to 2020 | N61: 2020 to 2030 | P61: 2005 to 2010 | Q61: 2010 to 2020 | R61: 2020 to 2030 | T61: 2005 to 2010 | U61: 2010 to 2020 | V61: 2020 to 2030 | X61: 2005 to 2010 | Y61: 2010 to 2020 | Z61: 2020 to 2030
A62: Growth Summary_Mezzanine Level | D62: 0.14016173 | E62: 0.37825059 | F62: -0.0051457976 | H62: 0.13541667 | I62: 0.36697248 | J62: -0.0067114094 | L62: 0.14040562 | M62: 0.40766074 | N62: -0.0038872692 | P62: 0.13772455 | Q62: 0.40175439 | R62: 0.0050062578 | T62: 0.15168597 | U62: 0.43779025 | V62: 0.0069348671 | X62: 0.1510324 | Y62: 0.44456976 | Z62: 0.0080364741
A63: Growth Summary_System Level AM | D63: 0.15484752 | E63: 0.42878409 | F63: -0.0036748605 | H63: 0.10316165 | I63: 0.34356821 | J63: 0.057517282 | L63: 0.15455948 | M63: 0.43145407 | N63: -0.0032908953 | P63: 0.09767194 | Q63: 0.33961639 | R63: 0.059228055 | T63: 0.15168597 | U63: 0.43779025 | V63: 0.0069348671 | X63: 0.15168597 | Y63: 0.43779025 | Z63: 0.0069348671
A64: Growth Summary_System Level PM | D64: 0.12673134 | E64: 0.39992477 | F64: 0.042676679 | H64: 0.15120908 | I64: 0.43817068 | J64: -0.0044347643 | L64: 0.12889744 | M64: 0.39236666 | N64: 0.039133246 | P64: 0.15168597 | Q64: 0.43779025 | R64: 0.0069348671 | T64: 0.15270689 | U64: 0.44025503 | V64: -0.0020999979 | X64: 0.1510324 | Y64: 0.44456976 | Z64: 0.0080364741
U65: =(1+U66)^10 -> 1.4411488 | V65: =(1+V66)^10 -> 1.0074247
T66: Annualised | U66: 0.03722 | V66: 0.00074
A67: Mode Access Surveys
A68: Station Name | B68: Total | C68: ALEXANDRIA DASH | D68: AMTRAK, MARC OR VRE | E68: ARLINGTON TRANSIT (ART) | F68: Dropped off | G68: BICYCLE | H68: DC CIRCULATOR | I68: DRIVE A CAR | J68: FAIRFAX CITY CUE | K68: FAIRFAX CONNECTOR | L68: METROBUS | M68: MONTGOMERY RIDE ON | N68: OTHER BUS | O68: PRINCE GEORGE'S THE BUS | P68: RIDE WITH SOMEONE WHO PARKED | Q68: TAXI | R68: WALK
A69: FOREST GLEN | B69: 2156.1957 | F69: 277.28149 | G69: 39.86528 | I69: 814.93176 | L69: 22.52512 | M69: 78.91994 | N69: 22.01504 | P69: 25.52498 | Q69: 3.2549 | R69: 871.87721
F70: =F69/$B$69 -> 0.12859755 | G70: =G69/$B$69 -> 0.018488711 | H70: =H69/$B$69 -> 0 | I70: =I69/$B$69 -> 0.37794888 | J70: =J69/$B$69 -> 0 | K70: =K69/$B$69 -> 0 | L70: =L69/$B$69 -> 0.010446695 | M70: =M69/$B$69 -> 0.036601473 | ... R70: =R69/$B$69 -> 0.40435903
C72: =U66 -> 0.03722 | K72: =U57+Y57 -> 6569.5939 | L72: =V66 -> 0.00074 | U72: =V57+Z57 -> 6618.6244
C73: 2012 | D73: 2013 | E73: 2014 | F73: 2015 | G73: 2016 | H73: 2017 | I73: 2018 | J73: 2019 | K73: 2020 | L73: 2021 | M73: 2022 | N73: 2023 | O73: 2024 | P73: 2025 | Q73: 2026 | R73: 2027 | S73: 2028 | T73: 2029 | U73: 2030 | V73: 2031 | W73: 2032 | X73: 2033 | Y73: 2034 | Z73: 2035
C74: Year 1 | D74: Year 2 | E74: Year 3 | F74: Year 4 | G74: Year 5 | H74: Year 6 | I74: Year 7 | J74: Year 8 | K74: Year 9 | L74: Year 10 | M74: Year 11 | N74: Year 12 | O74: Year 13 | P74: Year 14 | Q74: Year 15 | R74: Year 16 | S74: Year 17 | T74: Year 18 | U74: Year 19 | V74: Year 20 | W74: Year 21 | X74: Year 22 | Y74: Year 23 | Z74: Year 24
B75: Daily users (Entry + Exit) | C75: =(T57+X57)*(1+C72)^2 -> 4904.6277 | D75: =C75*(1+$C$72) -> 5087.178 | E75: =D75*(1+$C$72) -> 5276.5227 | F75: =E75*(1+$C$72) -> 5472.9149 | G75: =F75*(1+$C$72) -> 5676.6168 | H75: =G75*(1+$C$72) -> 5887.9005 | I75: =H75*(1+$C$72) -> 6107.0481 | J75: =I75*(1+$C$72) -> 6334.3525 | K75: =J75*(1+$C$72) -> 6570.1171 | L75: =K75*(1+$L$72) -> 6574.9789 | M75: =L75*(1+$L$72) -> 6579.8444 | N75: =M75*(1+$L$72) -> 6584.7135 | O75: =N75*(1+$L$72) -> 6589.5862 | P75: =O75*(1+$L$72) -> 6594.4625 | Q75: =P75*(1+$L$72) -> 6599.3424 | R75: =Q75*(1+$L$72) -> 6604.2259 | S75: =R75*(1+$L$72) -> 6609.113 | ... Z75: =Y75*(1+$L$72) -> 6643.4243
B77: Metrorail Mode of Access Study 2007 (All Day Access Absolute)
A78: =R70 -> 0.40435903 | B78: Walk | C78: =C$75*$A78 -> 1983.2305 | D78: =D$75*$A78 -> 2057.0463 | E78: =E$75*$A78 -> 2133.6096 | F78: =F$75*$A78 -> 2213.0226 | G78: =G$75*$A78 -> 2295.3913 | H78: =H$75*$A78 -> 2380.8257 | I78: =I$75*$A78 -> 2469.4401 | J78: =J$75*$A78 -> 2561.3526 | ... Z78: =Z$75*$A78 -> 2686.3286
A79: =G70 -> 0.018488711 | B79: Bicycle | C79: =C$75*$A79 -> 90.680246 | D79: =D$75*$A79 -> 94.055364 | E79: =E$75*$A79 -> 97.556105 | F79: =F$75*$A79 -> 101.18714 | G79: =G$75*$A79 -> 104.95333 | H79: =H$75*$A79 -> 108.85969 | I79: =I$75*$A79 -> 112.91145 | J79: =J$75*$A79 -> 117.11401 | ... Z79: =Z$75*$A79 -> 122.82835
A80: =I70+P70 -> 0.38978685 | B80: Car - Park | C80: =C$75*$A80 -> 1911.7594 | D80: =D$75*$A80 -> 1982.9151 | E80: =E$75*$A80 -> 2056.7192 | F80: =F$75*$A80 -> 2133.2703 | G80: =G$75*$A80 -> 2212.6706 | H80: =H$75*$A80 -> 2295.0262 | I80: =I$75*$A80 -> 2380.4471 | J80: =J$75*$A80 -> 2469.0473 | ... Z80: =Z$75*$A80 -> 2589.5195
A81: =F70 -> 0.12859755 | B81: Car - Drop-off | C81: =C$75*$A81 -> 630.72312 | D81: =D$75*$A81 -> 654.19863 | E81: =E$75*$A81 -> 678.5479 | F81: =F$75*$A81 -> 703.80346 | G81: =G$75*$A81 -> 729.99902 | H81: =H$75*$A81 -> 757.16958 | I81: =I$75*$A81 -> 785.35144 | J81: =J$75*$A81 -> 814.58222 | ... Z81: =Z$75*$A81 -> 854.3281
A82: =L70+M70+N70 -> 0.057258299 | B82: Bus | C82: =C$75*$A82 -> 280.83064 | D82: =D$75*$A82 -> 291.28316 | E82: =E$75*$A82 -> 302.12472 | F82: =F$75*$A82 -> 313.3698 | G82: =G$75*$A82 -> 325.03342 | H82: =H$75*$A82 -> 337.13117 | I82: =I$75*$A82 -> 349.67919 | J82: =J$75*$A82 -> 362.69425 | ... Z82: =Z$75*$A82 -> 380.39118
A83: =Q70 -> 0.0015095568 | B83: Other (Taxi, Motorcycle, etc.) | C83: =C$75*$A83 -> 7.4038143 | D83: =D$75*$A83 -> 7.6793843 | E83: =E$75*$A83 -> 7.965211 | F83: =F$75*$A83 -> 8.2616761 | G83: =G$75*$A83 -> 8.5691757 | H83: =H$75*$A83 -> 8.8881204 | I83: =I$75*$A83 -> 9.2189363 | J83: =J$75*$A83 -> 9.5620651 | ... Z83: =Z$75*$A83 -> 10.028627
A84: =SUM(A78:A83) -> 1 | C84: =C$75*$A84 -> 4904.6277 | D84: =D$75*$A84 -> 5087.178 | E84: =E$75*$A84 -> 5276.5227 | F84: =F$75*$A84 -> 5472.9149 | G84: =G$75*$A84 -> 5676.6168 | H84: =H$75*$A84 -> 5887.9005 | I84: =I$75*$A84 -> 6107.0481 | J84: =J$75*$A84 -> 6334.3525 | ... Z84: =Z$75*$A84 -> 6643.4243
A86: Pedestrian Volumes
B87: Weekday Volume
B88: =210+127+237+230 -> 804 | C88: =B88/C75 -> 0.16392681
B89: Percent using tunnel
B90: 0.95 | C90: =C88*B90 -> 0.15573047
A91: PEDESTRIAN
A92: Current User | B92: Effective weekdays per year
B93: 300 | C93: =$C$90*C75*$B$93 -> 229140 | D93: =$C$90*D75*$B$93 -> 237668.59 | E93: =$C$90*E75*$B$93 -> 246514.62 | F93: =$C$90*F75*$B$93 -> 255689.89 | G93: =$C$90*G75*$B$93 -> 265206.67 | H93: =$C$90*H75*$B$93 -> 275077.66 | I93: =$C$90*I75*$B$93 -> 285316.05 | J93: =$C$90*J75*$B$93 -> 295935.51 | ... Z93: =$C$90*Z75*$B$93 -> 310375.09
A94: New User (mode shift)
A95: 0.05 | B95: Mode shift (auto to transit+ped) | G95: =G93*$A$95*0.75 -> 9945.25 | H95: =H93*$A$95 -> 13753.883 | I95: =I93*$A$95 -> 14265.803 | J95: =J93*$A$95 -> 14796.776 | K95: =K93*$A$95 -> 15347.512 | L95: =L93*$A$95 -> 15358.869 | M95: =M93*$A$95 -> 15370.234 | N95: =N93*$A$95 -> 15381.608 | O95: =O93*$A$95 -> 15392.991 | ... Z95: =Z93*$A$95 -> 15518.754
A96: 0.05 | B96: Trips not taken before (none to transit+ped) | G96: =G93*$A$96*0.75 -> 9945.25 | H96: =H93*$A$96 -> 13753.883 | I96: =I93*$A$96 -> 14265.803 | J96: =J93*$A$96 -> 14796.776 | K96: =K93*$A$96 -> 15347.512 | L96: =L93*$A$96 -> 15358.869 | M96: =M93*$A$96 -> 15370.234 | N96: =N93*$A$96 -> 15381.608 | O96: =O93*$A$96 -> 15392.991 | ... Z96: =Z93*$A$96 -> 15518.754
A98: BICYCLE
A99: Current User | B99: Effective weekdays per year | C99: =C79*$C$88 -> 14.864924 | D99: =D79*$C$88 -> 15.418196 | E99: =E79*$C$88 -> 15.992062 | F99: =F79*$C$88 -> 16.587286 | G99: =G79*$C$88 -> 17.204665 | H99: =H79*$C$88 -> 17.845022 | I99: =I79*$C$88 -> 18.509214 | J99: =J79*$C$88 -> 19.198127 | ... Z99: =Z79*$C$88 -> 20.134861
B100: 300 | C100: =C99*$B$100 -> 4459.4771 | D100: =D99*$B$100 -> 4625.4589 | E100: =E99*$B$100 -> 4797.6185 | F100: =F99*$B$100 -> 4976.1858 | G100: =G99*$B$100 -> 5161.3995 | H100: =H99*$B$100 -> 5353.5067 | I100: =I99*$B$100 -> 5552.7643 | J100: =J99*$B$100 -> 5759.4382 | ... Z100: =Z99*$B$100 -> 6040.4583
A101: 0.05 | B101: Trip shifted from auto to transit+bike | G101: =G100*$A$101*0.75 -> 193.55248 | H101: =H100*$A$101 -> 267.67534 | I101: =I100*$A$101 -> 277.63821 | J101: =J100*$A$101 -> 287.97191 | K101: =K100*$A$101 -> 298.69022 | L101: =L100*$A$101 -> 298.91125 | M101: =M100*$A$101 -> 299.13245 | N101: =N100*$A$101 -> 299.35381 | O101: =O100*$A$101 -> 299.57533 | ... Z101: =Z100*$A$101 -> 302.02291
A102: 0.05 | B102: Trips not taken before (none to transit+bike) | G102: =G100*$A$102*0.75 -> 193.55248 | H102: =H100*$A$102 -> 267.67534 | I102: =I100*$A$102 -> 277.63821 | J102: =J100*$A$102 -> 287.97191 | K102: =K100*$A$102 -> 298.69022 | L102: =L100*$A$102 -> 298.91125 | M102: =M100*$A$102 -> 299.13245 | N102: =N100*$A$102 -> 299.35381 | O102: =O100*$A$102 -> 299.57533 | ... Z102: =Z100*$A$102 -> 302.02291
A104: BIKESHARE | B104: Bikes | C104: 100
B105: Trips per bike per day | C105: 2.5 | G105: 2.5 | H105: =G105*1.01 -> 2.525 | I105: =H105*1.01 -> 2.55025 | J105: =I105*1.01 -> 2.5757525 | K105: =J105*1.01 -> 2.60151 | L105: =K105*1.01 -> 2.6275251 | M105: =L105*1.01 -> 2.6538004 | N105: =M105*1.01 -> 2.6803384 | O105: =N105*1.01 -> 2.7071418 | ... Z105: =Y105*1.01 -> 3.0202724
B106: Days | C106: 365 | G106: =270*G105*$C$104 -> 67500 | H106: =$C$106*H105*$C$104 -> 92162.5 | I106: =$C$106*I105*$C$104 -> 93084.125 | J106: =$C$106*J105*$C$104 -> 94014.966 | K106: =$C$106*K105*$C$104 -> 94955.116 | L106: =$C$106*L105*$C$104 -> 95904.667 | M106: =$C$106*M105*$C$104 -> 96863.714 | N106: =$C$106*N105*$C$104 -> 97832.351 | O106: =$C$106*O105*$C$104 -> 98810.674 | ... Z106: =$C$106*Z105*$C$104 -> 110239.94
A108: Local (50%) | B108: Trips shifted from auto | C108: 0.1 | G108: =G$106*$C108 -> 6750 | H108: =H$106*$C108 -> 9216.25 | I108: =I$106*$C108 -> 9308.4125 | J108: =J$106*$C108 -> 9401.4966 | K108: =K$106*$C108 -> 9495.5116 | L108: =L$106*$C108 -> 9590.4667 | M108: =M$106*$C108 -> 9686.3714 | N108: =N$106*$C108 -> 9783.2351 | ... Z108: =Z$106*$C108 -> 11023.994
B109: Trips shifted from bus | C109: 0.05 | G109: =G$106*$C109 -> 3375 | H109: =H$106*$C109 -> 4608.125 | I109: =I$106*$C109 -> 4654.2063 | J109: =J$106*$C109 -> 4700.7483 | K109: =K$106*$C109 -> 4747.7558 | L109: =L$106*$C109 -> 4795.2334 | M109: =M$106*$C109 -> 4843.1857 | N109: =N$106*$C109 -> 4891.6175 | ... Z109: =Z$106*$C109 -> 5511.9971
B110: Trips shifted from personal bike | C110: 0.05 | G110: =G$106*$C110 -> 3375 | H110: =H$106*$C110 -> 4608.125 | I110: =I$106*$C110 -> 4654.2063 | J110: =J$106*$C110 -> 4700.7483 | K110: =K$106*$C110 -> 4747.7558 | L110: =L$106*$C110 -> 4795.2334 | M110: =M$106*$C110 -> 4843.1857 | N110: =N$106*$C110 -> 4891.6175 | ... Z110: =Z$106*$C110 -> 5511.9971
B111: Trips shifted from walking | C111: 0.15 | G111: =G$106*$C111 -> 10125 | H111: =H$106*$C111 -> 13824.375 | I111: =I$106*$C111 -> 13962.619 | J111: =J$106*$C111 -> 14102.245 | K111: =K$106*$C111 -> 14243.267 | L111: =L$106*$C111 -> 14385.7 | M111: =M$106*$C111 -> 14529.557 | N111: =N$106*$C111 -> 14674.853 | ... Z111: =Z$106*$C111 -> 16535.991
B112: Trips not taken before | C112: 0.15 | G112: =G$106*$C112 -> 10125 | H112: =H$106*$C112 -> 13824.375 | I112: =I$106*$C112 -> 13962.619 | J112: =J$106*$C112 -> 14102.245 | K112: =K$106*$C112 -> 14243.267 | L112: =L$106*$C112 -> 14385.7 | M112: =M$106*$C112 -> 14529.557 | N112: =N$106*$C112 -> 14674.853 | ... Z112: =Z$106*$C112 -> 16535.991
A113: Commute (50%) | B113: Trips shifted from auto to transit+bikeshare | C113: 0.25 | G113: =G$106*$C113 -> 16875 | H113: =H$106*$C113 -> 23040.625 | I113: =I$106*$C113 -> 23271.031 | J113: =J$106*$C113 -> 23503.742 | K113: =K$106*$C113 -> 23738.779 | L113: =L$106*$C113 -> 23976.167 | M113: =M$106*$C113 -> 24215.928 | N113: =N$106*$C113 -> 24458.088 | ... Z113: =Z$106*$C113 -> 27559.985
B114: Trips shifted from none to transit+bikeshare | C114: 0.25 | G114: =G$106*$C114 -> 16875 | H114: =H$106*$C114 -> 23040.625 | I114: =I$106*$C114 -> 23271.031 | J114: =J$106*$C114 -> 23503.742 | K114: =K$106*$C114 -> 23738.779 | L114: =L$106*$C114 -> 23976.167 | M114: =M$106*$C114 -> 24215.928 | N114: =N$106*$C114 -> 24458.088 | ... Z114: =Z$106*$C114 -> 27559.985
C115: =SUM(C108:C114) -> 1
A116: MOBILITY DEVICE
B117: Current User | C117: =$B$90*C83*300 -> 2110.0871 | D117: =$B$90*D83*300 -> 2188.6245 | E117: =$B$90*E83*300 -> 2270.0851 | F117: =$B$90*F83*300 -> 2354.5777 | G117: =$B$90*G83*300 -> 2442.2151 | H117: =$B$90*H83*300 -> 2533.1143 | I117: =$B$90*I83*300 -> 2627.3968 | J117: =$B$90*J83*300 -> 2725.1886 | ... Z117: =$B$90*Z83*300 -> 2858.1586
A118: 0.25 | B118: Mode shift (auto to transit+mob device) | G118: =G117*$A118*0.75 -> 457.91533 | H118: =H117*$A118 -> 633.27858 | I118: =I117*$A118 -> 656.84921 | J118: =J117*$A118 -> 681.29714 | K118: =K117*$A118 -> 706.65502 | L118: =L117*$A118 -> 707.17794 | M118: =M117*$A118 -> 707.70125 | N118: =N117*$A118 -> 708.22495 | O118: =O117*$A118 -> 708.74904 | ... Z118: =Z117*$A118 -> 714.53965
A119: 0.15 | B119: Trips not taken before (none to transit+mob device) | G119: =G117*$A119*0.75 -> 274.7492 | H119: =H117*$A119 -> 379.96715 | I119: =I117*$A119 -> 394.10953 | J119: =J117*$A119 -> 408.77828 | K119: =K117*$A119 -> 423.99301 | L119: =L117*$A119 -> 424.30677 | M119: =M117*$A119 -> 424.62075 | N119: =N117*$A119 -> 424.93497 | O119: =O117*$A119 -> 425.24942 | ... Z119: =Z117*$A119 -> 428.72379
A121: ROAD NON-USER
A122: Construction Impact
A123: Long-Term Impact
...

Sheet NC
F1: 2012 | G1: 2013 | H1: 2014 | I1: 2015 | J1: 2016 | K1: 2017 | L1: 2018 | M1: 2019 | N1: 2020 | O1: 2021 | P1: 2022 | Q1: 2023 | R1: 2024 | S1: 2025 | T1: 2026 | U1: 2027 | V1: 2028 | W1: 2029 | X1: 2030 | Y1: 2031 | Z1: 2032 | AA1: 2033 | AB1: 2034 | AC1: 2035
D2: Factor | E2: Total | F2: Year 1 | G2: Year 2 | H2: Year 3 | I2: Year 4 | J2: Year 5 | K2: Year 6 | L2: Year 7 | M2: Year 8 | N2: Year 9 | O2: Year 10 | P2: Year 11 | Q2: Year 12 | R2: Year 13 | S2: Year 14 | T2: Year 15 | U2: Year 16 | V2: Year 17 | W2: Year 18 | X2: Year 19 | Y2: Year 20 | Z2: Year 21 | AA2: Year 22 | AB2: Year 23 | AC2: Year 24
A5: Project Costs | C5: O & M
C6: Construction | G6: -100000 | H6: -742095 | I6: -51750
AD7: =SUM(F7:AC7) -> 0
A8: Users | AD8: =SUM(F8:AC8) -> 0
B9: PEDESTRIAN | AD9: =SUM(F9:AC9) -> 0
B10: Local | C10: Current User | F10: ='NC Users'!C5 -> 0 | G10: ='NC Users'!D5 -> 0 | H10: ='NC Users'!E5 -> 227539.92 | I10: ='NC Users'!F5 -> 229646.87 | J10: ='NC Users'!G5 -> 231753.81 | K10: ='NC Users'!H5 -> 233860.76 | L10: ='NC Users'!I5 -> 235967.71 | M10: ='NC Users'!J5 -> 238074.66 | ... AC10: ='NC Users'!Z5 -> 230886.37 | AD10: =SUM(F10:AC10) -> 5165387.5
B11: Commute | C11: Trip shifted from auto to transit+ped | F11: ='NC Users'!C6 -> 0 | G11: ='NC Users'!D6 -> 0 | H11: ='NC Users'!E6 -> 6826.1976 | I11: ='NC Users'!F6 -> 6889.406 | J11: ='NC Users'!G6 -> 6952.6144 | K11: ='NC Users'!H6 -> 7015.8228 | L11: ='NC Users'!I6 -> 7079.0313 | M11: ='NC Users'!J6 -> 7142.2397 | ... AC11: ='NC Users'!Z6 -> 6926.5912 | AD11: =SUM(F11:AC11) -> 154961.63
C12: Trips not taken before (none to transit+ped) | F12: ='NC Users'!C7 -> 0 | G12: ='NC Users'!D7 -> 0 | H12: ='NC Users'!E7 -> 4550.7984 | I12: ='NC Users'!F7 -> 4592.9373 | J12: ='NC Users'!G7 -> 4635.0763 | K12: ='NC Users'!H7 -> 4677.2152 | L12: ='NC Users'!I7 -> 4719.3542 | M12: ='NC Users'!J7 -> 4761.4931 | ... AC12: ='NC Users'!Z7 -> 4617.7275 | AD12: =SUM(F12:AC12) -> 103307.75
AD13: =SUM(F13:AC13) -> 0
B14: BICYCLE | AD14: =SUM(F14:AC14) -> 0
B15: Local | C15: Current User | F15: ='NC Users'!C11 -> 0 | G15: ='NC Users'!D11 -> 0 | H15: ='NC Users'!E11 -> 4309.5282 | I15: ='NC Users'!F11 -> 4349.4331 | J15: ='NC Users'!G11 -> 4389.3379 | K15: ='NC Users'!H11 -> 4429.2428 | L15: ='NC Users'!I11 -> 4469.1477 | M15: ='NC Users'!J11 -> 4509.0525 | ... AC15: ='NC Users'!Z11 -> 4372.9089 | AD15: =SUM(F15:AC15) -> 97830.672
B16: Commute | C16: Trip shifted from auto to transit+bike | F16: ='NC Users'!C12 -> 0 | G16: ='NC Users'!D12 -> 0 | H16: ='NC Users'!E12 -> 129.28585 | I16: ='NC Users'!F12 -> 130.48299 | J16: ='NC Users'!G12 -> 131.68014 | K16: ='NC Users'!H12 -> 132.87728 | L16: ='NC Users'!I12 -> 134.07443 | M16: ='NC Users'!J12 -> 135.27158 | ... AC16: ='NC Users'!Z12 -> 131.18727 | AD16: =SUM(F16:AC16) -> 2934.9202
C17: Trips not taken before (none to transit+bike) | F17: ='NC Users'!C13 -> 0 | G17: ='NC Users'!D13 -> 0 | H17: ='NC Users'!E13 -> 86.190564 | I17: ='NC Users'!F13 -> 86.988661 | J17: ='NC Users'!G13 -> 87.786759 | K17: ='NC Users'!H13 -> 88.584856 | L17: ='NC Users'!I13 -> 89.382953 | M17: ='NC Users'!J13 -> 90.18105 | ... AC17: ='NC Users'!Z13 -> 87.458178 | AD17: =SUM(F17:AC17) -> 1956.6134 | AG17: Comp. Grpah
AD18: =SUM(F18:AC18) -> 0 | AG18: =AD45+AD57+AD64 -> 1162051.6
C19: TRAVEL IMPACTS | AD19: =SUM(F19:AC19) -> 0 | AG19: =+#REF!+#REF!+#REF!+AD166+AD164 -> #REF!
C20: Rail transit trips change | F20: ='NC Users'!C24 -> 0 | G20: ='NC Users'!D24 -> 0 | H20: ='NC Users'!E24 -> 11592.472 | I20: ='NC Users'!F24 -> 11699.815 | J20: ='NC Users'!G24 -> 11807.158 | K20: ='NC Users'!H24 -> 11914.5 | L20: ='NC Users'!I24 -> 12021.843 | M20: ='NC Users'!J24 -> 12129.185 | ... AC20: ='NC Users'!Z24 -> 11762.964 | AD20: =SUM(F20:AC20) -> 263160.91
C21: Bus transit trips change | F21: ='NC Users'!C25 -> 0 | G21: ='NC Users'!D25 -> 0 | H21: ='NC Users'!E25 -> -2137.2153 | I21: ='NC Users'!F25 -> -2157.0053 | J21: ='NC Users'!G25 -> -2176.7952 | K21: ='NC Users'!H25 -> -2196.5851 | L21: ='NC Users'!I25 -> -2216.3751 | M21: ='NC Users'!J25 -> -2236.165 | ... AC21: ='NC Users'!Z25 -> -2168.6476 | AD21: =SUM(F21:AC21) -> -48516.961
C22: Auto VT reduced | F22: ='NC Users'!C26 -> 0 | G22: ='NC Users'!D26 -> 0 | H22: ='NC Users'!E26 -> -6955.4834 | I22: ='NC Users'!F26 -> -7019.889 | J22: ='NC Users'!G26 -> -7084.2946 | K22: ='NC Users'!H26 -> -7148.7001 | L22: ='NC Users'!I26 -> -7213.1057 | M22: ='NC Users'!J26 -> -7277.5113 | ... AC22: ='NC Users'!Z26 -> -7057.7784 | AD22: =SUM(F22:AC22) -> -157896.55
C23: Auto VMT reduced | F23: ='NC Users'!C27 -> 0 | G23: ='NC Users'!D27 -> 0 | H23: ='NC Users'!E27 -> -45210.642 | I23: ='NC Users'!F27 -> -45629.278 | J23: ='NC Users'!G27 -> -46047.915 | K23: ='NC Users'!H27 -> -46466.551 | L23: ='NC Users'!I27 -> -46885.187 | M23: ='NC Users'!J27 -> -47303.823 | ... AC23: ='NC Users'!Z27 -> -45875.56 | AD23: =SUM(F23:AC23) -> -1026327.5
C24: Auto fuel savings | F24: ='NC Users'!C28 -> 0 | G24: ='NC Users'!D28 -> 0 | H24: ='NC Users'!E28 -> 7787.5945 | I24: ='NC Users'!F28 -> 7686.4749 | J24: ='NC Users'!G28 -> 7589.7166 | K24: ='NC Users'!H28 -> 7497.0433 | L24: ='NC Users'!I28 -> 7408.2019 | M24: ='NC Users'!J28 -> 7322.9593 | ... AC24: ='NC Users'!Z28 -> 6905.9798 | AD24: =SUM(F24:AC24) -> 158462.04
AD25: =SUM(F25:AC25) -> 0
A26: Non-Users | AD26: =SUM(F26:AC26) -> 0
B27: ROAD | AD27: =SUM(F27:AC27) -> 0
B28: Construction Impact | C28: Current User | F28: ='NC Users'!C18 -> 0 | G28: ='NC Users'!D18 -> 5463471.6 | H28: ='NC Users'!E18 -> 0 | I28: ='NC Users'!F18 -> 0 | J28: ='NC Users'!G18 -> 0 | K28: ='NC Users'!H18 -> 0 | L28: ='NC Users'!I18 -> 0 | M28: ='NC Users'!J18 -> 0 | ... AC28: ='NC Users'!Z18 -> 0 | AD28: =SUM(F28:AC28) -> 5463471.6
B29: Long-Term Impact | C29: Reduced Users | F29: ='NC Users'!C19 -> 0 | G29: ='NC Users'!D19 -> 0 | H29: ='NC Users'!E19 -> -3477.7417 | I29: ='NC Users'!F19 -> -3509.9445 | J29: ='NC Users'!G19 -> -3542.1473 | K29: ='NC Users'!H19 -> -3574.3501 | L29: ='NC Users'!I19 -> -3606.5528 | M29: ='NC Users'!J19 -> -3638.7556 | ... AC29: ='NC Users'!Z19 -> -3528.8892 | AD29: =SUM(F29:AC29) -> -78948.273
C30: Current User | F30: ='NC Users'!C20 -> 0 | G30: ='NC Users'!D20 -> 0 | H30: ='NC Users'!E20 -> 5511056.7 | I30: ='NC Users'!F20 -> 5562087.3 | J30: ='NC Users'!G20 -> 5613118 | K30: ='NC Users'!H20 -> 5664148.6 | L30: ='NC Users'!I20 -> 5715179.2 | M30: ='NC Users'!J20 -> 5766209.9 | ... AC30: ='NC Users'!Z20 -> 5592108.4 | AD30: =SUM(F30:AC30) -> 1.2510659e+08
AD31: =SUM(F31:AC31) -> 0
AD32: =SUM(F32:AC32) -> 0
A33: STATE OF GOOD REPAIR | AD33: =SUM(F33:AC33) -> 0
C34: New Construction for this project | AD34: =SUM(F34:AC34) -> 0
AD35: =SUM(F35:AC35) -> 0
AD36: =SUM(F36:AC36) -> 0
AD37: =SUM(F37:AC37) -> 0
A38: ECONOMIC COMPETITIVENESS | AD38: =SUM(F38:AC38) -> 0
AD39: =SUM(F39:AC39) -> 0
B40: PEDESTRIAN | AD40: =SUM(F40:AC40) -> 0
B41: Local | C41: Current User | AD41: =SUM(F41:AC41) -> 0
C42: TRAVEL TIME COST/SAVINGS | AD42: =SUM(F42:AC42) -> 0
C43: Travel time savings (hour) | D43: =30/3600 -> 0.0083333333 | AD43: =SUM(F43:AC43) -> 0
C44: Value of time, ped, $/hour | D44: 26.21 | AD44: =SUM(F44:AC44) -> 0
C45: Total time cost/savings | F45: 0 | G45: 0 | H45: =$D$44*$D$43*H10 -> 49698.511 | I45: =$D$44*$D$43*I10 -> 50158.703 | J45: =$D$44*$D$43*J10 -> 50618.896 | K45: =$D$44*$D$43*K10 -> 51079.088 | L45: =$D$44*$D$43*L10 -> 51539.28 | M45: =$D$44*$D$43*M10 -> 51999.473 | N45: =$D$44*$D$43*N10 -> 52459.665 | O45: =$D$44*$D$43*O10 -> 52324.316 | ... AC45: =$D$44*$D$43*AC10 -> 50429.432 | AD45: =SUM(F45:AC45) -> 1128206.7
AD46: =SUM(F46:AC46) -> 0
B47: Commute | C47: Mode shift (auto to transit+ped) | F47: =F11 -> 0 | G47: =G11 -> 0 | H47: =H11 -> 6826.1976 | I47: =I11 -> 6889.406 | J47: =J11 -> 6952.6144 | K47: =K11 -> 7015.8228 | L47: =L11 -> 7079.0313 | M47: =M11 -> 7142.2397 | ... AC47: =AC11 -> 6926.5912 | AD47: =SUM(F47:AC47) -> 154961.63
C48: TRAVEL TIME COST/SAVINGS | AD48: =SUM(F48:AC48) -> 0
C49: travel time, auto | F49: ='Mode Operating Assumptions'!D29 -> 0.3910028 | G49: ='Mode Operating Assumptions'!E29 -> 0.39205715 | H49: ='Mode Operating Assumptions'!F29 -> 0.39311875 | I49: ='Mode Operating Assumptions'!G29 -> 0.39418767 | J49: ='Mode Operating Assumptions'!H29 -> 0.395264 | K49: ='Mode Operating Assumptions'!I29 -> 0.39634781 | L49: ='Mode Operating Assumptions'!J29 -> 0.39743917 | M49: ='Mode Operating Assumptions'!K29 -> 0.39853817 | ... AC49: ='Mode Operating Assumptions'!AA29 -> 0.41723012 | AD49: =SUM(F49:AC49) -> 9.6905878
C50: travel time, transit | D50: ='Mode Operating Assumptions'!C152 -> 0.38127572 | AD50: =SUM(F50:AC50) -> 0
C51: travel time, ped | D51: ='Mode Operating Assumptions'!C52 -> 0.234375 | AD51: =SUM(F51:AC51) -> 0
C52: Value of time, auto, $/hour | D52: 13.91 | AD52: =SUM(F52:AC52) -> 0
C53: Value of time, transit, $/hour | D53: 13.91 | AD53: =SUM(F53:AC53) -> 0
C54: Value of time, ped, $/hour | D54: =D44 -> 26.21 | AD54: =SUM(F54:AC54) -> 0
C55: Time cost/savings, auto to transit+ped, hours/day | F55: =+(F49*$D$52)-($D$50*$D$53)-($D$51*$D$54) -> -6.0076651 | G55: =+(G49*$D$52)-($D$50*$D$53)-($D$51*$D$54) -> -5.9929991 | H55: =+(H49*$D$52)-($D$50*$D$53)-($D$51*$D$54) -> -5.9782322 | I55: =+(I49*$D$52)-($D$50*$D$53)-($D$51*$D$54) -> -5.9633635 | J55: =+(J49*$D$52)-($D$50*$D$53)-($D$51*$D$54) -> -5.9483918 | K55: =+(K49*$D$52)-($D$50*$D$53)-($D$51*$D$54) -> -5.933316 | L55: =+(L49*$D$52)-($D$50*$D$53)-($D$51*$D$54) -> -5.9181351 | M55: =+(M49*$D$52)-($D$50*$D$53)-($D$51*$D$54) -> -5.902848 | ... AC55: =+(AC49*$D$52)-($D$50*$D$53)-($D$51*$D$54) -> -5.642843 | AD55: =SUM(F55:AC55) -> -139.92026
F56: =F55*F47 -> 0 | G56: =G55*G47 -> 0 | H56: =H55*H47 -> -40808.594 | I56: =I55*I47 -> -41084.032 | J56: =J55*J47 -> -41356.874 | K56: =K55*K47 -> -41627.094 | L56: =L55*L47 -> -41894.663 | M56: =M55*M47 -> -42159.555 | ... AC56: =AC55*AC47 -> -39085.666 | AD56: =SUM(F56:AC56) -> -901053
C57: Total time cost/savings | F57: =F56 -> 0 | G57: =G56 -> 0 | H57: =H56 -> -40808.594 | I57: =I56 -> -41084.032 | J57: =J56 -> -41356.874 | K57: =K56 -> -41627.094 | L57: =L56 -> -41894.663 | M57: =M56 -> -42159.555 | ... AC57: =AC56 -> -39085.666 | AD57: =SUM(F57:AC57) -> -901053
AD58: =SUM(F58:AC58) -> 0
C59: USER COST/SAVINGS | AD59: =SUM(F59:AC59) -> 0
C60: Auto costs/savings, $/trip | D60: ='Mode Operating Assumptions'!C33 -> 8.1905 | AD60: =SUM(F60:AC60) -> 0
C61: Transit costs, $/trip | D61: ='Mode Operating Assumptions'!C155 -> 2.1074073 | AD61: =SUM(F61:AC61) -> 0
C62: Ped costs/savings, $/trip | D62: 0.05 | AD62: =SUM(F62:AC62) -> 0
C63: User cost/savings, auto to transit+ped, $/trip | D63: =+D60-D61-D62 -> 6.0330927 | F63: =$D63*F47 -> 0 | G63: =$D63*G47 -> 0 | H63: =$D63*H47 -> 41183.083 | I63: =$D63*I47 -> 41564.425 | J63: =$D63*J47 -> 41945.767 | K63: =$D63*K47 -> 42327.11 | L63: =$D63*L47 -> 42708.452 | M63: =$D63*M47 -> 43089.794 | ... AC63: =$D63*AC47 -> 41788.767 | AD63: =SUM(F63:AC63) -> 934897.86
C64: Total user cost/savings | F64: =F63 -> 0 | G64: =G63 -> 0 | H64: =H63 -> 41183.083 | I64: =I63 -> 41564.425 | J64: =J63 -> 41945.767 | K64: =K63 -> 42327.11 | L64: =L63 -> 42708.452 | M64: =M63 -> 43089.794 | ... AC64: =AC63 -> 41788.767 | AD64: =SUM(F64:AC64) -> 934897.86
AD65: =SUM(F65:AC65) -> 0
B66: BICYCLE | AD66: =SUM(F66:AC66) -> 0
B67: Local | C67: Current User | AD67: =SUM(F67:AC67) -> 0
C68: TRAVEL TIME COST/SAVINGS | AD68: =SUM(F68:AC68) -> 0
C69: Travel time savings (hours) | D69: =20/3600 -> 0.0055555556 | AD69: =SUM(F69:AC69) -> 0
C70: Value of time, bike, $/hour | D70: ='Price Assumptions'!$B$3 -> 13.91 | AD70: =SUM(F70:AC70) -> 0
C71: Total time cost/savings | F71: =($D$69)*$D$70*F15 -> 0 | G71: =($D$69)*$D$70*G15 -> 0 | H71: =($D$69)*$D$70*H15 -> 333.03076 | I71: =($D$69)*$D$70*I15 -> 336.11452 | J71: =($D$69)*$D$70*J15 -> 339.19828 | K71: =($D$69)*$D$70*K15 -> 342.28204 | L71: =($D$69)*$D$70*L15 -> 345.3658 | M71: =($D$69)*$D$70*M15 -> 348.44956 | ... AC71: =($D$69)*$D$70*AC15 -> 337.92868 | AD71: =SUM(F71:AC71) -> 7560.137
AD72: =SUM(F72:AC72) -> 0
AD73: =SUM(F73:AC73) -> 0
B74: Commute | C74: Mode shift (auto to transit+bike) | F74: =F16 -> 0 | G74: =G16 -> 0 | H74: =H16 -> 129.28585 | I74: =I16 -> 130.48299 | J74: =J16 -> 131.68014 | K74: =K16 -> 132.87728 | L74: =L16 -> 134.07443 | M74: =M16 -> 135.27158 | ... AC74: =AC16 -> 131.18727 | AD74: =SUM(F74:AC74) -> 2934.9202
C75: TRAVEL TIME COST/SAVINGS | AD75: =SUM(F75:AC75) -> 0
C76: travel time, auto | F76: =F49 -> 0.3910028 | G76: =G49 -> 0.39205715 | H76: =H49 -> 0.39311875 | I76: =I49 -> 0.39418767 | J76: =J49 -> 0.395264 | K76: =K49 -> 0.39634781 | L76: =L49 -> 0.39743917 | M76: =M49 -> 0.39853817 | ... AC76: =AC49 -> 0.41723012 | AD76: =SUM(F76:AC76) -> 9.6905878
C77: travel time, transit | D77: =D50 -> 0.38127572 | AD77: =SUM(F77:AC77) -> 0
C78: travel time, bike | D78: ='Mode Operating Assumptions'!C102 -> 0.179 | AD78: =SUM(F78:AC78) -> 0
C79: Value of time, auto, $/hour | D79: =D52 -> 13.91 | AD79: =SUM(F79:AC79) -> 0
C80: Value of time, transit, $/hour | D80: =D53 -> 13.91 | AD80: =SUM(F80:AC80) -> 0
C81: Value of time, bike, $/hour | D81: ='Mode Operating Assumptions'!C103 -> 13.91 | AD81: =SUM(F81:AC81) -> 0
C82: Time cost/savings, auto to transit+bike, hours/day | F82: =+(F76*$D$79)-($D$77*$D$80)-($D$78*$D$81) -> -2.3545863 | G82: =+(G76*$D$79)-($D$77*$D$80)-($D$78*$D$81) -> -2.3399203 | H82: =+(H76*$D$79)-($D$77*$D$80)-($D$78*$D$81) -> -2.3251535 | I82: =+(I76*$D$79)-($D$77*$D$80)-($D$78*$D$81) -> -2.3102847 | J82: =+(J76*$D$79)-($D$77*$D$80)-($D$78*$D$81) -> -2.295313 | K82: =+(K76*$D$79)-($D$77*$D$80)-($D$78*$D$81) -> -2.2802372 | L82: =+(L76*$D$79)-($D$77*$D$80)-($D$78*$D$81) -> -2.2650564 | M82: =+(M76*$D$79)-($D$77*$D$80)-($D$78*$D$81) -> -2.2497693 | ... AC82: =+(AC76*$D$79)-($D$77*$D$80)-($D$78*$D$81) -> -1.9897642 | AD82: =SUM(F82:AC82) -> -52.246369
F83: =F82*F74 -> 0 | G83: =G82*G74 -> 0 | H83: =H82*H74 -> -300.60943 | I83: =I82*I74 -> -301.45286 | J83: =J82*J74 -> -302.24713 | K83: =K82*K74 -> -302.99173 | L83: =L82*L74 -> -303.68614 | M83: =M82*M74 -> -304.32983 | ... AC83: =AC82*AC74 -> -261.03173 | AD83: =SUM(F83:AC83) -> -6344.141
C84: Total time cost/savings | F84: =F83 -> 0 | G84: =G83 -> 0 | H84: =H83 -> -300.60943 | I84: =I83 -> -301.45286 | J84: =J83 -> -302.24713 | K84: =K83 -> -302.99173 | L84: =L83 -> -303.68614 | M84: =M83 -> -304.32983 | ... AC84: =AC83 -> -261.03173 | AD84: =SUM(F84:AC84) -> -6344.141
AD85: =SUM(F85:AC85) -> 0
C86: USER COST/SAVINGS | AD86: =SUM(F86:AC86) -> 0
C87: Auto costs, $/day | D87: =D60 -> 8.1905 | AD87: =SUM(F87:AC87) -> 0
C88: Transit costs, $/day | D88: =D61 -> 2.1074073 | AD88: =SUM(F88:AC88) -> 0
C89: Bicycle costs, $/day | D89: 0.1 | AD89: =SUM(F89:AC89) -> 0
C90: User cost/savings, auto to transit+bike, $/day | D90: =+D87-D88-D89 -> 5.9830927 | F90: =$D90*F74 -> 0 | G90: =$D90*G74 -> 0 | H90: =$D90*H74 -> 773.52921 | I90: =$D90*I74 -> 780.69184 | J90: =$D90*J74 -> 787.85448 | K90: =$D90*K74 -> 795.01711 | L90: =$D90*L74 -> 802.17974 | M90: =$D90*M74 -> 809.34238 | ... AC90: =$D90*AC74 -> 784.90558 | AD90: =SUM(F90:AC90) -> 17559.9
C91: Total user cost/savings | F91: =F90 -> 0 | G91: =G90 -> 0 | H91: =H90 -> 773.52921 | I91: =I90 -> 780.69184 | J91: =J90 -> 787.85448 | K91: =K90 -> 795.01711 | L91: =L90 -> 802.17974 | M91: =M90 -> 809.34238 | ... AC91: =AC90 -> 784.90558 | AD91: =SUM(F91:AC91) -> 17559.9
AD92: =SUM(F92:AC92) -> 0
AD93: =SUM(F93:AC93) -> 0
C94: INCREASED ACCESS BENEFITS | AD94: =SUM(F94:AC94) -> 0
C95: Consumer Surplus | D95: 0.5 | AD95: =SUM(F95:AC95) -> 0
AD96: =SUM(F96:AC96) -> 0
B97: PEDESTRIAN | C97: Trips not taken before (none to transit+ped) | F97: =F12 -> 0 | G97: =G12 -> 0 | H97: =H12 -> 4550.7984 | I97: =I12 -> 4592.9373 | J97: =J12 -> 4635.0763 | K97: =K12 -> 4677.2152 | L97: =L12 -> 4719.3542 | M97: =M12 -> 4761.4931 | ... AC97: =AC12 -> 4617.7275 | AD97: =SUM(F97:AC97) -> 103307.75
C98: Time cost/savings, no trip taken to transit+ped, hours/day | F98: =$D$95*F55 -> -3.0038325 | G98: =$D$95*G55 -> -2.9964995 | H98: =$D$95*H55 -> -2.9891161 | I98: =$D$95*I55 -> -2.9816817 | J98: =$D$95*J55 -> -2.9741959 | K98: =$D$95*K55 -> -2.966658 | L98: =$D$95*L55 -> -2.9590676 | M98: =$D$95*M55 -> -2.951424 | ... AC98: =$D$95*AC55 -> -2.8214215 | AD98: =SUM(F98:AC98) -> -69.960129
C99: Total | F99: =F98*F97 -> 0 | G99: =G98*G97 -> 0 | H99: =H98*H97 -> -13602.865 | I99: =I98*I97 -> -13694.677 | J99: =J98*J97 -> -13785.625 | K99: =K98*K97 -> -13875.698 | L99: =L98*L97 -> -13964.888 | M99: =M98*M97 -> -14053.185 | ... AC99: =AC98*AC97 -> -13028.555 | AD99: =SUM(F99:AC99) -> -300351
C100: User cost/savings, no trip taken to transit+ped, $/trip | D100: =$D$95*(D63) -> 3.0165464 | F100: =$D100*F97 -> 0 | G100: =$D100*G97 -> 0 | H100: =$D100*H97 -> 13727.694 | I100: =$D100*I97 -> 13854.808 | J100: =$D100*J97 -> 13981.922 | K100: =$D100*K97 -> 14109.037 | L100: =$D100*L97 -> 14236.151 | M100: =$D100*M97 -> 14363.265 | ... AC100: =$D100*AC97 -> 13929.589 | AD100: =SUM(F100:AC100) -> 311632.62
AD101: =SUM(F101:AC101) -> 0
B102: BICYCLE | AD102: =SUM(F102:AC102) -> 0
...

Sheet NC Users
A2: USERS and NON-USERS | C2: 2012 | D2: 2013 | E2: 2014 | F2: 2015 | G2: 2016 | H2: 2017 | I2: 2018 | J2: 2019 | K2: 2020 | L2: 2021 | M2: 2022 | N2: 2023 | O2: 2024 | P2: 2025 | Q2: 2026 | R2: 2027 | S2: 2028 | T2: 2029 | U2: 2030 | V2: 2031 | W2: 2032 | X2: 2033 | Y2: 2034 | Z2: 2035
C3: Year 1 | D3: Year 2 | E3: Year 3 | F3: Year 4 | G3: Year 5 | H3: Year 6 | I3: Year 7 | J3: Year 8 | K3: Year 9 | L3: Year 10 | M3: Year 11 | N3: Year 12 | O3: Year 13 | P3: Year 14 | Q3: Year 15 | R3: Year 16 | S3: Year 17 | T3: Year 18 | U3: Year 19 | V3: Year 20 | W3: Year 21 | X3: Year 22 | Y3: Year 23 | Z3: Year 24
A4: PEDESTRIAN
A5: Current User | B5: Current User | C5: 0 | D5: 0 | E5: =E66 -> 227539.92 | F5: =F66 -> 229646.87 | G5: =G66 -> 231753.81 | H5: =H66 -> 233860.76 | I5: =I66 -> 235967.71 | J5: =J66 -> 238074.66 | K5: =K66 -> 240181.6 | L5: =L66 -> 239561.92 | ... Z5: =Z66 -> 230886.37
A6: New User | B6: Mode shift (auto to transit+ped) | C6: =C68 -> 0 | D6: =D68 -> 0 | E6: =E68 -> 6826.1976 | F6: =F68 -> 6889.406 | G6: =G68 -> 6952.6144 | H6: =H68 -> 7015.8228 | I6: =I68 -> 7079.0313 | J6: =J68 -> 7142.2397 | ... Z6: =Z68 -> 6926.5912
B7: Trips not taken before (none to transit+ped) | C7: =C69 -> 0 | D7: =D69 -> 0 | E7: =E69 -> 4550.7984 | F7: =F69 -> 4592.9373 | G7: =G69 -> 4635.0763 | H7: =H69 -> 4677.2152 | I7: =I69 -> 4719.3542 | J7: =J69 -> 4761.4931 | ... Z7: =Z69 -> 4617.7275
A10: BICYCLE
A11: Current User | B11: Current User | C11: 0 | D11: 0 | E11: =E73 -> 4309.5282 | F11: =F73 -> 4349.4331 | G11: =G73 -> 4389.3379 | H11: =H73 -> 4429.2428 | I11: =I73 -> 4469.1477 | J11: =J73 -> 4509.0525 | K11: =K73 -> 4548.9574 | L11: =L73 -> 4537.2208 | ... Z11: =Z73 -> 4372.9089
A12: New User | B12: Trip shifted from auto to transit+bike | C12: =C75 -> 0 | D12: =D75 -> 0 | E12: =E75 -> 129.28585 | F12: =F75 -> 130.48299 | G12: =G75 -> 131.68014 | H12: =H75 -> 132.87728 | I12: =I75 -> 134.07443 | J12: =J75 -> 135.27158 | ... Z12: =Z75 -> 131.18727
B13: Trips not taken before (none to transit+bike) | C13: =C76 -> 0 | D13: =D76 -> 0 | E13: =E76 -> 86.190564 | F13: =F76 -> 86.988661 | G13: =G76 -> 87.786759 | H13: =H76 -> 88.584856 | I13: =I76 -> 89.382953 | J13: =J76 -> 90.18105 | ... Z13: =Z76 -> 87.458178
A16: ROAD
B17: Vehicle - Metro Access | C17: 0 | E17: =SUM(E55:E58)*$B$66 -> 5514534.5 | F17: =SUM(F55:F58)*$B$66 -> 5565597.3 | G17: =SUM(G55:G58)*$B$66 -> 5616660.1 | H17: =SUM(H55:H58)*$B$66 -> 5667723 | I17: =SUM(I55:I58)*$B$66 -> 5718785.8 | J17: =SUM(J55:J58)*$B$66 -> 5769848.6 | K17: =SUM(K55:K58)*$B$66 -> 5820911.5 | L17: =SUM(L55:L58)*$B$66 -> 5805893.2 | ... Z17: =SUM(Z55:Z58)*$B$66 -> 5595637.3
A18: Construction Impact | B18: Current User | D18: =SUM(D55:D58)*$B$66 -> 5463471.6
B19: New User (50% of VT reduced) | C19: =0.5*C26 -> 0 | D19: =0.5*D26 -> 0 | E19: =0.5*E26 -> -3477.7417 | F19: =0.5*F26 -> -3509.9445 | G19: =0.5*G26 -> -3542.1473 | H19: =0.5*H26 -> -3574.3501 | I19: =0.5*I26 -> -3606.5528 | J19: =0.5*J26 -> -3638.7556 | ... Z19: =0.5*Z26 -> -3528.8892
A20: Long-Term Impact | B20: Current User | D20: 0 | E20: =(E17)+E19 -> 5511056.7 | F20: =(F17)+F19 -> 5562087.3 | G20: =(G17)+G19 -> 5613118 | H20: =(H17)+H19 -> 5664148.6 | I20: =(I17)+I19 -> 5715179.2 | J20: =(J17)+J19 -> 5766209.9 | K20: =(K17)+K19 -> 5817240.5 | L20: =(L17)+L19 -> 5802231.7 | ... Z20: =(Z17)+Z19 -> 5592108.4
B23: TRAVEL IMPACTS
B24: Rail transit trips change | C24: =C6+C7+C12+C13 -> 0 | D24: =D6+D7+D12+D13 -> 0 | E24: =E6+E7+E12+E13 -> 11592.472 | F24: =F6+F7+F12+F13 -> 11699.815 | G24: =G6+G7+G12+G13 -> 11807.158 | H24: =H6+H7+H12+H13 -> 11914.5 | I24: =I6+I7+I12+I13 -> 12021.843 | J24: =J6+J7+J12+J13 -> 12129.185 | ... Z24: =Z6+Z7+Z12+Z13 -> 11762.964
B25: Bus transit trips change | E25: =-E24*$A$57 -> -2137.2153 | F25: =-F24*$A$57 -> -2157.0053 | G25: =-G24*$A$57 -> -2176.7952 | H25: =-H24*$A$57 -> -2196.5851 | I25: =-I24*$A$57 -> -2216.3751 | J25: =-J24*$A$57 -> -2236.165 | K25: =-K24*$A$57 -> -2255.9549 | L25: =-L24*$A$57 -> -2250.1344 | ... Z25: =-Z24*$A$57 -> -2168.6476
B26: Auto VT reduced | C26: =-(C6+C12) -> 0 | D26: =-(D6+D12) -> 0 | E26: =-(E6+E12) -> -6955.4834 | F26: =-(F6+F12) -> -7019.889 | G26: =-(G6+G12) -> -7084.2946 | H26: =-(H6+H12) -> -7148.7001 | I26: =-(I6+I12) -> -7213.1057 | J26: =-(J6+J12) -> -7277.5113 | ... Z26: =-(Z6+Z12) -> -7057.7784
B27: Auto VMT reduced | C27: =-('Mode Operating Assumptions'!$C$27*(C6+C12)) -> 0 | D27: =-('Mode Operating Assumptions'!$C$27*(D6+D12)) -> 0 | E27: =-('Mode Operating Assumptions'!$C$27*(E6+E12)) -> -45210.642 | F27: =-('Mode Operating Assumptions'!$C$27*(F6+F12)) -> -45629.278 | G27: =-('Mode Operating Assumptions'!$C$27*(G6+G12)) -> -46047.915 | H27: =-('Mode Operating Assumptions'!$C$27*(H6+H12)) -> -46466.551 | I27: =-('Mode Operating Assumptions'!$C$27*(I6+I12)) -> -46885.187 | J27: =-('Mode Operating Assumptions'!$C$27*(J6+J12)) -> -47303.823 | ... Z27: =-('Mode Operating Assumptions'!$C$27*(Z6+Z12)) -> -45875.56
B28: Auto fuel savings | C28: =-(C27*'Mode Operating Assumptions'!$C$8/'Mode Operating Assumptions'!C11) -> 0 | D28: =-(D27*'Mode Operating Assumptions'!$C$8/'Mode Operating Assumptions'!D11) -> 0 | E28: =-(E27*'Mode Operating Assumptions'!$C$8/'Mode Operating Assumptions'!E11) -> 7787.5945 | F28: =-(F27*'Mode Operating Assumptions'!$C$8/'Mode Operating Assumptions'!F11) -> 7686.4749 | G28: =-(G27*'Mode Operating Assumptions'!$C$8/'Mode Operating Assumptions'!G11) -> 7589.7166 | H28: =-(H27*'Mode Operating Assumptions'!$C$8/'Mode Operating Assumptions'!H11) -> 7497.0433 | I28: =-(I27*'Mode Operating Assumptions'!$C$8/'Mode Operating Assumptions'!I11) -> 7408.2019 | J28: =-(J27*'Mode Operating Assumptions'!$C$8/'Mode Operating Assumptions'!J11) -> 7322.9593 | ... Z28: =-(Z27*'Mode Operating Assumptions'!$C$8/'Mode Operating Assumptions'!Z11) -> 6905.9798
A36: Mezzanine | B36: Daily Ent | F36: Daily Ext
B37: 2005 | C37: 2010 | D37: 2020 | E37: 2030 | F37: 2005 | G37: 2010 | H37: 2020 | I37: 2030
A38: New Carrollton | B38: 9032.5238 | C38: 9797.8791 | D38: 10711.19 | E38: 10412.579 | F38: 8983.7619 | G38: 9763.5816 | H38: 10731.27 | I38: 10476.653
D39: =(D38-C38)/10 -> 91.33107 | E39: =(E38-D38)/10 -> -29.861037 | H39: =(H38-G38)/10 -> 96.768824 | I39: =(I38-H38)/10 -> -25.461716
D40: =D39/C38 -> 0.0093215143 | E40: =E39/D38 -> -0.0027878357 | H40: =H39/G38 -> 0.0099112014 | I40: =I39/H38 -> -0.0023726657
C42: 2012 | D42: 2013 | E42: 2014 | F42: 2015 | G42: 2016 | H42: 2017 | I42: 2018 | J42: 2019 | K42: 2020 | L42: 2021 | M42: 2022 | N42: 2023 | O42: 2024 | P42: 2025 | Q42: 2026 | R42: 2027 | S42: 2028 | T42: 2029 | U42: 2030 | V42: 2031 | W42: 2032 | X42: 2033 | Y42: 2034 | Z42: 2035
C43: Year 1 | D43: Year 2 | E43: Year 3 | F43: Year 4 | G43: Year 5 | H43: Year 6 | I43: Year 7 | J43: Year 8 | K43: Year 9 | L43: Year 10 | M43: Year 11 | N43: Year 12 | O43: Year 13 | P43: Year 14 | Q43: Year 15 | R43: Year 16 | S43: Year 17 | T43: Year 18 | U43: Year 19 | V43: Year 20 | W43: Year 21 | X43: Year 22 | Y43: Year 23 | Z43: Year 24
B44: Daily users (Entry + Exit) | C44: =$C$38*(1+($D$40*(C42-2010)))+$G$38*(1+($H$40*(C42-2010))) -> 19937.66 | D44: =$C$38*(1+($D$40*(D42-2010)))+$G$38*(1+($H$40*(D42-2010))) -> 20125.76 | E44: =$C$38*(1+($D$40*(E42-2010)))+$G$38*(1+($H$40*(E42-2010))) -> 20313.86 | F44: =$C$38*(1+($D$40*(F42-2010)))+$G$38*(1+($H$40*(F42-2010))) -> 20501.96 | G44: =$C$38*(1+($D$40*(G42-2010)))+$G$38*(1+($H$40*(G42-2010))) -> 20690.06 | H44: =$C$38*(1+($D$40*(H42-2010)))+$G$38*(1+($H$40*(H42-2010))) -> 20878.16 | I44: =$C$38*(1+($D$40*(I42-2010)))+$G$38*(1+($H$40*(I42-2010))) -> 21066.26 | J44: =$C$38*(1+($D$40*(J42-2010)))+$G$38*(1+($H$40*(J42-2010))) -> 21254.36 | K44: =H38+D38 -> 21442.46 | L44: =$D$38*(1+($E$40*(L42-2020)))+$H$38*(1+($I$40*(L42-2020))) -> 21387.137 | M44: =$D$38*(1+($E$40*(M42-2020)))+$H$38*(1+($I$40*(M42-2020))) -> 21331.814 | N44: =$D$38*(1+($E$40*(N42-2020)))+$H$38*(1+($I$40*(N42-2020))) -> 21276.491 | O44: =$D$38*(1+($E$40*(O42-2020)))+$H$38*(1+($I$40*(O42-2020))) -> 21221.169 | P44: =$D$38*(1+($E$40*(P42-2020)))+$H$38*(1+($I$40*(P42-2020))) -> 21165.846 | Q44: =$D$38*(1+($E$40*(Q42-2020)))+$H$38*(1+($I$40*(Q42-2020))) -> 21110.523 | R44: =$D$38*(1+($E$40*(R42-2020)))+$H$38*(1+($I$40*(R42-2020))) -> 21055.2 | S44: =$D$38*(1+($E$40*(S42-2020)))+$H$38*(1+($I$40*(S42-2020))) -> 20999.878 | ... Z44: =$D$38*(1+($E$40*(Z42-2020)))+$H$38*(1+($I$40*(Z42-2020))) -> 20612.618
U45: =I38+E38 -> 20889.232
A47: Station Name | B47: Total | C47: ALEXANDRIA DASH | D47: AMTRAK, MARC OR VRE | E47: ARLINGTON TRANSIT (ART) | F47: Dropped off | G47: BICYCLE | H47: DC CIRCULATOR | I47: DRIVE A CAR | J47: FAIRFAX CITY CUE | K47: FAIRFAX CONNECTOR | L47: METROBUS | M47: MONTGOMERY RIDE ON | N47: OTHER BUS | O47: PRINCE GEORGE'S THE BUS | P47: RIDE WITH SOMEONE WHO PARKED | Q47: TAXI | R47: WALK
A48: NEW CARROLLTON | B48: 10420.929 | D48: 300.09085 | F48: 1311.6085 | G48: 18.42309 | H48: 21.375 | I48: 5648.1189 | L48: 1723.4435 | N48: 81.68839 | O48: 94.72007 | P48: 135.5685 | Q48: 113.16694 | R48: 972.7256
D49: =D48/$B48 -> 0.028796937 | E49: =E48/$B48 -> 0 | F49: =F48/$B48 -> 0.12586291 | G49: =G48/$B48 -> 0.0017678932 | H49: =H48/$B48 -> 0.0020511606 | I49: =I48/$B48 -> 0.54199762 | J49: =J48/$B48 -> 0 | K49: =K48/$B48 -> 0 | ... R49: =R48/$B48 -> 0.09334346
B50: Metrorail Mode of Access Study 2007 (All Day Access Absolute)
C51: 2012 | D51: 2013 | E51: 2014 | F51: 2015 | G51: 2016 | H51: 2017 | I51: 2018 | J51: 2019 | K51: 2020 | L51: 2021 | M51: 2022 | N51: 2023 | O51: 2024 | P51: 2025 | Q51: 2026 | R51: 2027 | S51: 2028 | T51: 2029 | U51: 2030 | V51: 2031 | W51: 2032 | X51: 2033 | Y51: 2034 | Z51: 2035
C52: Year 1 | D52: Year 2 | E52: Year 3 | F52: Year 4 | G52: Year 5 | H52: Year 6 | I52: Year 7 | J52: Year 8 | K52: Year 9 | L52: Year 10 | M52: Year 11 | N52: Year 12 | O52: Year 13 | P52: Year 14 | Q52: Year 15 | R52: Year 16 | S52: Year 17 | T52: Year 18 | U52: Year 19 | V52: Year 20 | W52: Year 21 | X52: Year 22 | Y52: Year 23 | Z52: Year 24
A53: =R49 -> 0.09334346 | B53: Walk | C53: =C$59*$A53 -> 1861.0502 | D53: =D$59*$A53 -> 1878.6081 | E53: =E$59*$A53 -> 1896.166 | F53: =F$59*$A53 -> 1913.7239 | G53: =G$59*$A53 -> 1931.2818 | H53: =H$59*$A53 -> 1948.8397 | I53: =I$59*$A53 -> 1966.3976 | J53: =J$59*$A53 -> 1983.9555 | ... Z53: =Z$59*$A53 -> 1924.0531
A54: =G49 -> 0.0017678932 | B54: Bicycle | C54: =C$59*$A54 -> 35.247654 | D54: =D$59*$A54 -> 35.580195 | E54: =E$59*$A54 -> 35.912735 | F54: =F$59*$A54 -> 36.245276 | G54: =G$59*$A54 -> 36.577816 | H54: =H$59*$A54 -> 36.910357 | I54: =I$59*$A54 -> 37.242897 | J54: =J$59*$A54 -> 37.575438 | ... Z54: =Z$59*$A54 -> 36.440907
A55: =I49 -> 0.54199762 | B55: Car - Park | C55: =C$59*$A55 -> 10806.165 | D55: =D$59*$A55 -> 10908.114 | E55: =E$59*$A55 -> 11010.064 | F55: =F$59*$A55 -> 11112.014 | G55: =G$59*$A55 -> 11213.963 | H55: =H$59*$A55 -> 11315.913 | I55: =I$59*$A55 -> 11417.863 | J55: =J$59*$A55 -> 11519.812 | ... Z55: =Z$59*$A55 -> 11171.99
A56: =F49 -> 0.12586291 | B56: Car - Drop-off | C56: =C$59*$A56 -> 2509.412 | D56: =D$59*$A56 -> 2533.0868 | E56: =E$59*$A56 -> 2556.7616 | F56: =F$59*$A56 -> 2580.4364 | G56: =G$59*$A56 -> 2604.1112 | H56: =H$59*$A56 -> 2627.786 | I56: =I$59*$A56 -> 2651.4608 | J56: =J$59*$A56 -> 2675.1356 | ... Z56: =Z$59*$A56 -> 2594.3642
A57: =H49+L49+N49+O49 -> 0.18436234 | B57: Bus | C57: =C$59*$A57 -> 3675.7537 | D57: =D$59*$A57 -> 3710.4323 | E57: =E$59*$A57 -> 3745.1108 | F57: =F$59*$A57 -> 3779.7893 | G57: =G$59*$A57 -> 3814.4679 | H57: =H$59*$A57 -> 3849.1464 | I57: =I$59*$A57 -> 3883.8249 | J57: =J$59*$A57 -> 3918.5035 | ... Z57: =Z$59*$A57 -> 3800.1905
A58: =P49+Q49+D49 -> 0.052665772 | B58: Other (Taxi, Motorcycle, etc.) | C58: =C$59*$A58 -> 1050.0323 | D58: =D$59*$A58 -> 1059.9387 | E58: =E$59*$A58 -> 1069.8451 | F58: =F$59*$A58 -> 1079.7516 | G58: =G$59*$A58 -> 1089.658 | H58: =H$59*$A58 -> 1099.5644 | I58: =I$59*$A58 -> 1109.4708 | J58: =J$59*$A58 -> 1119.3773 | ... Z58: =Z$59*$A58 -> 1085.5795
A59: =SUM(A53:A58) -> 1 | C59: =C$44*$A59 -> 19937.66 | D59: =D$44*$A59 -> 20125.76 | E59: =E$44*$A59 -> 20313.86 | F59: =F$44*$A59 -> 20501.96 | G59: =G$44*$A59 -> 20690.06 | H59: =H$44*$A59 -> 20878.16 | I59: =I$44*$A59 -> 21066.26 | J59: =J$44*$A59 -> 21254.36 | ... Z59: =Z$44*$A59 -> 20612.618
A61: Pedestrian Volumes
B62: Percent using improvements
B63: 0.4 | C63: =B63*C44 -> 7975.0642
A64: PEDESTRIAN
A65: Current User | B65: Effective weekdays per year
B66: 300 | C66: =$B$63*C53*$B$66 -> 223326.02 | D66: =$B$63*D53*$B$66 -> 225432.97 | E66: =$B$63*E53*$B$66 -> 227539.92 | F66: =$B$63*F53*$B$66 -> 229646.87 | G66: =$B$63*G53*$B$66 -> 231753.81 | H66: =$B$63*H53*$B$66 -> 233860.76 | I66: =$B$63*I53*$B$66 -> 235967.71 | J66: =$B$63*J53*$B$66 -> 238074.66 | ... Z66: =$B$63*Z53*$B$66 -> 230886.37
A67: New User (mode shift)
A68: 0.03 | B68: Mode shift (auto to transit+ped) | E68: =E66*$A$68 -> 6826.1976 | F68: =F66*$A$68 -> 6889.406 | G68: =G66*$A$68 -> 6952.6144 | H68: =H66*$A$68 -> 7015.8228 | I68: =I66*$A$68 -> 7079.0313 | J68: =J66*$A$68 -> 7142.2397 | K68: =K66*$A$68 -> 7205.4481 | L68: =L66*$A$68 -> 7186.8576 | ... Z68: =Z66*$A$68 -> 6926.5912
A69: 0.02 | B69: Trips not taken before (none to transit+ped) | E69: =E66*$A$69 -> 4550.7984 | F69: =F66*$A$69 -> 4592.9373 | G69: =G66*$A$69 -> 4635.0763 | H69: =H66*$A$69 -> 4677.2152 | I69: =I66*$A$69 -> 4719.3542 | J69: =J66*$A$69 -> 4761.4931 | K69: =K66*$A$69 -> 4803.6321 | L69: =L66*$A$69 -> 4791.2384 | ... Z69: =Z66*$A$69 -> 4617.7275
A71: BICYCLE
A72: Current User | B72: Effective weekdays per year
B73: 300 | C73: =$B73*$B63*C54 -> 4229.7185 | D73: =$B73*$B63*D54 -> 4269.6233 | E73: =$B73*$B63*E54 -> 4309.5282 | F73: =$B73*$B63*F54 -> 4349.4331 | G73: =$B73*$B63*G54 -> 4389.3379 | H73: =$B73*$B63*H54 -> 4429.2428 | I73: =$B73*$B63*I54 -> 4469.1477 | J73: =$B73*$B63*J54 -> 4509.0525 | ... Z73: =$B73*$B63*Z54 -> 4372.9089
A75: 0.03 | B75: Trip shifted from auto to transit+bike | E75: =E73*$A$75 -> 129.28585 | F75: =F73*$A$75 -> 130.48299 | G75: =G73*$A$75 -> 131.68014 | H75: =H73*$A$75 -> 132.87728 | I75: =I73*$A$75 -> 134.07443 | J75: =J73*$A$75 -> 135.27158 | K75: =K73*$A$75 -> 136.46872 | L75: =L73*$A$75 -> 136.11662 | ... Z75: =Z73*$A$75 -> 131.18727
A76: 0.02 | B76: Trips not taken before (none to transit+bike) | E76: =E73*$A$76 -> 86.190564 | F76: =F73*$A$76 -> 86.988661 | G76: =G73*$A$76 -> 87.786759 | H76: =H73*$A$76 -> 88.584856 | I76: =I73*$A$76 -> 89.382953 | J76: =J73*$A$76 -> 90.18105 | K76: =K73*$A$76 -> 90.979148 | L76: =L73*$A$76 -> 90.744416 | ... Z76: =Z73*$A$76 -> 87.458178
A88: 2010 CLRP DAILY TRAFFIC VOLUMES
A89: (v2.2 travel demand model, 2191 TAZ) | G89: 2011 to 2030 | I89: 2030 to 2040
G90: Change | H90: Annualized | J90: Annualized
H91: 0.00622 | J91: 0.0216
A92: Ager Rd. | B92: south of EastWest Hwy. | C92: 4028-4199 | D92: 10333 | E92: 11625 | F92: 14395 | G92: =E92-D92 -> 1292 | H92: =D92*((1+H91)^19) -> 11624.985 | I92: =F92-E92 -> 2770 | J92: =E92*((1+J91)^10) -> 14394.673
H93: 0.00871 | J93: 0.03266
B94: north of Queens Chapel Rd. | C94: 4027-4042 | D94: 5431 | E94: 6404 | F94: 8831 | G94: =E94-D94 -> 973 | H94: =D94*((1+H93)^19) -> 6403.8331 | I94: =F94-E94 -> 2427 | J94: =E94*((1+J93)^10) -> 8831.3048
A97: SOURCES:
A98: 2011: N:\model_app\CGV2_2_Conformity2011\2011_Conf\I6HWY.NET
A99: 2030: N:\model_app\CGV2_2_Conformity2011_VDOT\2030_Conf\I6HWY.NET
A100: 2040: N:\model_app\CGV2_2_Conformity2011_VDOT\2040_Conf\I6HWY.NET

Sheet TB
F1: 2012 | G1: 2013 | H1: 2014 | I1: 2015 | J1: 2016 | K1: 2017 | L1: 2018 | M1: 2019 | N1: 2020 | O1: 2021 | P1: 2022 | Q1: 2023 | R1: 2024 | S1: 2025 | T1: 2026 | U1: 2027 | V1: 2028 | W1: 2029 | X1: 2030 | Y1: 2031 | Z1: 2032 | AA1: 2033 | AB1: 2034 | AC1: 2035
D2: Factor | E2: Total | F2: Year 1 | G2: Year 2 | H2: Year 3 | I2: Year 4 | J2: Year 5 | K2: Year 6 | L2: Year 7 | M2: Year 8 | N2: Year 9 | O2: Year 10 | P2: Year 11 | Q2: Year 12 | R2: Year 13 | S2: Year 14 | T2: Year 15 | U2: Year 16 | V2: Year 17 | W2: Year 18 | X2: Year 19 | Y2: Year 20 | Z2: Year 21 | AA2: Year 22 | AB2: Year 23 | AC2: Year 24
A5: Project Costs | C5: O & M
C6: Construction | G6: -501589.98
AD7: =SUM(F7:AC7) -> 0
A8: Users | AD8: =SUM(F8:AC8) -> 0
B9: PEDESTRIAN | AD9: =SUM(F9:AC9) -> 0
B10: Local | C10: Current User | F10: ='TB Users'!C5 -> 0 | G10: ='TB Users'!D5 -> 0 | H10: ='TB Users'!E5 -> 553940.72 | I10: ='TB Users'!F5 -> 567717.64 | J10: ='TB Users'!G5 -> 581494.56 | K10: ='TB Users'!H5 -> 595271.49 | L10: ='TB Users'!I5 -> 609048.41 | M10: ='TB Users'!J5 -> 622825.33 | ... AC10: ='TB Users'!Z5 -> 708484.81 | AD10: =SUM(F10:AC10) -> 14290995
B11: Commute | C11: Trip shifted from auto to transit+ped | F11: ='TB Users'!C6 -> 0 | G11: ='TB Users'!D6 -> 0 | H11: ='TB Users'!E6 -> 16618.221 | I11: ='TB Users'!F6 -> 17031.529 | J11: ='TB Users'!G6 -> 17444.837 | K11: ='TB Users'!H6 -> 17858.145 | L11: ='TB Users'!I6 -> 18271.452 | M11: ='TB Users'!J6 -> 18684.76 | ... AC11: ='TB Users'!Z6 -> 21254.544 | AD11: =SUM(F11:AC11) -> 428729.84
C12: Trips not taken before (none to transit+ped) | F12: ='TB Users'!C7 -> 0 | G12: ='TB Users'!D7 -> 0 | H12: ='TB Users'!E7 -> 11078.814 | I12: ='TB Users'!F7 -> 11354.353 | J12: ='TB Users'!G7 -> 11629.891 | K12: ='TB Users'!H7 -> 11905.43 | L12: ='TB Users'!I7 -> 12180.968 | M12: ='TB Users'!J7 -> 12456.507 | ... AC12: ='TB Users'!Z7 -> 14169.696 | AD12: =SUM(F12:AC12) -> 285819.89
AD13: =SUM(F13:AC13) -> 0
B14: BICYCLE | AD14: =SUM(F14:AC14) -> 0
B15: Local | C15: Current User | F15: ='TB Users'!C11 -> 0 | G15: ='TB Users'!D11 -> 0 | H15: ='TB Users'!E11 -> 31919.855 | I15: ='TB Users'!F11 -> 32713.726 | J15: ='TB Users'!G11 -> 33507.597 | K15: ='TB Users'!H11 -> 34301.468 | L15: ='TB Users'!I11 -> 35095.338 | M15: ='TB Users'!J11 -> 35889.209 | ... AC15: ='TB Users'!Z11 -> 40825.185 | AD15: =SUM(F15:AC15) -> 823493.32
B16: Commute | C16: Trip shifted from auto to transit+bike | F16: ='TB Users'!C12 -> 0 | G16: ='TB Users'!D12 -> 0 | H16: ='TB Users'!E12 -> 957.59565 | I16: ='TB Users'!F12 -> 981.41177 | J16: ='TB Users'!G12 -> 1005.2279 | K16: ='TB Users'!H12 -> 1029.044 | L16: ='TB Users'!I12 -> 1052.8602 | M16: ='TB Users'!J12 -> 1076.6763 | ... AC16: ='TB Users'!Z12 -> 1224.7556 | AD16: =SUM(F16:AC16) -> 24704.8
C17: Trips not taken before (none to transit+bike) | F17: ='TB Users'!C13 -> 0 | G17: ='TB Users'!D13 -> 0 | H17: ='TB Users'!E13 -> 638.3971 | I17: ='TB Users'!F13 -> 654.27452 | J17: ='TB Users'!G13 -> 670.15193 | K17: ='TB Users'!H13 -> 686.02935 | L17: ='TB Users'!I13 -> 701.90677 | M17: ='TB Users'!J13 -> 717.78419 | ... AC17: ='TB Users'!Z13 -> 816.50371 | AD17: =SUM(F17:AC17) -> 16469.866 | AG17: Comp. Grpah
AD18: =SUM(F18:AC18) -> 0 | AG18: =AD45+AD57+AD64 -> 3217914.6
C19: TRAVEL IMPACTS | AD19: =SUM(F19:AC19) -> 0 | AG19: =+#REF!+#REF!+#REF!+AD166+AD164 -> #REF!
C20: Rail transit trips change | F20: ='TB Users'!C24 -> 0 | G20: ='TB Users'!D24 -> 0 | H20: ='TB Users'!E24 -> 29293.029 | I20: ='TB Users'!F24 -> 30021.568 | J20: ='TB Users'!G24 -> 30750.108 | K20: ='TB Users'!H24 -> 31478.648 | L20: ='TB Users'!I24 -> 32207.187 | M20: ='TB Users'!J24 -> 32935.727 | ... AC20: ='TB Users'!Z24 -> 37465.5 | AD20: =SUM(F20:AC20) -> 755724.4
C21: Bus transit trips change | F21: ='TB Users'!C25 -> 0 | G21: ='TB Users'!D25 -> 0 | H21: ='TB Users'!E25 -> -845.92225 | I21: ='TB Users'!F25 -> -866.96098 | J21: ='TB Users'!G25 -> -887.9997 | K21: ='TB Users'!H25 -> -909.03843 | L21: ='TB Users'!I25 -> -930.07715 | M21: ='TB Users'!J25 -> -951.11588 | ... AC21: ='TB Users'!Z25 -> -1081.9264 | AD21: =SUM(F21:AC21) -> -21823.762
C22: Auto VT reduced | F22: ='TB Users'!C26 -> 0 | G22: ='TB Users'!D26 -> 0 | H22: ='TB Users'!E26 -> -17575.817 | I22: ='TB Users'!F26 -> -18012.941 | J22: ='TB Users'!G26 -> -18450.065 | K22: ='TB Users'!H26 -> -18887.189 | L22: ='TB Users'!I26 -> -19324.312 | M22: ='TB Users'!J26 -> -19761.436 | ... AC22: ='TB Users'!Z26 -> -22479.3 | AD22: =SUM(F22:AC22) -> -453434.64
C23: Auto VMT reduced | F23: ='TB Users'!C27 -> 0 | G23: ='TB Users'!D27 -> 0 | H23: ='TB Users'!E27 -> -114242.81 | I23: ='TB Users'!F27 -> -117084.12 | J23: ='TB Users'!G27 -> -119925.42 | K23: ='TB Users'!H27 -> -122766.73 | L23: ='TB Users'!I27 -> -125608.03 | M23: ='TB Users'!J27 -> -128449.34 | ... AC23: ='TB Users'!Z27 -> -146115.45 | AD23: =SUM(F23:AC23) -> -2947325.2
C24: Auto fuel savings | F24: ='TB Users'!C28 -> 0 | G24: ='TB Users'!D28 -> 0 | H24: ='TB Users'!E28 -> 19678.479 | I24: ='TB Users'!F28 -> 19723.391 | J24: ='TB Users'!G28 -> 19766.366 | K24: ='TB Users'!H28 -> 19807.527 | L24: ='TB Users'!I28 -> 19846.986 | M24: ='TB Users'!J28 -> 19884.846 | ... AC24: ='TB Users'!Z28 -> 21995.816 | AD24: =SUM(F24:AC24) -> 454084.62
AD25: =SUM(F25:AC25) -> 0
A26: Non-Users | AD26: =SUM(F26:AC26) -> 0
B27: ROAD | AD27: =SUM(F27:AC27) -> 0
B28: Construction Impact | C28: Current User | F28: ='TB Users'!C18 -> 0 | G28: ='TB Users'!D18 -> 1280180.4 | H28: ='TB Users'!E18 -> 0 | I28: ='TB Users'!F18 -> 0 | J28: ='TB Users'!G18 -> 0 | K28: ='TB Users'!H18 -> 0 | L28: ='TB Users'!I18 -> 0 | M28: ='TB Users'!J18 -> 0 | ... AC28: ='TB Users'!Z18 -> 0 | AD28: =SUM(F28:AC28) -> 1280180.4
B29: Long-Term Impact | C29: Reduced Users | F29: ='TB Users'!C19 -> 0 | G29: ='TB Users'!D19 -> 0 | H29: ='TB Users'!E19 -> -8787.9086 | I29: ='TB Users'!F19 -> -9006.4705 | J29: ='TB Users'!G19 -> -9225.0324 | K29: ='TB Users'!H19 -> -9443.5943 | L29: ='TB Users'!I19 -> -9662.1562 | M29: ='TB Users'!J19 -> -9880.7182 | ... AC29: ='TB Users'!Z19 -> -11239.65 | AD29: =SUM(F29:AC29) -> -226717.32
C30: Current User | F30: ='TB Users'!C20 -> 0 | G30: ='TB Users'!D20 -> 0 | H30: ='TB Users'!E20 -> 1304043.6 | I30: ='TB Users'!F20 -> 1336476.2 | J30: ='TB Users'!G20 -> 1368908.7 | K30: ='TB Users'!H20 -> 1401341.3 | L30: ='TB Users'!I20 -> 1433773.8 | M30: ='TB Users'!J20 -> 1466206.4 | ... AC30: ='TB Users'!Z20 -> 1667859.2 | AD30: =SUM(F30:AC30) -> 33642735
AD31: =SUM(F31:AC31) -> 0
AD32: =SUM(F32:AC32) -> 0
A33: STATE OF GOOD REPAIR | AD33: =SUM(F33:AC33) -> 0
C34: New Construction for this project | AD34: =SUM(F34:AC34) -> 0
AD35: =SUM(F35:AC35) -> 0
AD36: =SUM(F36:AC36) -> 0
AD37: =SUM(F37:AC37) -> 0
A38: ECONOMIC COMPETITIVENESS | AD38: =SUM(F38:AC38) -> 0
AD39: =SUM(F39:AC39) -> 0
B40: PEDESTRIAN | AD40: =SUM(F40:AC40) -> 0
B41: Local | C41: Current User | AD41: =SUM(F41:AC41) -> 0
C42: TRAVEL TIME COST/SAVINGS | AD42: =SUM(F42:AC42) -> 0
C43: Travel time savings (hour) | D43: =30/3600 -> 0.0083333333 | AD43: =SUM(F43:AC43) -> 0
C44: Value of time, ped, $/hour | D44: 26.21 | AD44: =SUM(F44:AC44) -> 0
C45: Total time cost/savings | F45: 0 | G45: =$D$44*$D$43*G10 -> 0 | H45: =$D$44*$D$43*H10 -> 120989.88 | I45: =$D$44*$D$43*I10 -> 123998.99 | J45: =$D$44*$D$43*J10 -> 127008.1 | K45: =$D$44*$D$43*K10 -> 130017.21 | L45: =$D$44*$D$43*L10 -> 133026.32 | M45: =$D$44*$D$43*M10 -> 136035.43 | N45: =$D$44*$D$43*N10 -> 139044.54 | ... AC45: =$D$44*$D$43*AC10 -> 154744.89 | AD45: =SUM(F45:AC45) -> 3121391.4
AD46: =SUM(F46:AC46) -> 0
B47: Commute | C47: Mode shift (auto to transit+ped) | F47: =F11 -> 0 | G47: =G11 -> 0 | H47: =H11 -> 16618.221 | I47: =I11 -> 17031.529 | J47: =J11 -> 17444.837 | K47: =K11 -> 17858.145 | L47: =L11 -> 18271.452 | M47: =M11 -> 18684.76 | ... AC47: =AC11 -> 21254.544 | AD47: =SUM(F47:AC47) -> 428729.84
C48: TRAVEL TIME COST/SAVINGS | AD48: =SUM(F48:AC48) -> 0
C49: travel time, auto | F49: ='Mode Operating Assumptions'!D29 -> 0.3910028 | G49: ='Mode Operating Assumptions'!E29 -> 0.39205715 | H49: ='Mode Operating Assumptions'!F29 -> 0.39311875 | I49: ='Mode Operating Assumptions'!G29 -> 0.39418767 | J49: ='Mode Operating Assumptions'!H29 -> 0.395264 | K49: ='Mode Operating Assumptions'!I29 -> 0.39634781 | L49: ='Mode Operating Assumptions'!J29 -> 0.39743917 | M49: ='Mode Operating Assumptions'!K29 -> 0.39853817 | ... AC49: ='Mode Operating Assumptions'!AA29 -> 0.41723012 | AD49: =SUM(F49:AC49) -> 9.6905878
C50: travel time, transit | D50: ='Mode Operating Assumptions'!C152 -> 0.38127572 | AD50: =SUM(F50:AC50) -> 0
C51: travel time, ped | D51: ='Mode Operating Assumptions'!C52 -> 0.234375 | AD51: =SUM(F51:AC51) -> 0
C52: Value of time, auto, $/hour | D52: 13.91 | AD52: =SUM(F52:AC52) -> 0
C53: Value of time, transit, $/hour | D53: 13.91 | AD53: =SUM(F53:AC53) -> 0
C54: Value of time, ped, $/hour | D54: =D44 -> 26.21 | AD54: =SUM(F54:AC54) -> 0
C55: Time cost/savings, auto to transit+ped, hours/day | F55: =+(F49*$D$52)-($D$50*$D$53)-($D$51*$D$54) -> -6.0076651 | G55: =+(G49*$D$52)-($D$50*$D$53)-($D$51*$D$54) -> -5.9929991 | H55: =+(H49*$D$52)-($D$50*$D$53)-($D$51*$D$54) -> -5.9782322 | I55: =+(I49*$D$52)-($D$50*$D$53)-($D$51*$D$54) -> -5.9633635 | J55: =+(J49*$D$52)-($D$50*$D$53)-($D$51*$D$54) -> -5.9483918 | K55: =+(K49*$D$52)-($D$50*$D$53)-($D$51*$D$54) -> -5.933316 | L55: =+(L49*$D$52)-($D$50*$D$53)-($D$51*$D$54) -> -5.9181351 | M55: =+(M49*$D$52)-($D$50*$D$53)-($D$51*$D$54) -> -5.902848 | ... AC55: =+(AC49*$D$52)-($D$50*$D$53)-($D$51*$D$54) -> -5.642843 | AD55: =SUM(F55:AC55) -> -139.92026
F56: =F55*F47 -> 0 | G56: =G55*G47 -> 0 | H56: =H55*H47 -> -99347.587 | I56: =I55*I47 -> -101565.2 | J56: =J55*J47 -> -103768.72 | K56: =K55*K47 -> -105958.02 | L56: =L55*L47 -> -108132.92 | M56: =M55*M47 -> -110293.3 | ... AC56: =AC55*AC47 -> -119936.06 | AD56: =SUM(F56:AC56) -> -2490043.7
C57: Total time cost/savings | F57: =F56 -> 0 | G57: =G56 -> 0 | H57: =H56 -> -99347.587 | I57: =I56 -> -101565.2 | J57: =J56 -> -103768.72 | K57: =K56 -> -105958.02 | L57: =L56 -> -108132.92 | M57: =M56 -> -110293.3 | ... AC57: =AC56 -> -119936.06 | AD57: =SUM(F57:AC57) -> -2490043.7
AD58: =SUM(F58:AC58) -> 0
C59: USER COST/SAVINGS | AD59: =SUM(F59:AC59) -> 0
C60: Auto costs/savings, $/trip | D60: ='Mode Operating Assumptions'!C33 -> 8.1905 | AD60: =SUM(F60:AC60) -> 0
C61: Transit costs, $/trip | D61: ='Mode Operating Assumptions'!C155 -> 2.1074073 | AD61: =SUM(F61:AC61) -> 0
C62: Ped costs/savings, $/trip | D62: 0.05 | AD62: =SUM(F62:AC62) -> 0
C63: User cost/savings, auto to transit+ped, $/trip | D63: =+D60-D61-D62 -> 6.0330927 | F63: =$D63*F47 -> 0 | G63: =$D63*G47 -> 0 | H63: =$D63*H47 -> 100259.27 | I63: =$D63*I47 -> 102752.79 | J63: =$D63*J47 -> 105246.32 | K63: =$D63*K47 -> 107739.84 | L63: =$D63*L47 -> 110233.37 | M63: =$D63*M47 -> 112726.89 | ... AC63: =$D63*AC47 -> 128230.64 | AD63: =SUM(F63:AC63) -> 2586566.9
C64: Total user cost/savings | F64: =F63 -> 0 | G64: =G63 -> 0 | H64: =H63 -> 100259.27 | I64: =I63 -> 102752.79 | J64: =J63 -> 105246.32 | K64: =K63 -> 107739.84 | L64: =L63 -> 110233.37 | M64: =M63 -> 112726.89 | ... AC64: =AC63 -> 128230.64 | AD64: =SUM(F64:AC64) -> 2586566.9
AD65: =SUM(F65:AC65) -> 0
B66: BICYCLE | AD66: =SUM(F66:AC66) -> 0
B67: Local | C67: Current User | AD67: =SUM(F67:AC67) -> 0
C68: TRAVEL TIME COST/SAVINGS | AD68: =SUM(F68:AC68) -> 0
C69: Travel time savings (hour) | D69: =20/3600 -> 0.0055555556 | AD69: =SUM(F69:AC69) -> 0
C70: Value of time, bike, $/hour | D70: ='Price Assumptions'!$B$3 -> 13.91 | AD70: =SUM(F70:AC70) -> 0
C71: Total time cost/savings | F71: =($D$69/3600)*$D$70*F15 -> 0 | G71: =($D$69/3600)*$D$70*G15 -> 0 | H71: =($D$69)*$D$70*H15 -> 2466.6955 | I71: =($D$69)*$D$70*I15 -> 2528.044 | J71: =($D$69)*$D$70*J15 -> 2589.3926 | K71: =($D$69)*$D$70*K15 -> 2650.7412 | L71: =($D$69)*$D$70*L15 -> 2712.0898 | M71: =($D$69)*$D$70*M15 -> 2773.4383 | N71: =($D$69)*$D$70*N15 -> 2834.7869 | O71: =($D$69)*$D$70*O15 -> 2856.1264 | ... AC71: =($D$69)*$D$70*AC15 -> 3154.8796 | AD71: =SUM(F71:AC71) -> 63637.734
AD72: =SUM(F72:AC72) -> 0
AD73: =SUM(F73:AC73) -> 0
B74: Commute | C74: Mode shift (auto to transit+bike) | F74: =F16 -> 0 | G74: =G16 -> 0 | H74: =H16 -> 957.59565 | I74: =I16 -> 981.41177 | J74: =J16 -> 1005.2279 | K74: =K16 -> 1029.044 | L74: =L16 -> 1052.8602 | M74: =M16 -> 1076.6763 | ... AC74: =AC16 -> 1224.7556 | AD74: =SUM(F74:AC74) -> 24704.8
C75: TRAVEL TIME COST/SAVINGS | AD75: =SUM(F75:AC75) -> 0
C76: travel time, auto | F76: =F49 -> 0.3910028 | G76: =G49 -> 0.39205715 | H76: =H49 -> 0.39311875 | I76: =I49 -> 0.39418767 | J76: =J49 -> 0.395264 | K76: =K49 -> 0.39634781 | L76: =L49 -> 0.39743917 | M76: =M49 -> 0.39853817 | ... AC76: =AC49 -> 0.41723012 | AD76: =SUM(F76:AC76) -> 9.6905878
C77: travel time, transit | D77: =D50 -> 0.38127572 | AD77: =SUM(F77:AC77) -> 0
C78: travel time, bike | D78: ='Mode Operating Assumptions'!C102 -> 0.179 | AD78: =SUM(F78:AC78) -> 0
C79: Value of time, auto, $/hour | D79: =D52 -> 13.91 | AD79: =SUM(F79:AC79) -> 0
C80: Value of time, transit, $/hour | D80: =D53 -> 13.91 | AD80: =SUM(F80:AC80) -> 0
C81: Value of time, bike, $/hour | D81: ='Mode Operating Assumptions'!C103 -> 13.91 | AD81: =SUM(F81:AC81) -> 0
C82: Time cost/savings, auto to transit+bike, hours/day | F82: =+(F76*$D$79)-($D$77*$D$80)-($D$78*$D$81) -> -2.3545863 | G82: =+(G76*$D$79)-($D$77*$D$80)-($D$78*$D$81) -> -2.3399203 | H82: =+(H76*$D$79)-($D$77*$D$80)-($D$78*$D$81) -> -2.3251535 | I82: =+(I76*$D$79)-($D$77*$D$80)-($D$78*$D$81) -> -2.3102847 | J82: =+(J76*$D$79)-($D$77*$D$80)-($D$78*$D$81) -> -2.295313 | K82: =+(K76*$D$79)-($D$77*$D$80)-($D$78*$D$81) -> -2.2802372 | L82: =+(L76*$D$79)-($D$77*$D$80)-($D$78*$D$81) -> -2.2650564 | M82: =+(M76*$D$79)-($D$77*$D$80)-($D$78*$D$81) -> -2.2497693 | ... AC82: =+(AC76*$D$79)-($D$77*$D$80)-($D$78*$D$81) -> -1.9897642 | AD82: =SUM(F82:AC82) -> -52.246369
F83: =F82*F74 -> 0 | G83: =G82*G74 -> 0 | H83: =H82*H74 -> -2226.5568 | I83: =I82*I74 -> -2267.3406 | J83: =J82*J74 -> -2307.3127 | K83: =K82*K74 -> -2346.4645 | L83: =L82*L74 -> -2384.7876 | M83: =M82*M74 -> -2422.2732 | ... AC83: =AC82*AC74 -> -2436.9748 | AD83: =SUM(F83:AC83) -> -53235.789
C84: Total time cost/savings | F84: =F83 -> 0 | G84: =G83 -> 0 | H84: =H83 -> -2226.5568 | I84: =I83 -> -2267.3406 | J84: =J83 -> -2307.3127 | K84: =K83 -> -2346.4645 | L84: =L83 -> -2384.7876 | M84: =M83 -> -2422.2732 | ... AC84: =AC83 -> -2436.9748 | AD84: =SUM(F84:AC84) -> -53235.789
AD85: =SUM(F85:AC85) -> 0
C86: USER COST/SAVINGS | AD86: =SUM(F86:AC86) -> 0
C87: Auto costs, $/day | D87: =D60 -> 8.1905 | AD87: =SUM(F87:AC87) -> 0
C88: Transit costs, $/day | D88: =D61 -> 2.1074073 | AD88: =SUM(F88:AC88) -> 0
C89: Bicycle costs, $/day | D89: 0.1 | AD89: =SUM(F89:AC89) -> 0
C90: User cost/savings, auto to transit+bike, $/day | D90: =+D87-D88-D89 -> 5.9830927 | F90: =$D90*F74 -> 0 | G90: =$D90*G74 -> 0 | H90: =$D90*H74 -> 5729.3836 | I90: =$D90*I74 -> 5871.8776 | J90: =$D90*J74 -> 6014.3717 | K90: =$D90*K74 -> 6156.8658 | L90: =$D90*L74 -> 6299.3599 | M90: =$D90*M74 -> 6441.854 | ... AC90: =$D90*AC74 -> 7327.8261 | AD90: =SUM(F90:AC90) -> 147811.11
C91: Total user cost/savings | F91: =F90 -> 0 | G91: =G90 -> 0 | H91: =H90 -> 5729.3836 | I91: =I90 -> 5871.8776 | J91: =J90 -> 6014.3717 | K91: =K90 -> 6156.8658 | L91: =L90 -> 6299.3599 | M91: =M90 -> 6441.854 | ... AC91: =AC90 -> 7327.8261 | AD91: =SUM(F91:AC91) -> 147811.11
AD92: =SUM(F92:AC92) -> 0
AD93: =SUM(F93:AC93) -> 0
C94: INCREASED ACCESS BENEFITS | AD94: =SUM(F94:AC94) -> 0
C95: Consumer Surplus | D95: 0.5 | AD95: =SUM(F95:AC95) -> 0
AD96: =SUM(F96:AC96) -> 0
B97: PEDESTRIAN | C97: Trips not taken before (none to transit+ped) | F97: =F12 -> 0 | G97: =G12 -> 0 | H97: =H12 -> 11078.814 | I97: =I12 -> 11354.353 | J97: =J12 -> 11629.891 | K97: =K12 -> 11905.43 | L97: =L12 -> 12180.968 | M97: =M12 -> 12456.507 | ... AC97: =AC12 -> 14169.696 | AD97: =SUM(F97:AC97) -> 285819.89
C98: Time cost/savings, no trip taken to transit+ped, hours/day | F98: =$D$95*F55 -> -3.0038325 | G98: =$D$95*G55 -> -2.9964995 | H98: =$D$95*H55 -> -2.9891161 | I98: =$D$95*I55 -> -2.9816817 | J98: =$D$95*J55 -> -2.9741959 | K98: =$D$95*K55 -> -2.966658 | L98: =$D$95*L55 -> -2.9590676 | M98: =$D$95*M55 -> -2.951424 | ... AC98: =$D$95*AC55 -> -2.8214215 | AD98: =SUM(F98:AC98) -> -69.960129
C99: Total | F99: =F98*F97 -> 0 | G99: =G98*G97 -> 0 | H99: =H98*H97 -> -33115.862 | I99: =I98*I97 -> -33855.066 | J99: =J98*J97 -> -34589.575 | K99: =K98*K97 -> -35319.338 | L99: =L98*L97 -> -36044.308 | M99: =M98*M97 -> -36764.433 | ... AC99: =AC98*AC97 -> -39978.686 | AD99: =SUM(F99:AC99) -> -830014.56
C100: User cost/savings, no trip taken to transit+ped, $/trip | D100: =$D$95*(D63) -> 3.0165464 | F100: =$D100*F97 -> 0 | G100: =$D100*G97 -> 0 | H100: =$D100*H97 -> 33419.757 | I100: =$D100*I97 -> 34250.932 | J100: =$D100*J97 -> 35082.106 | K100: =$D100*K97 -> 35913.281 | L100: =$D100*L97 -> 36744.455 | M100: =$D100*M97 -> 37575.63 | ... AC100: =$D100*AC97 -> 42743.546 | AD100: =SUM(F100:AC100) -> 862188.96
AD101: =SUM(F101:AC101) -> 0
B102: BICYCLE | AD102: =SUM(F102:AC102) -> 0
...

Sheet TB Users
A2: USERS and NON-USERS | C2: 2012 | D2: 2013 | E2: 2014 | F2: 2015 | G2: 2016 | H2: 2017 | I2: 2018 | J2: 2019 | K2: 2020 | L2: 2021 | M2: 2022 | N2: 2023 | O2: 2024 | P2: 2025 | Q2: 2026 | R2: 2027 | S2: 2028 | T2: 2029 | U2: 2030 | V2: 2031 | W2: 2032 | X2: 2033 | Y2: 2034 | Z2: 2035
C3: Year 1 | D3: Year 2 | E3: Year 3 | F3: Year 4 | G3: Year 5 | H3: Year 6 | I3: Year 7 | J3: Year 8 | K3: Year 9 | L3: Year 10 | M3: Year 11 | N3: Year 12 | O3: Year 13 | P3: Year 14 | Q3: Year 15 | R3: Year 16 | S3: Year 17 | T3: Year 18 | U3: Year 19 | V3: Year 20 | W3: Year 21 | X3: Year 22 | Y3: Year 23 | Z3: Year 24
A4: PEDESTRIAN
A5: Current User | B5: Current User | C5: 0 | D5: 0 | E5: =E66 -> 553940.72 | F5: =F66 -> 567717.64 | G5: =G66 -> 581494.56 | H5: =H66 -> 595271.49 | I5: =I66 -> 609048.41 | J5: =J66 -> 622825.33 | K5: =K66 -> 636602.26 | L5: =L66 -> 641394.43 | ... Z5: =Z66 -> 708484.81
A6: New User | B6: Mode shift (auto to transit+ped) | C6: =C68 -> 0 | D6: =D68 -> 0 | E6: =E68 -> 16618.221 | F6: =F68 -> 17031.529 | G6: =G68 -> 17444.837 | H6: =H68 -> 17858.145 | I6: =I68 -> 18271.452 | J6: =J68 -> 18684.76 | ... Z6: =Z68 -> 21254.544
B7: Trips not taken before (none to transit+ped) | C7: =C69 -> 0 | D7: =D69 -> 0 | E7: =E69 -> 11078.814 | F7: =F69 -> 11354.353 | G7: =G69 -> 11629.891 | H7: =H69 -> 11905.43 | I7: =I69 -> 12180.968 | J7: =J69 -> 12456.507 | ... Z7: =Z69 -> 14169.696
A10: BICYCLE
A11: Current User | B11: Current User | C11: 0 | D11: 0 | E11: =E73 -> 31919.855 | F11: =F73 -> 32713.726 | G11: =G73 -> 33507.597 | H11: =H73 -> 34301.468 | I11: =I73 -> 35095.338 | J11: =J73 -> 35889.209 | K11: =K73 -> 36683.08 | L11: =L73 -> 36959.221 | ... Z11: =Z73 -> 40825.185
A12: New User | B12: Trip shifted from auto to transit+bike | C12: =C75 -> 0 | D12: =D75 -> 0 | E12: =E75 -> 957.59565 | F12: =F75 -> 981.41177 | G12: =G75 -> 1005.2279 | H12: =H75 -> 1029.044 | I12: =I75 -> 1052.8602 | J12: =J75 -> 1076.6763 | ... Z12: =Z75 -> 1224.7556
B13: Trips not taken before (none to transit+bike) | C13: =C76 -> 0 | D13: =D76 -> 0 | E13: =E76 -> 638.3971 | F13: =F76 -> 654.27452 | G13: =G76 -> 670.15193 | H13: =H76 -> 686.02935 | I13: =I76 -> 701.90677 | J13: =J76 -> 717.78419 | ... Z13: =Z76 -> 816.50371
A16: ROAD
B17: Vehicle - Metro Access | C17: 0 | E17: =SUM(E55:E58)*$B$66 -> 1312831.5 | F17: =SUM(F55:F58)*$B$66 -> 1345482.6 | G17: =SUM(G55:G58)*$B$66 -> 1378133.7 | H17: =SUM(H55:H58)*$B$66 -> 1410784.9 | I17: =SUM(I55:I58)*$B$66 -> 1443436 | J17: =SUM(J55:J58)*$B$66 -> 1476087.1 | K17: =SUM(K55:K58)*$B$66 -> 1508738.2 | L17: =SUM(L55:L58)*$B$66 -> 1520095.6 | ... Z17: =SUM(Z55:Z58)*$B$66 -> 1679098.8
A18: Construction Impact | B18: Current User | D18: =SUM(D55:D58)*$B$66 -> 1280180.4
B19: New User (50% of VT reduced) | C19: =0.5*C26 -> 0 | D19: =0.5*D26 -> 0 | E19: =0.5*E26 -> -8787.9086 | F19: =0.5*F26 -> -9006.4705 | G19: =0.5*G26 -> -9225.0324 | H19: =0.5*H26 -> -9443.5943 | I19: =0.5*I26 -> -9662.1562 | J19: =0.5*J26 -> -9880.7182 | ... Z19: =0.5*Z26 -> -11239.65
A20: Long-Term Impact | B20: Current User | D20: 0 | E20: =(E17)+E19 -> 1304043.6 | F20: =(F17)+F19 -> 1336476.2 | G20: =(G17)+G19 -> 1368908.7 | H20: =(H17)+H19 -> 1401341.3 | I20: =(I17)+I19 -> 1433773.8 | J20: =(J17)+J19 -> 1466206.4 | K20: =(K17)+K19 -> 1498638.9 | L20: =(L17)+L19 -> 1509920.3 | ... Z20: =(Z17)+Z19 -> 1667859.2
B23: TRAVEL IMPACTS
B24: Rail transit trips change | C24: =C6+C7+C12+C13 -> 0 | D24: =D6+D7+D12+D13 -> 0 | E24: =E6+E7+E12+E13 -> 29293.029 | F24: =F6+F7+F12+F13 -> 30021.568 | G24: =G6+G7+G12+G13 -> 30750.108 | H24: =H6+H7+H12+H13 -> 31478.648 | I24: =I6+I7+I12+I13 -> 32207.187 | J24: =J6+J7+J12+J13 -> 32935.727 | ... Z24: =Z6+Z7+Z12+Z13 -> 37465.5
B25: Bus transit trips change | E25: =-E24*$A$57 -> -845.92225 | F25: =-F24*$A$57 -> -866.96098 | G25: =-G24*$A$57 -> -887.9997 | H25: =-H24*$A$57 -> -909.03843 | I25: =-I24*$A$57 -> -930.07715 | J25: =-J24*$A$57 -> -951.11588 | K25: =-K24*$A$57 -> -972.1546 | L25: =-L24*$A$57 -> -979.47272 | ... Z25: =-Z24*$A$57 -> -1081.9264
B26: Auto VT reduced | C26: =-(C6+C12) -> 0 | D26: =-(D6+D12) -> 0 | E26: =-(E6+E12) -> -17575.817 | F26: =-(F6+F12) -> -18012.941 | G26: =-(G6+G12) -> -18450.065 | H26: =-(H6+H12) -> -18887.189 | I26: =-(I6+I12) -> -19324.312 | J26: =-(J6+J12) -> -19761.436 | ... Z26: =-(Z6+Z12) -> -22479.3
B27: Auto VMT reduced | C27: =-('Mode Operating Assumptions'!$C$27*(C6+C12)) -> 0 | D27: =-('Mode Operating Assumptions'!$C$27*(D6+D12)) -> 0 | E27: =-('Mode Operating Assumptions'!$C$27*(E6+E12)) -> -114242.81 | F27: =-('Mode Operating Assumptions'!$C$27*(F6+F12)) -> -117084.12 | G27: =-('Mode Operating Assumptions'!$C$27*(G6+G12)) -> -119925.42 | H27: =-('Mode Operating Assumptions'!$C$27*(H6+H12)) -> -122766.73 | I27: =-('Mode Operating Assumptions'!$C$27*(I6+I12)) -> -125608.03 | J27: =-('Mode Operating Assumptions'!$C$27*(J6+J12)) -> -128449.34 | ... Z27: =-('Mode Operating Assumptions'!$C$27*(Z6+Z12)) -> -146115.45
B28: Auto fuel savings | C28: =-(C27*'Mode Operating Assumptions'!$C$8/'Mode Operating Assumptions'!C11) -> 0 | D28: =-(D27*'Mode Operating Assumptions'!$C$8/'Mode Operating Assumptions'!D11) -> 0 | E28: =-(E27*'Mode Operating Assumptions'!$C$8/'Mode Operating Assumptions'!E11) -> 19678.479 | F28: =-(F27*'Mode Operating Assumptions'!$C$8/'Mode Operating Assumptions'!F11) -> 19723.391 | G28: =-(G27*'Mode Operating Assumptions'!$C$8/'Mode Operating Assumptions'!G11) -> 19766.366 | H28: =-(H27*'Mode Operating Assumptions'!$C$8/'Mode Operating Assumptions'!H11) -> 19807.527 | I28: =-(I27*'Mode Operating Assumptions'!$C$8/'Mode Operating Assumptions'!I11) -> 19846.986 | J28: =-(J27*'Mode Operating Assumptions'!$C$8/'Mode Operating Assumptions'!J11) -> 19884.846 | ... Z28: =-(Z27*'Mode Operating Assumptions'!$C$8/'Mode Operating Assumptions'!Z11) -> 21995.816
A36: Mezzanine | B36: Daily Ent | F36: Daily Ext
B37: 2005 | C37: 2010 | D37: 2020 | E37: 2030 | F37: 2005 | G37: 2010 | H37: 2020 | I37: 2030
A38: Twinbrook | B38: 4496.9048 | C38: 4860.0147 | D38: 6213.3606 | E38: 6691.4653 | F38: 4474 | G38: 4828.2116 | H38: 6150.5898 | I38: 6603.21
D39: =(D38-C38)/10 -> 135.33459 | E39: =(E38-D38)/10 -> 47.810471 | H39: =(H38-G38)/10 -> 132.23782 | I39: =(I38-H38)/10 -> 45.26202
D40: =D39/C38 -> 0.02784654 | E40: =E39/D38 -> 0.0076947845 | H40: =H39/G38 -> 0.027388571 | I40: =I39/H38 -> 0.0073589723
C42: 2012 | D42: 2013 | E42: 2014 | F42: 2015 | G42: 2016 | H42: 2017 | I42: 2018 | J42: 2019 | K42: 2020 | L42: 2021 | M42: 2022 | N42: 2023 | O42: 2024 | P42: 2025 | Q42: 2026 | R42: 2027 | S42: 2028 | T42: 2029 | U42: 2030 | V42: 2031 | W42: 2032 | X42: 2033 | Y42: 2034 | Z42: 2035
C43: Year 1 | D43: Year 2 | E43: Year 3 | F43: Year 4 | G43: Year 5 | H43: Year 6 | I43: Year 7 | J43: Year 8 | K43: Year 9 | L43: Year 10 | M43: Year 11 | N43: Year 12 | O43: Year 13 | P43: Year 14 | Q43: Year 15 | R43: Year 16 | S43: Year 17 | T43: Year 18 | U43: Year 19 | V43: Year 20 | W43: Year 21 | X43: Year 22 | Y43: Year 23 | Z43: Year 24
B44: Daily users (Entry + Exit) | C44: =$C$38*(1+($D$40*(C42-2010)))+$G$38*(1+($H$40*(C42-2010))) -> 10223.371 | D44: =$C$38*(1+($D$40*(D42-2010)))+$G$38*(1+($H$40*(D42-2010))) -> 10490.944 | E44: =$C$38*(1+($D$40*(E42-2010)))+$G$38*(1+($H$40*(E42-2010))) -> 10758.516 | F44: =$C$38*(1+($D$40*(F42-2010)))+$G$38*(1+($H$40*(F42-2010))) -> 11026.088 | G44: =$C$38*(1+($D$40*(G42-2010)))+$G$38*(1+($H$40*(G42-2010))) -> 11293.661 | H44: =$C$38*(1+($D$40*(H42-2010)))+$G$38*(1+($H$40*(H42-2010))) -> 11561.233 | I44: =$C$38*(1+($D$40*(I42-2010)))+$G$38*(1+($H$40*(I42-2010))) -> 11828.806 | J44: =$C$38*(1+($D$40*(J42-2010)))+$G$38*(1+($H$40*(J42-2010))) -> 12096.378 | K44: =H38+D38 -> 12363.95 | L44: =$D$38*(1+($E$40*(L42-2020)))+$H$38*(1+($I$40*(L42-2020))) -> 12457.023 | M44: =$D$38*(1+($E$40*(M42-2020)))+$H$38*(1+($I$40*(M42-2020))) -> 12550.095 | N44: =$D$38*(1+($E$40*(N42-2020)))+$H$38*(1+($I$40*(N42-2020))) -> 12643.168 | O44: =$D$38*(1+($E$40*(O42-2020)))+$H$38*(1+($I$40*(O42-2020))) -> 12736.24 | P44: =$D$38*(1+($E$40*(P42-2020)))+$H$38*(1+($I$40*(P42-2020))) -> 12829.313 | Q44: =$D$38*(1+($E$40*(Q42-2020)))+$H$38*(1+($I$40*(Q42-2020))) -> 12922.385 | R44: =$D$38*(1+($E$40*(R42-2020)))+$H$38*(1+($I$40*(R42-2020))) -> 13015.458 | S44: =$D$38*(1+($E$40*(S42-2020)))+$H$38*(1+($I$40*(S42-2020))) -> 13108.53 | ... Z44: =$D$38*(1+($E$40*(Z42-2020)))+$H$38*(1+($I$40*(Z42-2020))) -> 13760.038
U45: =I38+E38 -> 13294.675
A47: Station Name | B47: Total | C47: ALEXANDRIA DASH | D47: AMTRAK, MARC OR VRE | E47: ARLINGTON TRANSIT (ART) | F47: Dropped off | G47: BICYCLE | H47: DC CIRCULATOR | I47: DRIVE A CAR | J47: FAIRFAX CITY CUE | K47: FAIRFAX CONNECTOR | L47: METROBUS | M47: MONTGOMERY RIDE ON | N47: OTHER BUS | O47: PRINCE GEORGE'S THE BUS | P47: RIDE WITH SOMEONE WHO PARKED | Q47: TAXI | R47: WALK
A48: TWINBROOK | B48: 4501.1303 | F48: 307.76559 | G48: 119.9665 | H48: 18.51414 | I48: 1461.7435 | L48: 102.27478 | M48: 325.6112 | N48: 9.19444 | P48: 74.14819 | R48: 2081.912
D49: =D48/$B48 -> 0 | E49: =E48/$B48 -> 0 | F49: =F48/$B48 -> 0.068375179 | G49: =G48/$B48 -> 0.026652528 | H49: =H48/$B48 -> 0.0041132202 | I49: =I48/$B48 -> 0.32475031 | J49: =J48/$B48 -> 0 | K49: =K48/$B48 -> 0 | ... R49: =R48/$B48 -> 0.46253093
B50: Metrorail Mode of Access Study 2007 (All Day Access Absolute)
C51: 2012 | D51: 2013 | E51: 2014 | F51: 2015 | G51: 2016 | H51: 2017 | I51: 2018 | J51: 2019 | K51: 2020 | L51: 2021 | M51: 2022 | N51: 2023 | O51: 2024 | P51: 2025 | Q51: 2026 | R51: 2027 | S51: 2028 | T51: 2029 | U51: 2030 | V51: 2031 | W51: 2032 | X51: 2033 | Y51: 2034 | Z51: 2035
C52: Year 1 | D52: Year 2 | E52: Year 3 | F52: Year 4 | G52: Year 5 | H52: Year 6 | I52: Year 7 | J52: Year 8 | K52: Year 9 | L52: Year 10 | M52: Year 11 | N52: Year 12 | O52: Year 13 | P52: Year 14 | Q52: Year 15 | R52: Year 16 | S52: Year 17 | T52: Year 18 | U52: Year 19 | V52: Year 20 | W52: Year 21 | X52: Year 22 | Y52: Year 23 | Z52: Year 24
A53: =R49 -> 0.46253093 | B53: Walk | C53: =C$59*$A53 -> 4386.5572 | D53: =D$59*$A53 -> 4501.3649 | E53: =E$59*$A53 -> 4616.1726 | F53: =F$59*$A53 -> 4730.9803 | G53: =G$59*$A53 -> 4845.788 | H53: =H$59*$A53 -> 4960.5957 | I53: =I$59*$A53 -> 5075.4034 | J53: =J$59*$A53 -> 5190.2111 | ... Z53: =Z$59*$A53 -> 5904.0401
A54: =G49 -> 0.026652528 | B54: Bicycle | C54: =C$59*$A54 -> 252.76761 | D54: =D$59*$A54 -> 259.3832 | E54: =E$59*$A54 -> 265.99879 | F54: =F$59*$A54 -> 272.61438 | G54: =G$59*$A54 -> 279.22997 | H54: =H$59*$A54 -> 285.84556 | I54: =I$59*$A54 -> 292.46115 | J54: =J$59*$A54 -> 299.07674 | ... Z54: =Z$59*$A54 -> 340.20988
A55: =I49 -> 0.32475031 | B55: Car - Park | C55: =C$59*$A55 -> 3079.8714 | D55: =D$59*$A55 -> 3160.4798 | E55: =E$59*$A55 -> 3241.0881 | F55: =F$59*$A55 -> 3321.6964 | G55: =G$59*$A55 -> 3402.3047 | H55: =H$59*$A55 -> 3482.913 | I55: =I$59*$A55 -> 3563.5213 | J55: =J$59*$A55 -> 3644.1296 | ... Z55: =Z$59*$A55 -> 4145.3203
A56: =F49 -> 0.068375179 | B56: Car - Drop-off | C56: =C$59*$A56 -> 648.45747 | D56: =D$59*$A56 -> 665.4293 | E56: =E$59*$A56 -> 682.40113 | F56: =F$59*$A56 -> 699.37296 | G56: =G$59*$A56 -> 716.34479 | H56: =H$59*$A56 -> 733.31662 | I56: =I$59*$A56 -> 750.28845 | J56: =J$59*$A56 -> 767.26028 | ... Z56: =Z$59*$A56 -> 872.78444
A57: =H49+L49+N49+O49 -> 0.028877938 | B57: Bus | C57: =C$59*$A57 -> 273.87298 | D57: =D$59*$A57 -> 281.04096 | E57: =E$59*$A57 -> 288.20893 | F57: =F$59*$A57 -> 295.3769 | G57: =G$59*$A57 -> 302.54488 | H57: =H$59*$A57 -> 309.71285 | I57: =I$59*$A57 -> 316.88082 | J57: =J$59*$A57 -> 324.0488 | ... Z57: =Z$59*$A57 -> 368.61643
A58: =P49+Q49+D49 -> 0.016473238 | B58: Other (Taxi, Motorcycle, etc.) | C58: =C$59*$A58 -> 156.22912 | D58: =D$59*$A58 -> 160.31805 | E58: =E$59*$A58 -> 164.40697 | F58: =F$59*$A58 -> 168.4959 | G58: =G$59*$A58 -> 172.58482 | H58: =H$59*$A58 -> 176.67375 | I58: =I$59*$A58 -> 180.76267 | J58: =J$59*$A58 -> 184.8516 | ... Z58: =Z$59*$A58 -> 210.27492
A59: =SUM(A53:A58) -> 0.92766013 | C59: =C$44*$A59 -> 9483.8138 | D59: =D$44*$A59 -> 9732.03 | E59: =E$44*$A59 -> 9980.2463 | F59: =F$44*$A59 -> 10228.463 | G59: =G$44*$A59 -> 10476.679 | H59: =H$44*$A59 -> 10724.895 | I59: =I$44*$A59 -> 10973.111 | J59: =J$44*$A59 -> 11221.328 | ... Z59: =Z$44*$A59 -> 12764.638
A61: Pedestrian Volumes
B62: Percent using improvements
B63: 0.4 | C63: =B63*C44 -> 4089.3485
A64: PEDESTRIAN
A65: Current User | B65: Effective weekdays per year
B66: 300 | C66: =$B$63*C53*$B$66 -> 526386.87 | D66: =$B$63*D53*$B$66 -> 540163.79 | E66: =$B$63*E53*$B$66 -> 553940.72 | F66: =$B$63*F53*$B$66 -> 567717.64 | G66: =$B$63*G53*$B$66 -> 581494.56 | H66: =$B$63*H53*$B$66 -> 595271.49 | I66: =$B$63*I53*$B$66 -> 609048.41 | J66: =$B$63*J53*$B$66 -> 622825.33 | ... Z66: =$B$63*Z53*$B$66 -> 708484.81
A67: New User (mode shift)
A68: 0.03 | B68: Mode shift (auto to transit+ped) | E68: =E66*$A$68 -> 16618.221 | F68: =F66*$A$68 -> 17031.529 | G68: =G66*$A$68 -> 17444.837 | H68: =H66*$A$68 -> 17858.145 | I68: =I66*$A$68 -> 18271.452 | J68: =J66*$A$68 -> 18684.76 | K68: =K66*$A$68 -> 19098.068 | L68: =L66*$A$68 -> 19241.833 | ... Z68: =Z66*$A$68 -> 21254.544
A69: 0.02 | B69: Trips not taken before (none to transit+ped) | E69: =E66*$A$69 -> 11078.814 | F69: =F66*$A$69 -> 11354.353 | G69: =G66*$A$69 -> 11629.891 | H69: =H66*$A$69 -> 11905.43 | I69: =I66*$A$69 -> 12180.968 | J69: =J66*$A$69 -> 12456.507 | K69: =K66*$A$69 -> 12732.045 | L69: =L66*$A$69 -> 12827.889 | ... Z69: =Z66*$A$69 -> 14169.696
A71: BICYCLE
A72: Current User | B72: Effective weekdays per year
B73: 300 | C73: =$B73*$B63*C54 -> 30332.113 | D73: =$B73*$B63*D54 -> 31125.984 | E73: =$B73*$B63*E54 -> 31919.855 | F73: =$B73*$B63*F54 -> 32713.726 | G73: =$B73*$B63*G54 -> 33507.597 | H73: =$B73*$B63*H54 -> 34301.468 | I73: =$B73*$B63*I54 -> 35095.338 | J73: =$B73*$B63*J54 -> 35889.209 | ... Z73: =$B73*$B63*Z54 -> 40825.185
A75: 0.03 | B75: Trip shifted from auto to transit+bike | E75: =E73*$A$75 -> 957.59565 | F75: =F73*$A$75 -> 981.41177 | G75: =G73*$A$75 -> 1005.2279 | H75: =H73*$A$75 -> 1029.044 | I75: =I73*$A$75 -> 1052.8602 | J75: =J73*$A$75 -> 1076.6763 | K75: =K73*$A$75 -> 1100.4924 | L75: =L73*$A$75 -> 1108.7766 | ... Z75: =Z73*$A$75 -> 1224.7556
A76: 0.02 | B76: Trips not taken before (none to transit+bike) | E76: =E73*$A$76 -> 638.3971 | F76: =F73*$A$76 -> 654.27452 | G76: =G73*$A$76 -> 670.15193 | H76: =H73*$A$76 -> 686.02935 | I76: =I73*$A$76 -> 701.90677 | J76: =J73*$A$76 -> 717.78419 | K76: =K73*$A$76 -> 733.6616 | L76: =L73*$A$76 -> 739.18441 | ... Z76: =Z73*$A$76 -> 816.50371
A88: 2010 CLRP DAILY TRAFFIC VOLUMES
A89: (v2.2 travel demand model, 2191 TAZ) | G89: 2011 to 2030 | I89: 2030 to 2040
G90: Change | H90: Annualized | J90: Annualized
H91: 0.00622 | J91: 0.0216
A92: Ager Rd. | B92: south of EastWest Hwy. | C92: 4028-4199 | D92: 10333 | E92: 11625 | F92: 14395 | G92: =E92-D92 -> 1292 | H92: =D92*((1+H91)^19) -> 11624.985 | I92: =F92-E92 -> 2770 | J92: =E92*((1+J91)^10) -> 14394.673
H93: 0.00871 | J93: 0.03266
B94: north of Queens Chapel Rd. | C94: 4027-4042 | D94: 5431 | E94: 6404 | F94: 8831 | G94: =E94-D94 -> 973 | H94: =D94*((1+H93)^19) -> 6403.8331 | I94: =F94-E94 -> 2427 | J94: =E94*((1+J93)^10) -> 8831.3048
A97: SOURCES:
A98: 2011: N:\model_app\CGV2_2_Conformity2011\2011_Conf\I6HWY.NET
A99: 2030: N:\model_app\CGV2_2_Conformity2011_VDOT\2030_Conf\I6HWY.NET
A100: 2040: N:\model_app\CGV2_2_Conformity2011_VDOT\2040_Conf\I6HWY.NET

Sheet WH
F1: 2012 | G1: 2013 | H1: 2014 | I1: 2015 | J1: 2016 | K1: 2017 | L1: 2018 | M1: 2019 | N1: 2020 | O1: 2021 | P1: 2022 | Q1: 2023 | R1: 2024 | S1: 2025 | T1: 2026 | U1: 2027 | V1: 2028 | W1: 2029 | X1: 2030 | Y1: 2031 | Z1: 2032 | AA1: 2033 | AB1: 2034 | AC1: 2035
D2: Factor | E2: Total | F2: Year 1 | G2: Year 2 | H2: Year 3 | I2: Year 4 | J2: Year 5 | K2: Year 6 | L2: Year 7 | M2: Year 8 | N2: Year 9 | O2: Year 10 | P2: Year 11 | Q2: Year 12 | R2: Year 13 | S2: Year 14 | T2: Year 15 | U2: Year 16 | V2: Year 17 | W2: Year 18 | X2: Year 19 | Y2: Year 20 | Z2: Year 21 | AA2: Year 22 | AB2: Year 23 | AC2: Year 24
A5: Project Costs | C5: O & M
C6: Construction | F6: -37500 | G6: -672750
AD7: =SUM(F7:AC7) -> 0
A8: Users | AD8: =SUM(F8:AC8) -> 0
B9: PEDESTRIAN | AD9: =SUM(F9:AC9) -> 0
B10: Local | C10: Current User | F10: ='WH Users'!C5 -> 0 | G10: ='WH Users'!D5 -> 83330.981 | H10: ='WH Users'!E5 -> 337171.44 | I10: ='WH Users'!F5 -> 341018.96 | J10: ='WH Users'!G5 -> 344866.48 | K10: ='WH Users'!H5 -> 348714 | L10: ='WH Users'!I5 -> 352561.52 | M10: ='WH Users'!J5 -> 356409.04 | ... AC10: ='WH Users'!Z5 -> 396125.14 | AD10: =SUM(F10:AC10) -> 8215126
B11: Commute | C11: Trip shifted from auto to transit+ped | F11: ='WH Users'!C6 -> 0 | G11: ='WH Users'!D6 -> 1666.6196 | H11: ='WH Users'!E6 -> 6743.4289 | I11: ='WH Users'!F6 -> 6820.3793 | J11: ='WH Users'!G6 -> 6897.3297 | K11: ='WH Users'!H6 -> 6974.28 | L11: ='WH Users'!I6 -> 7051.2304 | M11: ='WH Users'!J6 -> 7128.1808 | ... AC11: ='WH Users'!Z6 -> 7922.5027 | AD11: =SUM(F11:AC11) -> 164302.52
C12: Trips not taken before (none to transit+ped) | F12: ='WH Users'!C7 -> 0 | G12: ='WH Users'!D7 -> 833.30981 | H12: ='WH Users'!E7 -> 3371.7144 | I12: ='WH Users'!F7 -> 3410.1896 | J12: ='WH Users'!G7 -> 3448.6648 | K12: ='WH Users'!H7 -> 3487.14 | L12: ='WH Users'!I7 -> 3525.6152 | M12: ='WH Users'!J7 -> 3564.0904 | ... AC12: ='WH Users'!Z7 -> 3961.2514 | AD12: =SUM(F12:AC12) -> 82151.26
AD13: =SUM(F13:AC13) -> 0
B14: BICYCLE | AD14: =SUM(F14:AC14) -> 0
B15: Local | C15: Current User | F15: ='WH Users'!C11 -> 0 | G15: ='WH Users'!D11 -> 10083.911 | H15: ='WH Users'!E11 -> 40801.233 | I15: ='WH Users'!F11 -> 41266.823 | J15: ='WH Users'!G11 -> 41732.412 | K15: ='WH Users'!H11 -> 42198.002 | L15: ='WH Users'!I11 -> 42663.592 | M15: ='WH Users'!J11 -> 43129.181 | ... AC15: ='WH Users'!Z11 -> 47935.24 | AD15: =SUM(F15:AC15) -> 994115.24
B16: Commute | C16: Trip shifted from auto to transit+bike | F16: ='WH Users'!C12 -> 0 | G16: ='WH Users'!D12 -> 1008.3911 | H16: ='WH Users'!E12 -> 4080.1233 | I16: ='WH Users'!F12 -> 4126.6823 | J16: ='WH Users'!G12 -> 4173.2412 | K16: ='WH Users'!H12 -> 4219.8002 | L16: ='WH Users'!I12 -> 4266.3592 | M16: ='WH Users'!J12 -> 4312.9181 | ... AC16: ='WH Users'!Z12 -> 4793.524 | AD16: =SUM(F16:AC16) -> 99411.524
C17: Trips not taken before (none to transit+bike) | F17: ='WH Users'!C13 -> 0 | G17: ='WH Users'!D13 -> 504.19554 | H17: ='WH Users'!E13 -> 2040.0617 | I17: ='WH Users'!F13 -> 2063.3411 | J17: ='WH Users'!G13 -> 2086.6206 | K17: ='WH Users'!H13 -> 2109.9001 | L17: ='WH Users'!I13 -> 2133.1796 | M17: ='WH Users'!J13 -> 2156.4591 | ... AC17: ='WH Users'!Z13 -> 2396.762 | AD17: =SUM(F17:AC17) -> 49705.762 | AG17: Comp. Grpah
AD18: =SUM(F18:AC18) -> 0 | AG18: =AD39+AD51+AD58 -> 3026908.4
C19: TRAVEL IMPACTS | AD19: =SUM(F19:AC19) -> 0 | AG19: =+#REF!+#REF!+#REF!+AD160+AD158 -> #REF!
C20: Rail transit trips change | F20: ='WH Users'!C18 -> 0 | G20: ='WH Users'!D18 -> 4012.5161 | H20: ='WH Users'!E18 -> 16235.328 | I20: ='WH Users'!F18 -> 16420.592 | J20: ='WH Users'!G18 -> 16605.856 | K20: ='WH Users'!H18 -> 16791.12 | L20: ='WH Users'!I18 -> 16976.384 | M20: ='WH Users'!J18 -> 17161.648 | ... AC20: ='WH Users'!Z18 -> 19074.04 | AD20: =SUM(F20:AC20) -> 395571.07
C21: Bus transit trips change | F21: ='WH Users'!C19 -> 0 | G21: ='WH Users'!D19 -> -636.37359 | H21: ='WH Users'!E19 -> -2574.8767 | I21: ='WH Users'!F19 -> -2604.2591 | J21: ='WH Users'!G19 -> -2633.6414 | K21: ='WH Users'!H19 -> -2663.0237 | L21: ='WH Users'!I19 -> -2692.4061 | M21: ='WH Users'!J19 -> -2721.7884 | ... AC21: ='WH Users'!Z19 -> -3025.0883 | AD21: =SUM(F21:AC21) -> -62736.442
C22: Auto VT reduced | F22: ='WH Users'!C20 -> 0 | G22: ='WH Users'!D20 -> -2675.0107 | H22: ='WH Users'!E20 -> -10823.552 | I22: ='WH Users'!F20 -> -10947.062 | J22: ='WH Users'!G20 -> -11070.571 | K22: ='WH Users'!H20 -> -11194.08 | L22: ='WH Users'!I20 -> -11317.59 | M22: ='WH Users'!J20 -> -11441.099 | ... AC22: ='WH Users'!Z20 -> -12716.027 | AD22: =SUM(F22:AC22) -> -263714.04
C23: Auto VMT reduced | F23: ='WH Users'!C21 -> 0 | G23: ='WH Users'!D21 -> -17387.57 | H23: ='WH Users'!E21 -> -70353.089 | I23: ='WH Users'!F21 -> -71155.9 | J23: ='WH Users'!G21 -> -71958.711 | K23: ='WH Users'!H21 -> -72761.522 | L23: ='WH Users'!I21 -> -73564.332 | M23: ='WH Users'!J21 -> -74367.143 | ... AC23: ='WH Users'!Z21 -> -82654.173 | AD23: =SUM(F23:AC23) -> -1714141.3
C24: Auto fuel savings | F24: ='WH Users'!C22 -> 0 | G24: ='WH Users'!D22 -> 3064.0879 | H24: ='WH Users'!E22 -> 12118.415 | I24: ='WH Users'!F22 -> 11986.559 | J24: ='WH Users'!G22 -> 11860.39 | K24: ='WH Users'!H22 -> 11739.548 | L24: ='WH Users'!I22 -> 11623.702 | M24: ='WH Users'!J22 -> 11512.549 | ... AC24: ='WH Users'!Z22 -> 12442.531 | AD24: =SUM(F24:AC24) -> 264712.39
AD25: =SUM(F25:AC25) -> 0
AD26: =SUM(F26:AC26) -> 0
A27: STATE OF GOOD REPAIR | AD27: =SUM(F27:AC27) -> 0
C28: New Construction for this project | AD28: =SUM(F28:AC28) -> 0
AD29: =SUM(F29:AC29) -> 0
AD30: =SUM(F30:AC30) -> 0
AD31: =SUM(F31:AC31) -> 0
A32: ECONOMIC COMPETITIVENESS | AD32: =SUM(F32:AC32) -> 0
AD33: =SUM(F33:AC33) -> 0
B34: PEDESTRIAN | AD34: =SUM(F34:AC34) -> 0
B35: Local | C35: Current User | AD35: =SUM(F35:AC35) -> 0
C36: TRAVEL TIME COST/SAVINGS | AD36: =SUM(F36:AC36) -> 0
C37: Travel time savings (hour) | D37: =50/3600 -> 0.013888889 | AD37: =SUM(F37:AC37) -> 0
C38: Value of time, ped, $/hour | D38: 26.21 | AD38: =SUM(F38:AC38) -> 0
C39: Total time cost/savings | F39: 0 | G39: =$D$38*$D$37*G10 -> 30334.792 | H39: =$D$38*$D$37*H10 -> 122739.77 | I39: =$D$38*$D$37*I10 -> 124140.38 | J39: =$D$38*$D$37*J10 -> 125540.98 | K39: =$D$38*$D$37*K10 -> 126941.58 | L39: =$D$38*$D$37*L10 -> 128342.19 | M39: =$D$38*$D$37*M10 -> 129742.79 | N39: =$D$38*$D$37*N10 -> 131143.39 | ... AC39: =$D$38*$D$37*AC10 -> 144200.55 | AD39: =SUM(F39:AC39) -> 2990534.1
AD40: =SUM(F40:AC40) -> 0
B41: Commute | C41: Mode shift (auto to transit+ped) | F41: =F11 -> 0 | G41: =G11 -> 1666.6196 | H41: =H11 -> 6743.4289 | I41: =I11 -> 6820.3793 | J41: =J11 -> 6897.3297 | K41: =K11 -> 6974.28 | L41: =L11 -> 7051.2304 | M41: =M11 -> 7128.1808 | ... AC41: =AC11 -> 7922.5027 | AD41: =SUM(F41:AC41) -> 164302.52
C42: TRAVEL TIME COST/SAVINGS | AD42: =SUM(F42:AC42) -> 0
C43: travel time, auto | F43: ='Mode Operating Assumptions'!D29 -> 0.3910028 | G43: ='Mode Operating Assumptions'!E29 -> 0.39205715 | H43: ='Mode Operating Assumptions'!F29 -> 0.39311875 | I43: ='Mode Operating Assumptions'!G29 -> 0.39418767 | J43: ='Mode Operating Assumptions'!H29 -> 0.395264 | K43: ='Mode Operating Assumptions'!I29 -> 0.39634781 | L43: ='Mode Operating Assumptions'!J29 -> 0.39743917 | M43: ='Mode Operating Assumptions'!K29 -> 0.39853817 | ... AC43: ='Mode Operating Assumptions'!AA29 -> 0.41723012 | AD43: =SUM(F43:AC43) -> 9.6905878
C44: travel time, transit | D44: ='Mode Operating Assumptions'!C152 -> 0.38127572 | AD44: =SUM(F44:AC44) -> 0
C45: travel time, ped | D45: ='Mode Operating Assumptions'!C52 -> 0.234375 | AD45: =SUM(F45:AC45) -> 0
C46: Value of time, auto, $/hour | D46: 13.91 | AD46: =SUM(F46:AC46) -> 0
C47: Value of time, transit, $/hour | D47: 13.91 | AD47: =SUM(F47:AC47) -> 0
C48: Value of time, ped, $/hour | D48: =D38 -> 26.21 | AD48: =SUM(F48:AC48) -> 0
C49: Time cost/savings, auto to transit+ped, hours/day | F49: =+(F43*$D$46)-($D$44*$D$47)-($D$45*$D$48) -> -6.0076651 | G49: =+(G43*$D$46)-($D$44*$D$47)-($D$45*$D$48) -> -5.9929991 | H49: =+(H43*$D$46)-($D$44*$D$47)-($D$45*$D$48) -> -5.9782322 | I49: =+(I43*$D$46)-($D$44*$D$47)-($D$45*$D$48) -> -5.9633635 | J49: =+(J43*$D$46)-($D$44*$D$47)-($D$45*$D$48) -> -5.9483918 | K49: =+(K43*$D$46)-($D$44*$D$47)-($D$45*$D$48) -> -5.933316 | L49: =+(L43*$D$46)-($D$44*$D$47)-($D$45*$D$48) -> -5.9181351 | M49: =+(M43*$D$46)-($D$44*$D$47)-($D$45*$D$48) -> -5.902848 | ... AC49: =+(AC43*$D$46)-($D$44*$D$47)-($D$45*$D$48) -> -5.642843 | AD49: =SUM(F49:AC49) -> -139.92026
F50: =F49*F41 -> 0 | G50: =G49*G41 -> -9988.0499 | H50: =H49*H41 -> -40313.784 | I50: =I49*I41 -> -40672.401 | J50: =J49*J41 -> -41028.019 | K50: =K49*K41 -> -41380.607 | L50: =L49*L41 -> -41730.134 | M50: =M49*M41 -> -42076.568 | ... AC50: =AC49*AC41 -> -44705.439 | AD50: =SUM(F50:AC50) -> -954878
C51: Total time cost/savings | F51: =F50 -> 0 | G51: =G50 -> -9988.0499 | H51: =H50 -> -40313.784 | I51: =I50 -> -40672.401 | J51: =J50 -> -41028.019 | K51: =K50 -> -41380.607 | L51: =L50 -> -41730.134 | M51: =M50 -> -42076.568 | ... AC51: =AC50 -> -44705.439 | AD51: =SUM(F51:AC51) -> -954878
AD52: =SUM(F52:AC52) -> 0
C53: USER COST/SAVINGS | AD53: =SUM(F53:AC53) -> 0
C54: Auto costs/savings, $/trip | D54: ='Mode Operating Assumptions'!C33 -> 8.1905 | AD54: =SUM(F54:AC54) -> 0
C55: Transit costs, $/trip | D55: ='Mode Operating Assumptions'!C155 -> 2.1074073 | AD55: =SUM(F55:AC55) -> 0
C56: Ped costs/savings, $/trip | D56: 0.05 | AD56: =SUM(F56:AC56) -> 0
C57: User cost/savings, auto to transit+ped, $/trip | D57: =+D54-D55-D56 -> 6.0330927 | F57: =$D57*F41 -> 0 | G57: =$D57*G41 -> 10054.871 | H57: =$D57*H41 -> 40683.732 | I57: =$D57*I41 -> 41147.981 | J57: =$D57*J41 -> 41612.229 | K57: =$D57*K41 -> 42076.478 | L57: =$D57*L41 -> 42540.727 | M57: =$D57*M41 -> 43004.976 | ... AC57: =$D57*AC41 -> 47797.193 | AD57: =SUM(F57:AC57) -> 991252.34
C58: Total user cost/savings | F58: =F57 -> 0 | G58: =G57 -> 10054.871 | H58: =H57 -> 40683.732 | I58: =I57 -> 41147.981 | J58: =J57 -> 41612.229 | K58: =K57 -> 42076.478 | L58: =L57 -> 42540.727 | M58: =M57 -> 43004.976 | ... AC58: =AC57 -> 47797.193 | AD58: =SUM(F58:AC58) -> 991252.34
AD59: =SUM(F59:AC59) -> 0
B60: BICYCLE | AD60: =SUM(F60:AC60) -> 0
B61: Local | C61: Current User | AD61: =SUM(F61:AC61) -> 0
C62: TRAVEL TIME COST/SAVINGS | AD62: =SUM(F62:AC62) -> 0
C63: Travel time savings (seconds) | D63: =15/60 -> 0.25 | AD63: =SUM(F63:AC63) -> 0
C64: Value of time, bike, $/hour | D64: ='Price Assumptions'!$B$3 -> 13.91 | AD64: =SUM(F64:AC64) -> 0
C65: Total time cost/savings | F65: =($D$63/3600)*$D$64*F15 -> 0 | G65: =($D$63/3600)*$D$64*G15 -> 9.7407778 | H65: =($D$63/3600)*$D$64*H15 -> 39.412858 | I65: =($D$63/3600)*$D$64*I15 -> 39.862604 | J65: =($D$63/3600)*$D$64*J15 -> 40.312351 | K65: =($D$63/3600)*$D$64*K15 -> 40.762098 | L65: =($D$63/3600)*$D$64*L15 -> 41.211844 | M65: =($D$63/3600)*$D$64*M15 -> 41.661591 | ... AC65: =($D$63/3600)*$D$64*AC15 -> 46.30411 | AD65: =SUM(F65:AC65) -> 960.2877
AD66: =SUM(F66:AC66) -> 0
AD67: =SUM(F67:AC67) -> 0
B68: Commute | C68: Mode shift (auto to transit+bike) | F68: =F16 -> 0 | G68: =G16 -> 1008.3911 | H68: =H16 -> 4080.1233 | I68: =I16 -> 4126.6823 | J68: =J16 -> 4173.2412 | K68: =K16 -> 4219.8002 | L68: =L16 -> 4266.3592 | M68: =M16 -> 4312.9181 | ... AC68: =AC16 -> 4793.524 | AD68: =SUM(F68:AC68) -> 99411.524
C69: TRAVEL TIME COST/SAVINGS | AD69: =SUM(F69:AC69) -> 0
C70: travel time, auto | F70: =F43 -> 0.3910028 | G70: =G43 -> 0.39205715 | H70: =H43 -> 0.39311875 | I70: =I43 -> 0.39418767 | J70: =J43 -> 0.395264 | K70: =K43 -> 0.39634781 | L70: =L43 -> 0.39743917 | M70: =M43 -> 0.39853817 | ... AC70: =AC43 -> 0.41723012 | AD70: =SUM(F70:AC70) -> 9.6905878
C71: travel time, transit | D71: =D44 -> 0.38127572 | AD71: =SUM(F71:AC71) -> 0
C72: travel time, bike | D72: ='Mode Operating Assumptions'!C59 -> 0.1336 | AD72: =SUM(F72:AC72) -> 0
C73: Value of time, auto, $/hour | D73: =D46 -> 13.91 | AD73: =SUM(F73:AC73) -> 0
C74: Value of time, transit, $/hour | D74: =D47 -> 13.91 | AD74: =SUM(F74:AC74) -> 0
C75: Value of time, bike, $/hour | D75: ='Mode Operating Assumptions'!C103 -> 13.91 | AD75: =SUM(F75:AC75) -> 0
C76: Time cost/savings, auto to transit+bike, hours/day | F76: =+(F70*$D$73)-($D$71*$D$74)-($D$72*$D$75) -> -1.7230723 | G76: =+(G70*$D$73)-($D$71*$D$74)-($D$72*$D$75) -> -1.7084063 | H76: =+(H70*$D$73)-($D$71*$D$74)-($D$72*$D$75) -> -1.6936395 | I76: =+(I70*$D$73)-($D$71*$D$74)-($D$72*$D$75) -> -1.6787707 | J76: =+(J70*$D$73)-($D$71*$D$74)-($D$72*$D$75) -> -1.663799 | K76: =+(K70*$D$73)-($D$71*$D$74)-($D$72*$D$75) -> -1.6487232 | L76: =+(L70*$D$73)-($D$71*$D$74)-($D$72*$D$75) -> -1.6335424 | M76: =+(M70*$D$73)-($D$71*$D$74)-($D$72*$D$75) -> -1.6182553 | ... AC76: =+(AC70*$D$73)-($D$71*$D$74)-($D$72*$D$75) -> -1.3582502 | AD76: =SUM(F76:AC76) -> -37.090033
F77: =F76*F68 -> 0 | G77: =G76*G68 -> -1722.7417 | H77: =H76*H68 -> -6910.2579 | I77: =I76*I68 -> -6927.7534 | J77: =J76*J68 -> -6943.4346 | K77: =K76*K68 -> -6957.2827 | L77: =L76*L68 -> -6969.2784 | M77: =M76*M68 -> -6979.4024 | ... AC77: =AC76*AC68 -> -6510.805 | AD77: =SUM(F77:AC77) -> -151812.69
C78: Total time cost/savings | F78: =F77 -> 0 | G78: =G77 -> -1722.7417 | H78: =H77 -> -6910.2579 | I78: =I77 -> -6927.7534 | J78: =J77 -> -6943.4346 | K78: =K77 -> -6957.2827 | L78: =L77 -> -6969.2784 | M78: =M77 -> -6979.4024 | ... AC78: =AC77 -> -6510.805 | AD78: =SUM(F78:AC78) -> -151812.69
AD79: =SUM(F79:AC79) -> 0
C80: USER COST/SAVINGS | AD80: =SUM(F80:AC80) -> 0
C81: Auto costs, $/day | D81: =D54 -> 8.1905 | AD81: =SUM(F81:AC81) -> 0
C82: Transit costs, $/day | D82: =D55 -> 2.1074073 | AD82: =SUM(F82:AC82) -> 0
C83: Bicycle costs, $/day | D83: 0.1 | AD83: =SUM(F83:AC83) -> 0
C84: User cost/savings, auto to transit+bike, $/day | D84: =+D81-D82-D83 -> 5.9830927 | F84: =$D84*F68 -> 0 | G84: =$D84*G68 -> 6033.2974 | H84: =$D84*H68 -> 24411.756 | I84: =$D84*I68 -> 24690.323 | J84: =$D84*J68 -> 24968.889 | K84: =$D84*K68 -> 25247.456 | L84: =$D84*L68 -> 25526.022 | M84: =$D84*M68 -> 25804.589 | ... AC84: =$D84*AC68 -> 28680.098 | AD84: =SUM(F84:AC84) -> 594788.36
C85: Total user cost/savings | F85: =F84 -> 0 | G85: =G84 -> 6033.2974 | H85: =H84 -> 24411.756 | I85: =I84 -> 24690.323 | J85: =J84 -> 24968.889 | K85: =K84 -> 25247.456 | L85: =L84 -> 25526.022 | M85: =M84 -> 25804.589 | ... AC85: =AC84 -> 28680.098 | AD85: =SUM(F85:AC85) -> 594788.36
A86: LIVABILITY | AD86: =SUM(F86:AC86) -> 0
AD87: =SUM(F87:AC87) -> 0
C88: INCREASED ACCESS BENEFITS | AD88: =SUM(F88:AC88) -> 0
C89: Consumer Surplus | D89: 0.5 | AD89: =SUM(F89:AC89) -> 0
AD90: =SUM(F90:AC90) -> 0
B91: PEDESTRIAN | C91: Trips not taken before (none to transit+ped) | F91: =F12 -> 0 | G91: =G12 -> 833.30981 | H91: =H12 -> 3371.7144 | I91: =I12 -> 3410.1896 | J91: =J12 -> 3448.6648 | K91: =K12 -> 3487.14 | L91: =L12 -> 3525.6152 | M91: =M12 -> 3564.0904 | ... AC91: =AC12 -> 3961.2514 | AD91: =SUM(F91:AC91) -> 82151.26
C92: Time cost/savings, no trip taken to transit+ped, hours/day | F92: =$D$89*F49 -> -3.0038325 | G92: =$D$89*G49 -> -2.9964995 | H92: =$D$89*H49 -> -2.9891161 | I92: =$D$89*I49 -> -2.9816817 | J92: =$D$89*J49 -> -2.9741959 | K92: =$D$89*K49 -> -2.966658 | L92: =$D$89*L49 -> -2.9590676 | M92: =$D$89*M49 -> -2.951424 | ... AC92: =$D$89*AC49 -> -2.8214215 | AD92: =SUM(F92:AC92) -> -69.960129
C93: Total | F93: =F92*F91 -> 0 | G93: =G92*G91 -> -2497.0125 | H93: =H92*H91 -> -10078.446 | I93: =I92*I91 -> -10168.1 | J93: =J92*J91 -> -10257.005 | K93: =K92*K91 -> -10345.152 | L93: =L92*L91 -> -10432.534 | M93: =M92*M91 -> -10519.142 | ... AC93: =AC92*AC91 -> -11176.36 | AD93: =SUM(F93:AC93) -> -238719.5
C94: User cost/savings, no trip taken to transit+ped, $/trip | D94: =$D$89*(D57) -> 3.0165464 | F94: =$D94*F91 -> 0 | G94: =$D94*G91 -> 2513.7177 | H94: =$D94*H91 -> 10170.933 | I94: =$D94*I91 -> 10286.995 | J94: =$D94*J91 -> 10403.057 | K94: =$D94*K91 -> 10519.12 | L94: =$D94*L91 -> 10635.182 | M94: =$D94*M91 -> 10751.244 | ... AC94: =$D94*AC91 -> 11949.298 | AD94: =SUM(F94:AC94) -> 247813.08
AD95: =SUM(F95:AC95) -> 0
B96: BICYCLE | AD96: =SUM(F96:AC96) -> 0
C97: Trips not taken before (none to transit+bike) | F97: =F17 -> 0 | G97: =G17 -> 504.19554 | H97: =H17 -> 2040.0617 | I97: =I17 -> 2063.3411 | J97: =J17 -> 2086.6206 | K97: =K17 -> 2109.9001 | L97: =L17 -> 2133.1796 | M97: =M17 -> 2156.4591 | ... AC97: =AC17 -> 2396.762 | AD97: =SUM(F97:AC97) -> 49705.762
C98: Time cost/savings, no trip taken to transit+bike, hours/day | F98: =F76*$D$89 -> -0.86153615 | G98: =G76*$D$89 -> -0.85420316 | H98: =H76*$D$89 -> -0.84681974 | I98: =I76*$D$89 -> -0.83938536 | J98: =J76*$D$89 -> -0.8318995 | K98: =K76*$D$89 -> -0.82436162 | L98: =L76*$D$89 -> -0.81677118 | M98: =M76*$D$89 -> -0.80912763 | ... AC98: =AC76*$D$89 -> -0.67912511 | AD98: =SUM(F98:AC98) -> -18.545016
C99: Total | F99: =F98*F97 -> 0 | G99: =G98*G97 -> -430.68543 | H99: =H98*H97 -> -1727.5645 | I99: =I98*I97 -> -1731.9383 | J99: =J98*J97 -> -1735.8587 | K99: =K98*K97 -> -1739.3207 | L99: =L98*L97 -> -1742.3196 | M99: =M98*M97 -> -1744.8506 | ... AC99: =AC98*AC97 -> -1627.7012 | AD99: =SUM(F99:AC99) -> -37953.173
C100: User cost/savings, no trip taken to transit+bike, hours/day | D100: =D84 -> 5.9830927 | F100: =$D100*F97 -> 0 | G100: =$D100*G97 -> 3016.6487 | H100: =$D100*H97 -> 12205.878 | I100: =$D100*I97 -> 12345.161 | J100: =$D100*J97 -> 12484.445 | K100: =$D100*K97 -> 12623.728 | L100: =$D100*L97 -> 12763.011 | M100: =$D100*M97 -> 12902.295 | ... AC100: =$D100*AC97 -> 14340.049 | AD100: =SUM(F100:AC100) -> 297394.18
AD101: =SUM(F101:AC101) -> 0
C102: Total Accessibility Benefits | F102: =F93+F94+F99+F100 -> 0 | G102: =G93+G94+G99+G100 -> 2602.6685 | H102: =H93+H94+H99+H100 -> 10570.801 | I102: =I93+I94+I99+I100 -> 10732.118 | J102: =J93+J94+J99+J100 -> 10894.639 | K102: =K93+K94+K99+K100 -> 11058.375 | L102: =L93+L94+L99+L100 -> 11223.34 | M102: =M93+M94+M99+M100 -> 11389.546 | ... AC102: =AC93+AC94+AC99+AC100 -> 13485.287 | AD102: =SUM(F102:AC102) -> 268534.59
...

Sheet WH Users
A2: USERS and NON-USERS | C2: 2012 | D2: 2013 | E2: 2014 | F2: 2015 | G2: 2016 | H2: 2017 | I2: 2018 | J2: 2019 | K2: 2020 | L2: 2021 | M2: 2022 | N2: 2023 | O2: 2024 | P2: 2025 | Q2: 2026 | R2: 2027 | S2: 2028 | T2: 2029 | U2: 2030 | V2: 2031 | W2: 2032 | X2: 2033 | Y2: 2034 | Z2: 2035
